Workbook
Name _RA: Services!$B$16:$E$172
Name _RACol: Services!$B$14:$E$14
Name _RAG: Grants!$B$12:$E$74
Name _RAGCol: Grants!$B$9:$E$9
Name _RAM: #REF!
Name _RAMCol: #REF!
Name _RAS52: Education!$B$18:$O$39
Name _RAS52Col: Education!$B$16:$O$16
Name _tab1: Transfer!$B$1:$G$420
Name address: Details!$E$3:$L$34
Name authority: Details!$A$3:$C$35
Name cap_grant: Grants!$E$78:$E$175
Name CTax_sup: Details!$V$5:$X$26
Name Data: Details!$N$3:$S$34
Name EducCheck: Education!$D$18:$J$39
Name GList: Grants!$A$78:$E$175
Name grant: Grants!$D$78:$D$175
Name GrantCheck: Grants!$D$12:$E$74
Name Grants_Other: Grants!$B$78:$E$175
Name MainCheck: Services!$D$16:$E$169
Name number: Grants!$B$78:$B$175
Name TCheck: Details!#REF!
Name UANumber: Details!$C$1
Name ValRA: Services!$K$16:$AD$170
Name ValRAG: Grants!$G$12:$R$74
Name ValRAS52: Education!$Q$18:$AK$39
Name ValYOY: ValData!$B$3:$Q$218
Name VNum: FrontPage!$N$2
Name vtab: Transfer!$A$2:$G$420
Name Year: Details!$G$1

Sheet FrontPage
C2: =Text!G4&", "&Details!H1 -> Revenue Account Return, 2026-27 | M2: RA | N2: 1
E5: 2
D7: =Text!G5 -> Please select your authority and if necessary, amend any incorrect details
F9: 1
F11: =IF(UANumber=0,"",VLOOKUP(UANumber,address,3,FALSE))
F12: =IF(UANumber=0,"",VLOOKUP(UANumber,address,4,FALSE))
F13: =IF(UANumber=0,"",VLOOKUP(UANumber,address,5,FALSE))
F14: =IF(UANumber=0,"",VLOOKUP(UANumber,address,6,FALSE))
F15: =IF(UANumber=0,"",VLOOKUP(UANumber,address,7,FALSE))
F16: =IF(UANumber=0,"",VLOOKUP(UANumber,address,8,FALSE))
F19: =Text!G6&" " -> Name:
F21: =Text!G7&" " -> E-mail (please enter N/A if unavailable):
F23: =Text!G8&" " -> Telephone:
C26: =Text!G25 -> Information specified on this return must be submitted under section 139A of the 1988 Local Government Finance Act (as inserted by paragraph 68 of schedule 5 to the Local Government and Housing Act 1989)
C28: =Text!G10&" "&Details!B42 -> The latest date for return is 3 April 2026
D31: =Text!G12 -> It is a Welsh Government audit requirement that all cells are completed. Please ensure that all blank cells are populated with zeros, those that are not will be assumed to be zero.
D32: =Text!G11 -> Any queries on completion of the form or spreadsheet should be directed in the first instance, via telephone or e-mail, as directed below:
D35: =Text!G13 -> Local Government Financial Statistics Unit,
D36: =Text!G14 -> Welsh Government,
D37: =Text!G15 -> CP2,
D38: =Text!G16 -> Cathays Park,
D39: =Text!G17 -> CARDIFF,
D40: =Text!G18 -> CF10 3NQ.
C41: =Text!G19 -> E-mail: | F41: =Text!G20 -> lgfs.transfer@gov.wales
C42: =Text!G21 -> Telephone: | F42: Frank Kelly 0300 025 5673 / Jack Tennant 300 025 9221

Sheet Education
B2: ="RA (S52) "&FrontPage!C2 -> RA (S52) Revenue Account Return, 2026-27
A4: =Text!G27 -> Authority
A5: =Details!D1 -> Please select your authority | D5: =Text!G25 -> Information specified on this return must be submitted under section 139A of the 1988 Local Government Finance Act (as inserted by paragraph 68 of schedule 5 to the Local Government and Housing Act 1989) | H5: =Text!G26 -> Information recorded in respect of education services should include that budgeted to be funded by specific and special government grants but exclude that budgeted to be funded by other non-grant income. The grants themselves should be recorded in column 6.1 to 7
W9: =ValData!AP67 -> Default Tolerance Levels
W10: =ValData!AP53 -> Value | X10: 50
A11: =UANumber -> 0 | W11: ="% "&ValData!AP42 -> % tolerance: | X11: 0
B14: =Text!G31 -> Non-FRS17 | J14: =Text!G29 -> GRANTS (record as negative) | O14: =Text!G30 -> £ thousand | AD14: =X16 -> 202526 | AE14: =Y16 -> 202627 | AG14: =SUM(AG17:AG40) -> #N/A | AH14: =SUM(AH17:AH40) -> 0 | AI14: =SUM(AI17:AI40) -> 0
B15: RA | D15: =Text!G34 -> Nursery schools | E15: =Text!G35 -> Primary schools | F15: =Text!G36 -> Secondary schools | G15: =Text!G37 -> Special schools | H15: =Text!G38 -> Middle schools | I15: =Text!G39 -> Budget Estimates (at outturn prices) | J15: =Text!G40 -> Grants Nursery schools | K15: =Text!G41 -> Grants Primary schools | L15: =Text!G42 -> Grants Secondary schools | M15: =Text!G43 -> Grants Special schools | N15: =Text!G44 -> Grants Middle schools | O15: =Text!G45 -> Total Grants | W15: =ValData!AP47 -> YOY Figures | Z15: =ValData!AP52 -> Tolerance Levels | AB15: =ValData!AP41 -> difference | AF15: =ValData!AP32 -> type | AG15: =ValData!AP33 -> auto | AH15: =ValData!AP34 -> mark | AI15: =ValData!AP35 -> check | AJ15: =ValData!AP36 -> status
B16: =Text!G32 -> Line | C16: =Text!G33 -> Description | D16: 0.10 | E16: 1.00 | F16: 2.00 | G16: 3.00 | H16: 3.50 | I16: 4.00 | J16: 6.10 | K16: 6.20 | L16: 6.30 | M16: 6.40 | N16: 6.50 | O16: 7.00 | W16: =X16-101 -> 202425 | X16: =Y16-101 -> 202526 | Y16: =Year -> 202627 | Z16: =AB16 -> value | AA16: % | AB16: =ValData!AP31 -> value | AC16: % | AK16: =ValData!AP37 -> Your comments
B18: 1 | C18: =Text!G46 -> Individual School's budget and other funding devolved to schools | D18: 0 | E18: 0 | F18: 0 | G18: 0 | H18: 0 | I18: =SUM(D18:H18) -> 0 | J18: 0 | K18: 0 | L18: 0 | M18: 0 | N18: 0 | O18: =SUM(J18:N18) -> 0 | Q18: =B18 -> 1 | W18: =VLOOKUP("RAS52"&"_"&UANumber&"_"&$B18&"_"&4&"_"&W$16,ValData!$AE$4:$AL$13475,8,FALSE) -> #N/A | X18: =VLOOKUP("RAS52"&"_"&UANumber&"_"&$B18&"_"&4&"_"&X$16,ValData!$AE$4:$AL$13475,8,FALSE) -> #N/A | Y18: =I18 -> 0 | Z18: =IF(VLOOKUP("RAS52"&"_"&$B18,ValData!$AS$4:$AV$253,3,FALSE)<>"",VLOOKUP("RAS52"&"_"&$B18,ValData!$AS$4:$AV$253,3,FALSE),$X$10) -> 50 | AA18: =IF(VLOOKUP("RAS52"&"_"&$B18,ValData!$AS$4:$AV$253,4,FALSE)<>"",VLOOKUP("RAS52"&"_"&$B18,ValData!$AS$4:$AV$253,4,FALSE),$X$11) -> 0 | AB18: =Y18-X18 -> #N/A | AC18: =IF(OR(X18=0,Y18=0),0,AB18/X18*100) -> #N/A | AD18: =IF(X18=0,1,"") -> #N/A | AE18: =IF(Y18=0,1,"") -> 1 | AF18: =IF(SUM(AD18:AE18)=2,"",IF(AND(SUM(AD18:AE18)=1,ABS(ROUND(AB18,2))>Z18),9,IF(AND(ABS(ROUND(AB18,2))>Z18,ABS(ROUND(AC18,2))>AA18),3,IF(ABS(ROUND(AC18,2))>AA18,2,IF(ABS(ROUND(AB18,2))>Z18,1,""))))) -> #N/A | AG18: =IF(OR(AF18=3,AF18=9),1,"") -> #N/A | AI18: =IF(AJ18="C","",IF(AH18=1,1,""))
B19: 4 | C19: =Text!G47 -> Additional learning needs | D19: 0 | E19: 0 | F19: 0 | G19: 0 | H19: 0 | I19: =SUM(D19:H19) -> 0 | J19: 0 | K19: 0 | L19: 0 | M19: 0 | N19: 0 | O19: =SUM(J19:N19) -> 0 | Q19: =B19 -> 4 | W19: =VLOOKUP("RAS52"&"_"&UANumber&"_"&$B19&"_"&4&"_"&W$16,ValData!$AE$4:$AL$13475,8,FALSE) -> #N/A | X19: =VLOOKUP("RAS52"&"_"&UANumber&"_"&$B19&"_"&4&"_"&X$16,ValData!$AE$4:$AL$13475,8,FALSE) -> #N/A | Y19: =I19 -> 0 | Z19: =IF(VLOOKUP("RAS52"&"_"&$B19,ValData!$AS$4:$AV$253,3,FALSE)<>"",VLOOKUP("RAS52"&"_"&$B19,ValData!$AS$4:$AV$253,3,FALSE),$X$10) -> 700 | AA19: =IF(VLOOKUP("RAS52"&"_"&$B19,ValData!$AS$4:$AV$253,4,FALSE)<>"",VLOOKUP("RAS52"&"_"&$B19,ValData!$AS$4:$AV$253,4,FALSE),$X$11) -> 0 | AB19: =Y19-X19 -> #N/A | AC19: =IF(OR(X19=0,Y19=0),0,AB19/X19*100) -> #N/A | AD19: =IF(X19=0,1,"") -> #N/A | AE19: =IF(Y19=0,1,"") -> 1 | AF19: =IF(SUM(AD19:AE19)=2,"",IF(AND(SUM(AD19:AE19)=1,ABS(ROUND(AB19,2))>Z19),9,IF(AND(ABS(ROUND(AB19,2))>Z19,ABS(ROUND(AC19,2))>AA19),3,IF(ABS(ROUND(AC19,2))>AA19,2,IF(ABS(ROUND(AB19,2))>Z19,1,""))))) -> #N/A | AG19: =IF(OR(AF19=3,AF19=9),1,"") -> #N/A | AI19: =IF(AJ19="C","",IF(AH19=1,1,""))
B20: 4.1 | C20: =Text!G48 -> Inter authority recoupment | D20: 0 | E20: 0 | F20: 0 | G20: 0 | H20: 0 | I20: =SUM(D20:H20) -> 0 | J20: 0 | K20: 0 | L20: 0 | M20: 0 | N20: 0 | O20: =SUM(J20:N20) -> 0 | Q20: =B20 -> 4.1 | W20: =VLOOKUP("RAS52"&"_"&UANumber&"_"&$B20&"_"&4&"_"&W$16,ValData!$AE$4:$AL$13475,8,FALSE) -> #N/A | X20: =VLOOKUP("RAS52"&"_"&UANumber&"_"&$B20&"_"&4&"_"&X$16,ValData!$AE$4:$AL$13475,8,FALSE) -> #N/A | Y20: =I20 -> 0 | Z20: =IF(VLOOKUP("RAS52"&"_"&$B20,ValData!$AS$4:$AV$253,3,FALSE)<>"",VLOOKUP("RAS52"&"_"&$B20,ValData!$AS$4:$AV$253,3,FALSE),$X$10) -> 900 | AA20: =IF(VLOOKUP("RAS52"&"_"&$B20,ValData!$AS$4:$AV$253,4,FALSE)<>"",VLOOKUP("RAS52"&"_"&$B20,ValData!$AS$4:$AV$253,4,FALSE),$X$11) -> 0 | AB20: =Y20-X20 -> #N/A | AC20: =IF(OR(X20=0,Y20=0),0,AB20/X20*100) -> #N/A | AD20: =IF(X20=0,1,"") -> #N/A | AE20: =IF(Y20=0,1,"") -> 1 | AF20: =IF(SUM(AD20:AE20)=2,"",IF(AND(SUM(AD20:AE20)=1,ABS(ROUND(AB20,2))>Z20),9,IF(AND(ABS(ROUND(AB20,2))>Z20,ABS(ROUND(AC20,2))>AA20),3,IF(ABS(ROUND(AC20,2))>AA20,2,IF(ABS(ROUND(AB20,2))>Z20,1,""))))) -> #N/A | AG20: =IF(OR(AF20=3,AF20=9),1,"") -> #N/A | AI20: =IF(AJ20="C","",IF(AH20=1,1,""))
B21: 5 | C21: =Text!G49 -> Staff | D21: 0 | E21: 0 | F21: 0 | G21: 0 | H21: 0 | I21: =SUM(D21:H21) -> 0 | J21: 0 | K21: 0 | L21: 0 | M21: 0 | N21: 0 | O21: =SUM(J21:N21) -> 0 | Q21: =B21 -> 5 | W21: =VLOOKUP("RAS52"&"_"&UANumber&"_"&$B21&"_"&4&"_"&W$16,ValData!$AE$4:$AL$13475,8,FALSE) -> #N/A | X21: =VLOOKUP("RAS52"&"_"&UANumber&"_"&$B21&"_"&4&"_"&X$16,ValData!$AE$4:$AL$13475,8,FALSE) -> #N/A | Y21: =I21 -> 0 | Z21: =IF(VLOOKUP("RAS52"&"_"&$B21,ValData!$AS$4:$AV$253,3,FALSE)<>"",VLOOKUP("RAS52"&"_"&$B21,ValData!$AS$4:$AV$253,3,FALSE),$X$10) -> 50 | AA21: =IF(VLOOKUP("RAS52"&"_"&$B21,ValData!$AS$4:$AV$253,4,FALSE)<>"",VLOOKUP("RAS52"&"_"&$B21,ValData!$AS$4:$AV$253,4,FALSE),$X$11) -> 0 | AB21: =Y21-X21 -> #N/A | AC21: =IF(OR(X21=0,Y21=0),0,AB21/X21*100) -> #N/A | AD21: =IF(X21=0,1,"") -> #N/A | AE21: =IF(Y21=0,1,"") -> 1 | AF21: =IF(SUM(AD21:AE21)=2,"",IF(AND(SUM(AD21:AE21)=1,ABS(ROUND(AB21,2))>Z21),9,IF(AND(ABS(ROUND(AB21,2))>Z21,ABS(ROUND(AC21,2))>AA21),3,IF(ABS(ROUND(AC21,2))>AA21,2,IF(ABS(ROUND(AB21,2))>Z21,1,""))))) -> #N/A | AG21: =IF(OR(AF21=3,AF21=9),1,"") -> #N/A | AI21: =IF(AJ21="C","",IF(AH21=1,1,""))
B22: 6 | C22: =Text!G50 -> Other Schools budget | D22: 0 | E22: 0 | F22: 0 | G22: 0 | H22: 0 | I22: =SUM(D22:H22) -> 0 | J22: 0 | K22: 0 | L22: 0 | M22: 0 | N22: 0 | O22: =SUM(J22:N22) -> 0 | Q22: =B22 -> 6 | W22: =VLOOKUP("RAS52"&"_"&UANumber&"_"&$B22&"_"&4&"_"&W$16,ValData!$AE$4:$AL$13475,8,FALSE) -> #N/A | X22: =VLOOKUP("RAS52"&"_"&UANumber&"_"&$B22&"_"&4&"_"&X$16,ValData!$AE$4:$AL$13475,8,FALSE) -> #N/A | Y22: =I22 -> 0 | Z22: =IF(VLOOKUP("RAS52"&"_"&$B22,ValData!$AS$4:$AV$253,3,FALSE)<>"",VLOOKUP("RAS52"&"_"&$B22,ValData!$AS$4:$AV$253,3,FALSE),$X$10) -> 50 | AA22: =IF(VLOOKUP("RAS52"&"_"&$B22,ValData!$AS$4:$AV$253,4,FALSE)<>"",VLOOKUP("RAS52"&"_"&$B22,ValData!$AS$4:$AV$253,4,FALSE),$X$11) -> 0 | AB22: =Y22-X22 -> #N/A | AC22: =IF(OR(X22=0,Y22=0),0,AB22/X22*100) -> #N/A | AD22: =IF(X22=0,1,"") -> #N/A | AE22: =IF(Y22=0,1,"") -> 1 | AF22: =IF(SUM(AD22:AE22)=2,"",IF(AND(SUM(AD22:AE22)=1,ABS(ROUND(AB22,2))>Z22),9,IF(AND(ABS(ROUND(AB22,2))>Z22,ABS(ROUND(AC22,2))>AA22),3,IF(ABS(ROUND(AC22,2))>AA22,2,IF(ABS(ROUND(AB22,2))>Z22,1,""))))) -> #N/A | AG22: =IF(OR(AF22=3,AF22=9),1,"") -> #N/A | AI22: =IF(AJ22="C","",IF(AH22=1,1,""))
B23: 6.1 | C23: =Text!G51 -> Capital expenditure charged to revenue account | D23: 0 | E23: 0 | F23: 0 | G23: 0 | H23: 0 | I23: =SUM(D23:H23) -> 0 | J23: 0 | K23: 0 | L23: 0 | M23: 0 | N23: 0 | O23: =SUM(J23:N23) -> 0 | Q23: =B23 -> 6.1 | W23: =VLOOKUP("RAS52"&"_"&UANumber&"_"&$B23&"_"&4&"_"&W$16,ValData!$AE$4:$AL$13475,8,FALSE) -> #N/A | X23: =VLOOKUP("RAS52"&"_"&UANumber&"_"&$B23&"_"&4&"_"&X$16,ValData!$AE$4:$AL$13475,8,FALSE) -> #N/A | Y23: =I23 -> 0 | Z23: =IF(VLOOKUP("RAS52"&"_"&$B23,ValData!$AS$4:$AV$253,3,FALSE)<>"",VLOOKUP("RAS52"&"_"&$B23,ValData!$AS$4:$AV$253,3,FALSE),$X$10) -> 50 | AA23: =IF(VLOOKUP("RAS52"&"_"&$B23,ValData!$AS$4:$AV$253,4,FALSE)<>"",VLOOKUP("RAS52"&"_"&$B23,ValData!$AS$4:$AV$253,4,FALSE),$X$11) -> 0 | AB23: =Y23-X23 -> #N/A | AC23: =IF(OR(X23=0,Y23=0),0,AB23/X23*100) -> #N/A | AD23: =IF(X23=0,1,"") -> #N/A | AE23: =IF(Y23=0,1,"") -> 1 | AF23: =IF(SUM(AD23:AE23)=2,"",IF(AND(SUM(AD23:AE23)=1,ABS(ROUND(AB23,2))>Z23),9,IF(AND(ABS(ROUND(AB23,2))>Z23,ABS(ROUND(AC23,2))>AA23),3,IF(ABS(ROUND(AC23,2))>AA23,2,IF(ABS(ROUND(AB23,2))>Z23,1,""))))) -> #N/A | AG23: =IF(OR(AF23=3,AF23=9),1,"") -> #N/A | AI23: =IF(AJ23="C","",IF(AH23=1,1,""))
B24: 7 | C24: =Text!G52 -> Schools budget (lines 1 to 6.1) | D24: =SUM(D18:D23) -> 0 | E24: =SUM(E18:E23) -> 0 | F24: =SUM(F18:F23) -> 0 | G24: =SUM(G18:G23) -> 0 | H24: =SUM(H18:H23) -> 0 | I24: =SUM(D24:H24) -> 0 | J24: =SUM(J18:J23) -> 0 | K24: =SUM(K18:K23) -> 0 | L24: =SUM(L18:L23) -> 0 | M24: =SUM(M18:M23) -> 0 | N24: =SUM(N18:N23) -> 0 | O24: =SUM(J24:N24) -> 0 | Q24: =B24 -> 7 | W24: =VLOOKUP("RAS52"&"_"&UANumber&"_"&$B24&"_"&4&"_"&W$16,ValData!$AE$4:$AL$13475,8,FALSE) -> #N/A | X24: =VLOOKUP("RAS52"&"_"&UANumber&"_"&$B24&"_"&4&"_"&X$16,ValData!$AE$4:$AL$13475,8,FALSE) -> #N/A | Y24: =I24 -> 0 | Z24: =IF(VLOOKUP("RAS52"&"_"&$B24,ValData!$AS$4:$AV$253,3,FALSE)<>"",VLOOKUP("RAS52"&"_"&$B24,ValData!$AS$4:$AV$253,3,FALSE),$X$10) -> 50 | AA24: =IF(VLOOKUP("RAS52"&"_"&$B24,ValData!$AS$4:$AV$253,4,FALSE)<>"",VLOOKUP("RAS52"&"_"&$B24,ValData!$AS$4:$AV$253,4,FALSE),$X$11) -> 0 | AB24: =Y24-X24 -> #N/A | AC24: =IF(OR(X24=0,Y24=0),0,AB24/X24*100) -> #N/A | AD24: =IF(X24=0,1,"") -> #N/A | AE24: =IF(Y24=0,1,"") -> 1 | AF24: =IF(SUM(AD24:AE24)=2,"",IF(AND(SUM(AD24:AE24)=1,ABS(ROUND(AB24,2))>Z24),9,IF(AND(ABS(ROUND(AB24,2))>Z24,ABS(ROUND(AC24,2))>AA24),3,IF(ABS(ROUND(AC24,2))>AA24,2,IF(ABS(ROUND(AB24,2))>Z24,1,""))))) -> #N/A | AG24: =IF(OR(AF24=3,AF24=9),1,"") -> #N/A | AI24: =IF(AJ24="C","",IF(AH24=1,1,""))
B25: 8 | C25: =Text!G53 -> Additional learning needs | I25: 0 | O25: 0 | Q25: =B25 -> 8 | W25: =VLOOKUP("RAS52"&"_"&UANumber&"_"&$B25&"_"&4&"_"&W$16,ValData!$AE$4:$AL$13475,8,FALSE) -> #N/A | X25: =VLOOKUP("RAS52"&"_"&UANumber&"_"&$B25&"_"&4&"_"&X$16,ValData!$AE$4:$AL$13475,8,FALSE) -> #N/A | Y25: =I25 -> 0 | Z25: =IF(VLOOKUP("RAS52"&"_"&$B25,ValData!$AS$4:$AV$253,3,FALSE)<>"",VLOOKUP("RAS52"&"_"&$B25,ValData!$AS$4:$AV$253,3,FALSE),$X$10) -> 50 | AA25: =IF(VLOOKUP("RAS52"&"_"&$B25,ValData!$AS$4:$AV$253,4,FALSE)<>"",VLOOKUP("RAS52"&"_"&$B25,ValData!$AS$4:$AV$253,4,FALSE),$X$11) -> 0 | AB25: =Y25-X25 -> #N/A | AC25: =IF(OR(X25=0,Y25=0),0,AB25/X25*100) -> #N/A | AD25: =IF(X25=0,1,"") -> #N/A | AE25: =IF(Y25=0,1,"") -> 1 | AF25: =IF(SUM(AD25:AE25)=2,"",IF(AND(SUM(AD25:AE25)=1,ABS(ROUND(AB25,2))>Z25),9,IF(AND(ABS(ROUND(AB25,2))>Z25,ABS(ROUND(AC25,2))>AA25),3,IF(ABS(ROUND(AC25,2))>AA25,2,IF(ABS(ROUND(AB25,2))>Z25,1,""))))) -> #N/A | AG25: =IF(OR(AF25=3,AF25=9),1,"") -> #N/A | AI25: =IF(AJ25="C","",IF(AH25=1,1,""))
B26: 9 | C26: =Text!G54 -> School improvement | I26: 0 | O26: 0 | Q26: =B26 -> 9 | W26: =VLOOKUP("RAS52"&"_"&UANumber&"_"&$B26&"_"&4&"_"&W$16,ValData!$AE$4:$AL$13475,8,FALSE) -> #N/A | X26: =VLOOKUP("RAS52"&"_"&UANumber&"_"&$B26&"_"&4&"_"&X$16,ValData!$AE$4:$AL$13475,8,FALSE) -> #N/A | Y26: =I26 -> 0 | Z26: =IF(VLOOKUP("RAS52"&"_"&$B26,ValData!$AS$4:$AV$253,3,FALSE)<>"",VLOOKUP("RAS52"&"_"&$B26,ValData!$AS$4:$AV$253,3,FALSE),$X$10) -> 500 | AA26: =IF(VLOOKUP("RAS52"&"_"&$B26,ValData!$AS$4:$AV$253,4,FALSE)<>"",VLOOKUP("RAS52"&"_"&$B26,ValData!$AS$4:$AV$253,4,FALSE),$X$11) -> 0 | AB26: =Y26-X26 -> #N/A | AC26: =IF(OR(X26=0,Y26=0),0,AB26/X26*100) -> #N/A | AD26: =IF(X26=0,1,"") -> #N/A | AE26: =IF(Y26=0,1,"") -> 1 | AF26: =IF(SUM(AD26:AE26)=2,"",IF(AND(SUM(AD26:AE26)=1,ABS(ROUND(AB26,2))>Z26),9,IF(AND(ABS(ROUND(AB26,2))>Z26,ABS(ROUND(AC26,2))>AA26),3,IF(ABS(ROUND(AC26,2))>AA26,2,IF(ABS(ROUND(AB26,2))>Z26,1,""))))) -> #N/A | AG26: =IF(OR(AF26=3,AF26=9),1,"") -> #N/A | AI26: =IF(AJ26="C","",IF(AH26=1,1,""))
B27: 10.1 | C27: =Text!G55 -> Access to education (excluding transport) - schools | I27: 0 | O27: 0 | Q27: =B27 -> 10.1 | W27: =VLOOKUP("RAS52"&"_"&UANumber&"_"&$B27&"_"&4&"_"&W$16,ValData!$AE$4:$AL$13475,8,FALSE) -> #N/A | X27: =VLOOKUP("RAS52"&"_"&UANumber&"_"&$B27&"_"&4&"_"&X$16,ValData!$AE$4:$AL$13475,8,FALSE) -> #N/A | Y27: =I27 -> 0 | Z27: =IF(VLOOKUP("RAS52"&"_"&$B27,ValData!$AS$4:$AV$253,3,FALSE)<>"",VLOOKUP("RAS52"&"_"&$B27,ValData!$AS$4:$AV$253,3,FALSE),$X$10) -> 400 | AA27: =IF(VLOOKUP("RAS52"&"_"&$B27,ValData!$AS$4:$AV$253,4,FALSE)<>"",VLOOKUP("RAS52"&"_"&$B27,ValData!$AS$4:$AV$253,4,FALSE),$X$11) -> 0 | AB27: =Y27-X27 -> #N/A | AC27: =IF(OR(X27=0,Y27=0),0,AB27/X27*100) -> #N/A | AD27: =IF(X27=0,1,"") -> #N/A | AE27: =IF(Y27=0,1,"") -> 1 | AF27: =IF(SUM(AD27:AE27)=2,"",IF(AND(SUM(AD27:AE27)=1,ABS(ROUND(AB27,2))>Z27),9,IF(AND(ABS(ROUND(AB27,2))>Z27,ABS(ROUND(AC27,2))>AA27),3,IF(ABS(ROUND(AC27,2))>AA27,2,IF(ABS(ROUND(AB27,2))>Z27,1,""))))) -> #N/A | AG27: =IF(OR(AF27=3,AF27=9),1,"") -> #N/A | AI27: =IF(AJ27="C","",IF(AH27=1,1,""))
B28: 10.2 | C28: =Text!G56 -> Access to education (excluding transport) - non-school | I28: 0 | O28: 0 | Q28: =B28 -> 10.2 | W28: =VLOOKUP("RAS52"&"_"&UANumber&"_"&$B28&"_"&4&"_"&W$16,ValData!$AE$4:$AL$13475,8,FALSE) -> #N/A | X28: =VLOOKUP("RAS52"&"_"&UANumber&"_"&$B28&"_"&4&"_"&X$16,ValData!$AE$4:$AL$13475,8,FALSE) -> #N/A | Y28: =I28 -> 0 | Z28: =IF(VLOOKUP("RAS52"&"_"&$B28,ValData!$AS$4:$AV$253,3,FALSE)<>"",VLOOKUP("RAS52"&"_"&$B28,ValData!$AS$4:$AV$253,3,FALSE),$X$10) -> 400 | AA28: =IF(VLOOKUP("RAS52"&"_"&$B28,ValData!$AS$4:$AV$253,4,FALSE)<>"",VLOOKUP("RAS52"&"_"&$B28,ValData!$AS$4:$AV$253,4,FALSE),$X$11) -> 0 | AB28: =Y28-X28 -> #N/A | AC28: =IF(OR(X28=0,Y28=0),0,AB28/X28*100) -> #N/A | AD28: =IF(X28=0,1,"") -> #N/A | AE28: =IF(Y28=0,1,"") -> 1 | AF28: =IF(SUM(AD28:AE28)=2,"",IF(AND(SUM(AD28:AE28)=1,ABS(ROUND(AB28,2))>Z28),9,IF(AND(ABS(ROUND(AB28,2))>Z28,ABS(ROUND(AC28,2))>AA28),3,IF(ABS(ROUND(AC28,2))>AA28,2,IF(ABS(ROUND(AB28,2))>Z28,1,""))))) -> #N/A | AG28: =IF(OR(AF28=3,AF28=9),1,"") -> #N/A | AI28: =IF(AJ28="C","",IF(AH28=1,1,""))
B29: 11 | C29: =Text!G57 -> Home to school transport | I29: 0 | O29: 0 | Q29: =B29 -> 11 | W29: =VLOOKUP("RAS52"&"_"&UANumber&"_"&$B29&"_"&4&"_"&W$16,ValData!$AE$4:$AL$13475,8,FALSE) -> #N/A | X29: =VLOOKUP("RAS52"&"_"&UANumber&"_"&$B29&"_"&4&"_"&X$16,ValData!$AE$4:$AL$13475,8,FALSE) -> #N/A | Y29: =I29 -> 0 | Z29: =IF(VLOOKUP("RAS52"&"_"&$B29,ValData!$AS$4:$AV$253,3,FALSE)<>"",VLOOKUP("RAS52"&"_"&$B29,ValData!$AS$4:$AV$253,3,FALSE),$X$10) -> 300 | AA29: =IF(VLOOKUP("RAS52"&"_"&$B29,ValData!$AS$4:$AV$253,4,FALSE)<>"",VLOOKUP("RAS52"&"_"&$B29,ValData!$AS$4:$AV$253,4,FALSE),$X$11) -> 0 | AB29: =Y29-X29 -> #N/A | AC29: =IF(OR(X29=0,Y29=0),0,AB29/X29*100) -> #N/A | AD29: =IF(X29=0,1,"") -> #N/A | AE29: =IF(Y29=0,1,"") -> 1 | AF29: =IF(SUM(AD29:AE29)=2,"",IF(AND(SUM(AD29:AE29)=1,ABS(ROUND(AB29,2))>Z29),9,IF(AND(ABS(ROUND(AB29,2))>Z29,ABS(ROUND(AC29,2))>AA29),3,IF(ABS(ROUND(AC29,2))>AA29,2,IF(ABS(ROUND(AB29,2))>Z29,1,""))))) -> #N/A | AG29: =IF(OR(AF29=3,AF29=9),1,"") -> #N/A | AI29: =IF(AJ29="C","",IF(AH29=1,1,""))
B30: 12 | C30: =Text!G58 -> Home to college transport | I30: 0 | O30: 0 | Q30: =B30 -> 12 | W30: =VLOOKUP("RAS52"&"_"&UANumber&"_"&$B30&"_"&4&"_"&W$16,ValData!$AE$4:$AL$13475,8,FALSE) -> #N/A | X30: =VLOOKUP("RAS52"&"_"&UANumber&"_"&$B30&"_"&4&"_"&X$16,ValData!$AE$4:$AL$13475,8,FALSE) -> #N/A | Y30: =I30 -> 0 | Z30: =IF(VLOOKUP("RAS52"&"_"&$B30,ValData!$AS$4:$AV$253,3,FALSE)<>"",VLOOKUP("RAS52"&"_"&$B30,ValData!$AS$4:$AV$253,3,FALSE),$X$10) -> 150 | AA30: =IF(VLOOKUP("RAS52"&"_"&$B30,ValData!$AS$4:$AV$253,4,FALSE)<>"",VLOOKUP("RAS52"&"_"&$B30,ValData!$AS$4:$AV$253,4,FALSE),$X$11) -> 0 | AB30: =Y30-X30 -> #N/A | AC30: =IF(OR(X30=0,Y30=0),0,AB30/X30*100) -> #N/A | AD30: =IF(X30=0,1,"") -> #N/A | AE30: =IF(Y30=0,1,"") -> 1 | AF30: =IF(SUM(AD30:AE30)=2,"",IF(AND(SUM(AD30:AE30)=1,ABS(ROUND(AB30,2))>Z30),9,IF(AND(ABS(ROUND(AB30,2))>Z30,ABS(ROUND(AC30,2))>AA30),3,IF(ABS(ROUND(AC30,2))>AA30,2,IF(ABS(ROUND(AB30,2))>Z30,1,""))))) -> #N/A | AG30: =IF(OR(AF30=3,AF30=9),1,"") -> #N/A | AI30: =IF(AJ30="C","",IF(AH30=1,1,""))
B31: 13.1 | C31: =Text!G59 -> Further education and training for young persons and adults (excluding Youth Service) | I31: 0 | O31: 0 | Q31: =B31 -> 13.1 | W31: =VLOOKUP("RAS52"&"_"&UANumber&"_"&$B31&"_"&4&"_"&W$16,ValData!$AE$4:$AL$13475,8,FALSE) -> #N/A | X31: =VLOOKUP("RAS52"&"_"&UANumber&"_"&$B31&"_"&4&"_"&X$16,ValData!$AE$4:$AL$13475,8,FALSE) -> #N/A | Y31: =I31 -> 0 | Z31: =IF(VLOOKUP("RAS52"&"_"&$B31,ValData!$AS$4:$AV$253,3,FALSE)<>"",VLOOKUP("RAS52"&"_"&$B31,ValData!$AS$4:$AV$253,3,FALSE),$X$10) -> 500 | AA31: =IF(VLOOKUP("RAS52"&"_"&$B31,ValData!$AS$4:$AV$253,4,FALSE)<>"",VLOOKUP("RAS52"&"_"&$B31,ValData!$AS$4:$AV$253,4,FALSE),$X$11) -> 0 | AB31: =Y31-X31 -> #N/A | AC31: =IF(OR(X31=0,Y31=0),0,AB31/X31*100) -> #N/A | AD31: =IF(X31=0,1,"") -> #N/A | AE31: =IF(Y31=0,1,"") -> 1 | AF31: =IF(SUM(AD31:AE31)=2,"",IF(AND(SUM(AD31:AE31)=1,ABS(ROUND(AB31,2))>Z31),9,IF(AND(ABS(ROUND(AB31,2))>Z31,ABS(ROUND(AC31,2))>AA31),3,IF(ABS(ROUND(AC31,2))>AA31,2,IF(ABS(ROUND(AB31,2))>Z31,1,""))))) -> #N/A | AG31: =IF(OR(AF31=3,AF31=9),1,"") -> #N/A | AI31: =IF(AJ31="C","",IF(AH31=1,1,""))
B32: 13.2 | C32: =Text!G60 -> Youth service | I32: 0 | O32: 0 | Q32: =B32 -> 13.2 | W32: =VLOOKUP("RAS52"&"_"&UANumber&"_"&$B32&"_"&4&"_"&W$16,ValData!$AE$4:$AL$13475,8,FALSE) -> #N/A | X32: =VLOOKUP("RAS52"&"_"&UANumber&"_"&$B32&"_"&4&"_"&X$16,ValData!$AE$4:$AL$13475,8,FALSE) -> #N/A | Y32: =I32 -> 0 | Z32: =IF(VLOOKUP("RAS52"&"_"&$B32,ValData!$AS$4:$AV$253,3,FALSE)<>"",VLOOKUP("RAS52"&"_"&$B32,ValData!$AS$4:$AV$253,3,FALSE),$X$10) -> 500 | AA32: =IF(VLOOKUP("RAS52"&"_"&$B32,ValData!$AS$4:$AV$253,4,FALSE)<>"",VLOOKUP("RAS52"&"_"&$B32,ValData!$AS$4:$AV$253,4,FALSE),$X$11) -> 0 | AB32: =Y32-X32 -> #N/A | AC32: =IF(OR(X32=0,Y32=0),0,AB32/X32*100) -> #N/A | AD32: =IF(X32=0,1,"") -> #N/A | AE32: =IF(Y32=0,1,"") -> 1 | AF32: =IF(SUM(AD32:AE32)=2,"",IF(AND(SUM(AD32:AE32)=1,ABS(ROUND(AB32,2))>Z32),9,IF(AND(ABS(ROUND(AB32,2))>Z32,ABS(ROUND(AC32,2))>AA32),3,IF(ABS(ROUND(AC32,2))>AA32,2,IF(ABS(ROUND(AB32,2))>Z32,1,""))))) -> #N/A | AG32: =IF(OR(AF32=3,AF32=9),1,"") -> #N/A | AI32: =IF(AJ32="C","",IF(AH32=1,1,""))
B33: 14.1 | C33: =Text!G61 -> Strategic management - schools | I33: 0 | O33: 0 | Q33: =B33 -> 14.1 | W33: =VLOOKUP("RAS52"&"_"&UANumber&"_"&$B33&"_"&4&"_"&W$16,ValData!$AE$4:$AL$13475,8,FALSE) -> #N/A | X33: =VLOOKUP("RAS52"&"_"&UANumber&"_"&$B33&"_"&4&"_"&X$16,ValData!$AE$4:$AL$13475,8,FALSE) -> #N/A | Y33: =I33 -> 0 | Z33: =IF(VLOOKUP("RAS52"&"_"&$B33,ValData!$AS$4:$AV$253,3,FALSE)<>"",VLOOKUP("RAS52"&"_"&$B33,ValData!$AS$4:$AV$253,3,FALSE),$X$10) -> 500 | AA33: =IF(VLOOKUP("RAS52"&"_"&$B33,ValData!$AS$4:$AV$253,4,FALSE)<>"",VLOOKUP("RAS52"&"_"&$B33,ValData!$AS$4:$AV$253,4,FALSE),$X$11) -> 0 | AB33: =Y33-X33 -> #N/A | AC33: =IF(OR(X33=0,Y33=0),0,AB33/X33*100) -> #N/A | AD33: =IF(X33=0,1,"") -> #N/A | AE33: =IF(Y33=0,1,"") -> 1 | AF33: =IF(SUM(AD33:AE33)=2,"",IF(AND(SUM(AD33:AE33)=1,ABS(ROUND(AB33,2))>Z33),9,IF(AND(ABS(ROUND(AB33,2))>Z33,ABS(ROUND(AC33,2))>AA33),3,IF(ABS(ROUND(AC33,2))>AA33,2,IF(ABS(ROUND(AB33,2))>Z33,1,""))))) -> #N/A | AG33: =IF(OR(AF33=3,AF33=9),1,"") -> #N/A | AI33: =IF(AJ33="C","",IF(AH33=1,1,""))
B34: 14.2 | C34: =Text!G62 -> Strategic management - non-school | I34: 0 | O34: 0 | Q34: =B34 -> 14.2 | W34: =VLOOKUP("RAS52"&"_"&UANumber&"_"&$B34&"_"&4&"_"&W$16,ValData!$AE$4:$AL$13475,8,FALSE) -> #N/A | X34: =VLOOKUP("RAS52"&"_"&UANumber&"_"&$B34&"_"&4&"_"&X$16,ValData!$AE$4:$AL$13475,8,FALSE) -> #N/A | Y34: =I34 -> 0 | Z34: =IF(VLOOKUP("RAS52"&"_"&$B34,ValData!$AS$4:$AV$253,3,FALSE)<>"",VLOOKUP("RAS52"&"_"&$B34,ValData!$AS$4:$AV$253,3,FALSE),$X$10) -> 300 | AA34: =IF(VLOOKUP("RAS52"&"_"&$B34,ValData!$AS$4:$AV$253,4,FALSE)<>"",VLOOKUP("RAS52"&"_"&$B34,ValData!$AS$4:$AV$253,4,FALSE),$X$11) -> 0 | AB34: =Y34-X34 -> #N/A | AC34: =IF(OR(X34=0,Y34=0),0,AB34/X34*100) -> #N/A | AD34: =IF(X34=0,1,"") -> #N/A | AE34: =IF(Y34=0,1,"") -> 1 | AF34: =IF(SUM(AD34:AE34)=2,"",IF(AND(SUM(AD34:AE34)=1,ABS(ROUND(AB34,2))>Z34),9,IF(AND(ABS(ROUND(AB34,2))>Z34,ABS(ROUND(AC34,2))>AA34),3,IF(ABS(ROUND(AC34,2))>AA34,2,IF(ABS(ROUND(AB34,2))>Z34,1,""))))) -> #N/A | AG34: =IF(OR(AF34=3,AF34=9),1,"") -> #N/A | AI34: =IF(AJ34="C","",IF(AH34=1,1,""))
B35: 15.1 | C35: =Text!G63 -> Other LEA budget - schools | I35: 0 | O35: 0 | Q35: =B35 -> 15.1 | W35: =VLOOKUP("RAS52"&"_"&UANumber&"_"&$B35&"_"&4&"_"&W$16,ValData!$AE$4:$AL$13475,8,FALSE) -> #N/A | X35: =VLOOKUP("RAS52"&"_"&UANumber&"_"&$B35&"_"&4&"_"&X$16,ValData!$AE$4:$AL$13475,8,FALSE) -> #N/A | Y35: =I35 -> 0 | Z35: =IF(VLOOKUP("RAS52"&"_"&$B35,ValData!$AS$4:$AV$253,3,FALSE)<>"",VLOOKUP("RAS52"&"_"&$B35,ValData!$AS$4:$AV$253,3,FALSE),$X$10) -> 500 | AA35: =IF(VLOOKUP("RAS52"&"_"&$B35,ValData!$AS$4:$AV$253,4,FALSE)<>"",VLOOKUP("RAS52"&"_"&$B35,ValData!$AS$4:$AV$253,4,FALSE),$X$11) -> 0 | AB35: =Y35-X35 -> #N/A | AC35: =IF(OR(X35=0,Y35=0),0,AB35/X35*100) -> #N/A | AD35: =IF(X35=0,1,"") -> #N/A | AE35: =IF(Y35=0,1,"") -> 1 | AF35: =IF(SUM(AD35:AE35)=2,"",IF(AND(SUM(AD35:AE35)=1,ABS(ROUND(AB35,2))>Z35),9,IF(AND(ABS(ROUND(AB35,2))>Z35,ABS(ROUND(AC35,2))>AA35),3,IF(ABS(ROUND(AC35,2))>AA35,2,IF(ABS(ROUND(AB35,2))>Z35,1,""))))) -> #N/A | AG35: =IF(OR(AF35=3,AF35=9),1,"") -> #N/A | AI35: =IF(AJ35="C","",IF(AH35=1,1,""))
B36: 15.2 | C36: =Text!G64 -> Other LEA budget - non-schools | I36: 0 | O36: 0 | Q36: =B36 -> 15.2 | W36: =VLOOKUP("RAS52"&"_"&UANumber&"_"&$B36&"_"&4&"_"&W$16,ValData!$AE$4:$AL$13475,8,FALSE) -> #N/A | X36: =VLOOKUP("RAS52"&"_"&UANumber&"_"&$B36&"_"&4&"_"&X$16,ValData!$AE$4:$AL$13475,8,FALSE) -> #N/A | Y36: =I36 -> 0 | Z36: =IF(VLOOKUP("RAS52"&"_"&$B36,ValData!$AS$4:$AV$253,3,FALSE)<>"",VLOOKUP("RAS52"&"_"&$B36,ValData!$AS$4:$AV$253,3,FALSE),$X$10) -> 500 | AA36: =IF(VLOOKUP("RAS52"&"_"&$B36,ValData!$AS$4:$AV$253,4,FALSE)<>"",VLOOKUP("RAS52"&"_"&$B36,ValData!$AS$4:$AV$253,4,FALSE),$X$11) -> 0 | AB36: =Y36-X36 -> #N/A | AC36: =IF(OR(X36=0,Y36=0),0,AB36/X36*100) -> #N/A | AD36: =IF(X36=0,1,"") -> #N/A | AE36: =IF(Y36=0,1,"") -> 1 | AF36: =IF(SUM(AD36:AE36)=2,"",IF(AND(SUM(AD36:AE36)=1,ABS(ROUND(AB36,2))>Z36),9,IF(AND(ABS(ROUND(AB36,2))>Z36,ABS(ROUND(AC36,2))>AA36),3,IF(ABS(ROUND(AC36,2))>AA36,2,IF(ABS(ROUND(AB36,2))>Z36,1,""))))) -> #N/A | AG36: =IF(OR(AF36=3,AF36=9),1,"") -> #N/A | AI36: =IF(AJ36="C","",IF(AH36=1,1,""))
B37: 16 | C37: =Text!G65 -> LEA budget (lines 8 to 15) | I37: =SUM(I25:I36) -> 0 | O37: =SUM(O25:O36) -> 0 | Q37: =B37 -> 16 | W37: =VLOOKUP("RAS52"&"_"&UANumber&"_"&$B37&"_"&4&"_"&W$16,ValData!$AE$4:$AL$13475,8,FALSE) -> #N/A | X37: =VLOOKUP("RAS52"&"_"&UANumber&"_"&$B37&"_"&4&"_"&X$16,ValData!$AE$4:$AL$13475,8,FALSE) -> #N/A | Y37: =I37 -> 0 | Z37: =IF(VLOOKUP("RAS52"&"_"&$B37,ValData!$AS$4:$AV$253,3,FALSE)<>"",VLOOKUP("RAS52"&"_"&$B37,ValData!$AS$4:$AV$253,3,FALSE),$X$10) -> 50 | AA37: =IF(VLOOKUP("RAS52"&"_"&$B37,ValData!$AS$4:$AV$253,4,FALSE)<>"",VLOOKUP("RAS52"&"_"&$B37,ValData!$AS$4:$AV$253,4,FALSE),$X$11) -> 0 | AB37: =Y37-X37 -> #N/A | AC37: =IF(OR(X37=0,Y37=0),0,AB37/X37*100) -> #N/A | AD37: =IF(X37=0,1,"") -> #N/A | AE37: =IF(Y37=0,1,"") -> 1 | AF37: =IF(SUM(AD37:AE37)=2,"",IF(AND(SUM(AD37:AE37)=1,ABS(ROUND(AB37,2))>Z37),9,IF(AND(ABS(ROUND(AB37,2))>Z37,ABS(ROUND(AC37,2))>AA37),3,IF(ABS(ROUND(AC37,2))>AA37,2,IF(ABS(ROUND(AB37,2))>Z37,1,""))))) -> #N/A | AG37: =IF(OR(AF37=3,AF37=9),1,"") -> #N/A | AI37: =IF(AJ37="C","",IF(AH37=1,1,""))
B39: 23 | C39: =Text!G66 -> Total Education Revenue Expenditure(line 7 plus line 16) | D39: =D24 -> 0 | E39: =E24 -> 0 | F39: =F24 -> 0 | G39: =G24 -> 0 | H39: =H24 -> 0 | I39: =I37+I24 -> 0 | J39: =J24 -> 0 | K39: =K24 -> 0 | L39: =L24 -> 0 | M39: =M24 -> 0 | N39: =N24 -> 0 | O39: =O37+O24 -> 0 | Q39: =B39 -> 23 | W39: =VLOOKUP("RAS52"&"_"&UANumber&"_"&$B39&"_"&4&"_"&W$16,ValData!$AE$4:$AL$13475,8,FALSE) -> #N/A | X39: =VLOOKUP("RAS52"&"_"&UANumber&"_"&$B39&"_"&4&"_"&X$16,ValData!$AE$4:$AL$13475,8,FALSE) -> #N/A | Y39: =I39 -> 0 | Z39: =IF(VLOOKUP("RAS52"&"_"&$B39,ValData!$AS$4:$AV$253,3,FALSE)<>"",VLOOKUP("RAS52"&"_"&$B39,ValData!$AS$4:$AV$253,3,FALSE),$X$10) -> 50 | AA39: =IF(VLOOKUP("RAS52"&"_"&$B39,ValData!$AS$4:$AV$253,4,FALSE)<>"",VLOOKUP("RAS52"&"_"&$B39,ValData!$AS$4:$AV$253,4,FALSE),$X$11) -> 3 | AB39: =Y39-X39 -> #N/A | AC39: =IF(OR(X39=0,Y39=0),0,AB39/X39*100) -> #N/A | AD39: =IF(X39=0,1,"") -> #N/A | AE39: =IF(Y39=0,1,"") -> 1 | AF39: =IF(SUM(AD39:AE39)=2,"",IF(SUM(AD39:AE39)=1,9,IF(AND(ABS(ROUND(AB39,2))>Z39,ABS(ROUND(AC39,2))>AA39),3,IF(ABS(ROUND(AC39,2))>AA39,2,IF(ABS(ROUND(AB39,2))>Z39,1,""))))) -> #N/A | AG39: =IF(OR(AF39=3,AF39=9),1,"") -> #N/A | AI39: =IF(AJ39="C","",IF(AH39=1,1,""))

Sheet Services
G2: =ValData!AP77 -> Grant/Budget checks
K3: UA only | L3: =IF(AND(UANumber>=512,UANumber<=552),-(10^20),0) -> 0 | M3: =IF(AND(UANumber>=512,UANumber<=552),(10^20),0) -> 0
K4: PA only | L4: =IF(AND(UANumber>=562,UANumber<=568),-(10^20),0) -> 0 | M4: =IF(AND(UANumber>=562,UANumber<=568),(10^20),0) -> 0
K5: FA only | L5: =IF(AND(UANumber>=572,UANumber<=576),-(10^20),0) -> 0 | M5: =IF(AND(UANumber>=572,UANumber<=576),(10^20),0) -> 0
B6: RA | C6: =FrontPage!C2 -> Revenue Account Return, 2026-27 | K6: NPA only | L6: =IF(AND(UANumber>=582,UANumber<=586),-(10^20),0) -> 0 | M6: =IF(AND(UANumber>=582,UANumber<=586),(10^20),0) -> 0
B7: =Text!G25 -> Information specified on this return must be submitted under section 139A of the 1988 Local Government Finance Act (as inserted by paragraph 68 of schedule 5 to the Local Government and Housing Act 1989) | K7: NPA Grants | L7: =IF(AND(UANumber>=582,UANumber<=586),-(10^20),0) -> 0 | M7: =IF(AND(UANumber>=582,UANumber<=586),(10^20),0) -> 0
K8: UA / PA | L8: =IF(AND(UANumber>=512,UANumber<=552),-(10^20),IF(AND(UANumber>=562,UANumber<=568),-(10^20),0)) -> 0 | M8: =IF(AND(UANumber>=512,UANumber<=552),(10^20),IF(AND(UANumber>=562,UANumber<=568),(10^20),0)) -> 0
P9: =ValData!AP67 -> Default Tolerance Levels
B10: =Text!G23 -> Authority | K10: UA / FA | L10: =IF(AND(UANumber>=512,UANumber<=552),0,IF(AND(UANumber>=572,UANumber<=576),-(10^20),0)) -> 0 | M10: =IF(AND(UANumber>=512,UANumber<=552),(10^20),IF(AND(UANumber>=572,UANumber<=576),0,0)) -> 0 | P10: =U14 -> value | Q10: 500
B11: =Details!D1 -> Please select your authority | H11: =ValData!AP66 -> Check any red or green highlighted lines & add comments to 'Your Comments' column if needed | K11: UA / NPA | L11: =IF(AND(UANumber>=512,UANumber<=552),0,IF(AND(UANumber>=582,UANumber<=586),-(10^20),0)) -> 0 | M11: =IF(AND(UANumber>=512,UANumber<=552),(10^20),IF(AND(UANumber>=582,UANumber<=586),0,0)) -> 0 | P11: ="% "&ValData!AP42 -> % tolerance: | Q11: 10 | W11: =ValData!AP43 -> zero? | Z11: =ValData!AP44 -> Totals
D12: =Text!G30 -> £ thousand | K12: DO NOT Delete | W12: =Q14 -> 202526 | X12: =R14 -> 202627 | Z12: =SUM(Z15:Z170) -> 0 | AA12: =SUM(AA15:AA38) -> 0 | AB12: =SUM(AB15:AB170) -> 0
B13: RA | D13: =Text!G69 -> BUDGET ESTIMATES (at outturn prices) | E13: =Text!G70 -> GRANTS (record as negative) | P13: =ValData!AP47 -> YOY Figures | S13: =ValData!AP52 -> Tolerance Levels | U13: =ValData!AP41 -> difference | Y13: =ValData!AP32 -> type | Z13: =ValData!AP33 -> auto | AA13: =ValData!AP34 -> mark | AB13: =ValData!AP35 -> check | AC13: =ValData!AP36 -> status
B14: =Text!G32 -> Line | C14: =Text!G33 -> Description | D14: 4.00 | E14: 7.00 | K14: =VLOOKUP(UANumber,LAType[],3,FALSE) -> #N/A | P14: =Q14-101 -> 202425 | Q14: =R14-101 -> 202526 | R14: =Year -> 202627 | S14: =U14 -> value | T14: % | U14: =ValData!AP31 -> value | V14: % | AD14: =ValData!AP37 -> Your comments
B16: 24 | C16: =Text!G97 -> Education (totals carried forward from RA(S52)) | D16: =+Education!I39 -> 0 | E16: =+Education!O39 -> 0 | H16: =IF(D16<0,1,IF(-E16>D16,2,"")) | K16: =B16 -> 24 | L16: =VLOOKUP("RA"&"_"&K16,RARows[],5,FALSE) -> T | M16: =IF(ISNUMBER(SEARCH($K$14,VLOOKUP("RA"&"_"&K16,RARows[],6,FALSE))),1,"") | P16: =VLOOKUP("RA"&"_"&UANumber&"_"&$B16&"_"&4&"_"&P$14,ValData!$AE$4:$AL$13475,8,FALSE) -> #N/A | Q16: =ROUND(VLOOKUP("RA"&"_"&UANumber&"_"&$B16&"_"&4&"_"&Q$14,ValData!$AE$4:$AL$13475,8,FALSE),3) -> #N/A | R16: =D16 -> 0 | S16: =IF(VLOOKUP("RA"&"_"&$B16,ValData!$AS$4:$AV$253,3,FALSE)<>"",VLOOKUP("RA"&"_"&$B16,ValData!$AS$4:$AV$253,3,FALSE),$Q$10) -> 500 | T16: =IF(VLOOKUP("RA"&"_"&$B16,ValData!$AS$4:$AV$253,4,FALSE)<>"",VLOOKUP("RA"&"_"&$B16,ValData!$AS$4:$AV$253,4,FALSE),$Q$11) -> 10 | U16: =R16-Q16 -> #N/A | V16: =IF(OR(Q16=0,R16=0),0,U16/Q16*100) -> #N/A | W16: =IF(Q16=0,1,"") -> #N/A | X16: =IF(R16=0,1,"") -> 1 | Y16: =IF(SUM(W16:X16)=2,"",IF(AND(SUM(W16:X16)=1,ABS(ROUND(U16,2))>S16),9,IF(AND(ABS(ROUND(U16,2))>S16,ABS(ROUND(V16,2))>T16),3,IF(ABS(ROUND(V16,2))>T16,2,IF(ABS(ROUND(U16,2))>S16,1,""))))) -> #N/A | Z16: =IF(M16="","",IF(AND(OR(Y16=3,Y16=9),L16<>"T"),1,"")) | AB16: =IF(AC16="C","",IF(AA16=1,1,""))
B17: =Text!G98 -> Highways and Transport Services | H17: =ValData!AP69 -> Unitaries | M17: =IF(ISNUMBER(SEARCH($K$14,VLOOKUP("RA"&"_"&K17,RARows[],6,FALSE))),1,"")
B18: 25 | C18: =Text!G99 -> Transport planning, policy and strategy | D18: 0 | E18: 0 | H18: =IF(D18<0,1,IF(-E18>D18,2,"")) | K18: =B18 -> 25 | L18: =VLOOKUP("RA"&"_"&K18,RARows[],5,FALSE) -> 0 | M18: =IF(ISNUMBER(SEARCH($K$14,VLOOKUP("RA"&"_"&K18,RARows[],6,FALSE))),1,"") | P18: =VLOOKUP("RA"&"_"&UANumber&"_"&$B18&"_"&4&"_"&P$14,ValData!$AE$4:$AL$13475,8,FALSE) -> #N/A | Q18: =ROUND(VLOOKUP("RA"&"_"&UANumber&"_"&$B18&"_"&4&"_"&Q$14,ValData!$AE$4:$AL$13475,8,FALSE),3) -> #N/A | R18: =D18 -> 0 | S18: =IF(VLOOKUP("RA"&"_"&$B18,ValData!$AS$4:$AV$253,3,FALSE)<>"",VLOOKUP("RA"&"_"&$B18,ValData!$AS$4:$AV$253,3,FALSE),$Q$10) -> 500 | T18: =IF(VLOOKUP("RA"&"_"&$B18,ValData!$AS$4:$AV$253,4,FALSE)<>"",VLOOKUP("RA"&"_"&$B18,ValData!$AS$4:$AV$253,4,FALSE),$Q$11) -> 10 | U18: =R18-Q18 -> #N/A | V18: =IF(OR(Q18=0,R18=0),0,U18/Q18*100) -> #N/A | W18: =IF(Q18=0,1,"") -> #N/A | X18: =IF(R18=0,1,"") -> 1 | Y18: =IF(SUM(W18:X18)=2,"",IF(AND(SUM(W18:X18)=1,ABS(ROUND(U18,2))>S18),9,IF(AND(ABS(ROUND(U18,2))>S18,ABS(ROUND(V18,2))>T18),3,IF(ABS(ROUND(V18,2))>T18,2,IF(ABS(ROUND(U18,2))>S18,1,""))))) -> #N/A | Z18: =IF(M18="","",IF(AND(OR(Y18=3,Y18=9),L18<>"T"),1,"")) | AB18: =IF(AC18="C","",IF(AA18=1,1,""))
B19: 26 | C19: =Text!G100 -> Structural maintenance | D19: 0 | E19: 0 | H19: =IF(D19<0,1,IF(-E19>D19,2,"")) | K19: =B19 -> 26 | L19: =VLOOKUP("RA"&"_"&K19,RARows[],5,FALSE) -> 0 | M19: =IF(ISNUMBER(SEARCH($K$14,VLOOKUP("RA"&"_"&K19,RARows[],6,FALSE))),1,"") | P19: =VLOOKUP("RA"&"_"&UANumber&"_"&$B19&"_"&4&"_"&P$14,ValData!$AE$4:$AL$13475,8,FALSE) -> #N/A | Q19: =ROUND(VLOOKUP("RA"&"_"&UANumber&"_"&$B19&"_"&4&"_"&Q$14,ValData!$AE$4:$AL$13475,8,FALSE),3) -> #N/A | R19: =D19 -> 0 | S19: =IF(VLOOKUP("RA"&"_"&$B19,ValData!$AS$4:$AV$253,3,FALSE)<>"",VLOOKUP("RA"&"_"&$B19,ValData!$AS$4:$AV$253,3,FALSE),$Q$10) -> 500 | T19: =IF(VLOOKUP("RA"&"_"&$B19,ValData!$AS$4:$AV$253,4,FALSE)<>"",VLOOKUP("RA"&"_"&$B19,ValData!$AS$4:$AV$253,4,FALSE),$Q$11) -> 10 | U19: =R19-Q19 -> #N/A | V19: =IF(OR(Q19=0,R19=0),0,U19/Q19*100) -> #N/A | W19: =IF(Q19=0,1,"") -> #N/A | X19: =IF(R19=0,1,"") -> 1 | Y19: =IF(SUM(W19:X19)=2,"",IF(AND(SUM(W19:X19)=1,ABS(ROUND(U19,2))>S19),9,IF(AND(ABS(ROUND(U19,2))>S19,ABS(ROUND(V19,2))>T19),3,IF(ABS(ROUND(V19,2))>T19,2,IF(ABS(ROUND(U19,2))>S19,1,""))))) -> #N/A | Z19: =IF(M19="","",IF(AND(OR(Y19=3,Y19=9),L19<>"T"),1,"")) | AB19: =IF(AC19="C","",IF(AA19=1,1,""))
B20: 27 | C20: =Text!G101 -> Capital charges relating to construction projects | D20: 0 | E20: 0 | H20: =IF(D20<0,1,IF(-E20>D20,2,"")) | K20: =B20 -> 27 | L20: =VLOOKUP("RA"&"_"&K20,RARows[],5,FALSE) -> 0 | M20: =IF(ISNUMBER(SEARCH($K$14,VLOOKUP("RA"&"_"&K20,RARows[],6,FALSE))),1,"") | P20: =VLOOKUP("RA"&"_"&UANumber&"_"&$B20&"_"&4&"_"&P$14,ValData!$AE$4:$AL$13475,8,FALSE) -> #N/A | Q20: =ROUND(VLOOKUP("RA"&"_"&UANumber&"_"&$B20&"_"&4&"_"&Q$14,ValData!$AE$4:$AL$13475,8,FALSE),3) -> #N/A | R20: =D20 -> 0 | S20: =IF(VLOOKUP("RA"&"_"&$B20,ValData!$AS$4:$AV$253,3,FALSE)<>"",VLOOKUP("RA"&"_"&$B20,ValData!$AS$4:$AV$253,3,FALSE),$Q$10) -> 500 | T20: =IF(VLOOKUP("RA"&"_"&$B20,ValData!$AS$4:$AV$253,4,FALSE)<>"",VLOOKUP("RA"&"_"&$B20,ValData!$AS$4:$AV$253,4,FALSE),$Q$11) -> 10 | U20: =R20-Q20 -> #N/A | V20: =IF(OR(Q20=0,R20=0),0,U20/Q20*100) -> #N/A | W20: =IF(Q20=0,1,"") -> #N/A | X20: =IF(R20=0,1,"") -> 1 | Y20: =IF(SUM(W20:X20)=2,"",IF(AND(SUM(W20:X20)=1,ABS(ROUND(U20,2))>S20),9,IF(AND(ABS(ROUND(U20,2))>S20,ABS(ROUND(V20,2))>T20),3,IF(ABS(ROUND(V20,2))>T20,2,IF(ABS(ROUND(U20,2))>S20,1,""))))) -> #N/A | Z20: =IF(M20="","",IF(AND(OR(Y20=3,Y20=9),L20<>"T"),1,"")) | AB20: =IF(AC20="C","",IF(AA20=1,1,""))
B21: 28 | C21: =Text!G102 -> Environment, safety and routine maintenance | D21: 0 | E21: 0 | H21: =IF(D21<0,1,IF(-E21>D21,2,"")) | K21: =B21 -> 28 | L21: =VLOOKUP("RA"&"_"&K21,RARows[],5,FALSE) -> 0 | M21: =IF(ISNUMBER(SEARCH($K$14,VLOOKUP("RA"&"_"&K21,RARows[],6,FALSE))),1,"") | P21: =VLOOKUP("RA"&"_"&UANumber&"_"&$B21&"_"&4&"_"&P$14,ValData!$AE$4:$AL$13475,8,FALSE) -> #N/A | Q21: =ROUND(VLOOKUP("RA"&"_"&UANumber&"_"&$B21&"_"&4&"_"&Q$14,ValData!$AE$4:$AL$13475,8,FALSE),3) -> #N/A | R21: =D21 -> 0 | S21: =IF(VLOOKUP("RA"&"_"&$B21,ValData!$AS$4:$AV$253,3,FALSE)<>"",VLOOKUP("RA"&"_"&$B21,ValData!$AS$4:$AV$253,3,FALSE),$Q$10) -> 500 | T21: =IF(VLOOKUP("RA"&"_"&$B21,ValData!$AS$4:$AV$253,4,FALSE)<>"",VLOOKUP("RA"&"_"&$B21,ValData!$AS$4:$AV$253,4,FALSE),$Q$11) -> 10 | U21: =R21-Q21 -> #N/A | V21: =IF(OR(Q21=0,R21=0),0,U21/Q21*100) -> #N/A | W21: =IF(Q21=0,1,"") -> #N/A | X21: =IF(R21=0,1,"") -> 1 | Y21: =IF(SUM(W21:X21)=2,"",IF(AND(SUM(W21:X21)=1,ABS(ROUND(U21,2))>S21),9,IF(AND(ABS(ROUND(U21,2))>S21,ABS(ROUND(V21,2))>T21),3,IF(ABS(ROUND(V21,2))>T21,2,IF(ABS(ROUND(U21,2))>S21,1,""))))) -> #N/A | Z21: =IF(M21="","",IF(AND(OR(Y21=3,Y21=9),L21<>"T"),1,"")) | AB21: =IF(AC21="C","",IF(AA21=1,1,""))
B22: 29.1 | C22: =Text!G103 -> Street lighting (including energy costs) | D22: 0 | E22: 0 | H22: =IF(D22<0,1,IF(-E22>D22,2,"")) | K22: =B22 -> 29.1 | L22: =VLOOKUP("RA"&"_"&K22,RARows[],5,FALSE) -> 0 | M22: =IF(ISNUMBER(SEARCH($K$14,VLOOKUP("RA"&"_"&K22,RARows[],6,FALSE))),1,"") | P22: =VLOOKUP("RA"&"_"&UANumber&"_"&$B22&"_"&4&"_"&P$14,ValData!$AE$4:$AL$13475,8,FALSE) -> #N/A | Q22: =ROUND(VLOOKUP("RA"&"_"&UANumber&"_"&$B22&"_"&4&"_"&Q$14,ValData!$AE$4:$AL$13475,8,FALSE),3) -> #N/A | R22: =D22 -> 0 | S22: =IF(VLOOKUP("RA"&"_"&$B22,ValData!$AS$4:$AV$253,3,FALSE)<>"",VLOOKUP("RA"&"_"&$B22,ValData!$AS$4:$AV$253,3,FALSE),$Q$10) -> 500 | T22: =IF(VLOOKUP("RA"&"_"&$B22,ValData!$AS$4:$AV$253,4,FALSE)<>"",VLOOKUP("RA"&"_"&$B22,ValData!$AS$4:$AV$253,4,FALSE),$Q$11) -> 10 | U22: =R22-Q22 -> #N/A | V22: =IF(OR(Q22=0,R22=0),0,U22/Q22*100) -> #N/A | W22: =IF(Q22=0,1,"") -> #N/A | X22: =IF(R22=0,1,"") -> 1 | Y22: =IF(SUM(W22:X22)=2,"",IF(AND(SUM(W22:X22)=1,ABS(ROUND(U22,2))>S22),9,IF(AND(ABS(ROUND(U22,2))>S22,ABS(ROUND(V22,2))>T22),3,IF(ABS(ROUND(V22,2))>T22,2,IF(ABS(ROUND(U22,2))>S22,1,""))))) -> #N/A | Z22: =IF(M22="","",IF(AND(OR(Y22=3,Y22=9),L22<>"T"),1,"")) | AB22: =IF(AC22="C","",IF(AA22=1,1,""))
B23: 29.2 | C23: =Text!G104 -> Winter service | D23: 0 | E23: 0 | H23: =IF(D23<0,1,IF(-E23>D23,2,"")) | K23: =B23 -> 29.2 | L23: =VLOOKUP("RA"&"_"&K23,RARows[],5,FALSE) -> 0 | M23: =IF(ISNUMBER(SEARCH($K$14,VLOOKUP("RA"&"_"&K23,RARows[],6,FALSE))),1,"") | P23: =VLOOKUP("RA"&"_"&UANumber&"_"&$B23&"_"&4&"_"&P$14,ValData!$AE$4:$AL$13475,8,FALSE) -> #N/A | Q23: =ROUND(VLOOKUP("RA"&"_"&UANumber&"_"&$B23&"_"&4&"_"&Q$14,ValData!$AE$4:$AL$13475,8,FALSE),3) -> #N/A | R23: =D23 -> 0 | S23: =IF(VLOOKUP("RA"&"_"&$B23,ValData!$AS$4:$AV$253,3,FALSE)<>"",VLOOKUP("RA"&"_"&$B23,ValData!$AS$4:$AV$253,3,FALSE),$Q$10) -> 500 | T23: =IF(VLOOKUP("RA"&"_"&$B23,ValData!$AS$4:$AV$253,4,FALSE)<>"",VLOOKUP("RA"&"_"&$B23,ValData!$AS$4:$AV$253,4,FALSE),$Q$11) -> 10 | U23: =R23-Q23 -> #N/A | V23: =IF(OR(Q23=0,R23=0),0,U23/Q23*100) -> #N/A | W23: =IF(Q23=0,1,"") -> #N/A | X23: =IF(R23=0,1,"") -> 1 | Y23: =IF(SUM(W23:X23)=2,"",IF(AND(SUM(W23:X23)=1,ABS(ROUND(U23,2))>S23),9,IF(AND(ABS(ROUND(U23,2))>S23,ABS(ROUND(V23,2))>T23),3,IF(ABS(ROUND(V23,2))>T23,2,IF(ABS(ROUND(U23,2))>S23,1,""))))) -> #N/A | Z23: =IF(M23="","",IF(AND(OR(Y23=3,Y23=9),L23<>"T"),1,"")) | AB23: =IF(AC23="C","",IF(AA23=1,1,""))
B24: 30 | C24: =Text!G105 -> Traffic management and road safety | D24: 0 | E24: 0 | H24: =IF(D24<0,1,IF(-E24>D24,2,"")) | K24: =B24 -> 30 | L24: =VLOOKUP("RA"&"_"&K24,RARows[],5,FALSE) -> 0 | M24: =IF(ISNUMBER(SEARCH($K$14,VLOOKUP("RA"&"_"&K24,RARows[],6,FALSE))),1,"") | P24: =VLOOKUP("RA"&"_"&UANumber&"_"&$B24&"_"&4&"_"&P$14,ValData!$AE$4:$AL$13475,8,FALSE) -> #N/A | Q24: =ROUND(VLOOKUP("RA"&"_"&UANumber&"_"&$B24&"_"&4&"_"&Q$14,ValData!$AE$4:$AL$13475,8,FALSE),3) -> #N/A | R24: =D24 -> 0 | S24: =IF(VLOOKUP("RA"&"_"&$B24,ValData!$AS$4:$AV$253,3,FALSE)<>"",VLOOKUP("RA"&"_"&$B24,ValData!$AS$4:$AV$253,3,FALSE),$Q$10) -> 500 | T24: =IF(VLOOKUP("RA"&"_"&$B24,ValData!$AS$4:$AV$253,4,FALSE)<>"",VLOOKUP("RA"&"_"&$B24,ValData!$AS$4:$AV$253,4,FALSE),$Q$11) -> 10 | U24: =R24-Q24 -> #N/A | V24: =IF(OR(Q24=0,R24=0),0,U24/Q24*100) -> #N/A | W24: =IF(Q24=0,1,"") -> #N/A | X24: =IF(R24=0,1,"") -> 1 | Y24: =IF(SUM(W24:X24)=2,"",IF(AND(SUM(W24:X24)=1,ABS(ROUND(U24,2))>S24),9,IF(AND(ABS(ROUND(U24,2))>S24,ABS(ROUND(V24,2))>T24),3,IF(ABS(ROUND(V24,2))>T24,2,IF(ABS(ROUND(U24,2))>S24,1,""))))) -> #N/A | Z24: =IF(M24="","",IF(AND(OR(Y24=3,Y24=9),L24<>"T"),1,"")) | AB24: =IF(AC24="C","",IF(AA24=1,1,""))
B25: 32 | C25: =Text!G106 -> Parking services | D25: 0 | E25: 0 | H25: =IF(D25<0,1,IF(-E25>D25,2,"")) | K25: =B25 -> 32 | L25: =VLOOKUP("RA"&"_"&K25,RARows[],5,FALSE) -> 0 | M25: =IF(ISNUMBER(SEARCH($K$14,VLOOKUP("RA"&"_"&K25,RARows[],6,FALSE))),1,"") | P25: =VLOOKUP("RA"&"_"&UANumber&"_"&$B25&"_"&4&"_"&P$14,ValData!$AE$4:$AL$13475,8,FALSE) -> #N/A | Q25: =ROUND(VLOOKUP("RA"&"_"&UANumber&"_"&$B25&"_"&4&"_"&Q$14,ValData!$AE$4:$AL$13475,8,FALSE),3) -> #N/A | R25: =D25 -> 0 | S25: =IF(VLOOKUP("RA"&"_"&$B25,ValData!$AS$4:$AV$253,3,FALSE)<>"",VLOOKUP("RA"&"_"&$B25,ValData!$AS$4:$AV$253,3,FALSE),$Q$10) -> 500 | T25: =IF(VLOOKUP("RA"&"_"&$B25,ValData!$AS$4:$AV$253,4,FALSE)<>"",VLOOKUP("RA"&"_"&$B25,ValData!$AS$4:$AV$253,4,FALSE),$Q$11) -> 10 | U25: =R25-Q25 -> #N/A | V25: =IF(OR(Q25=0,R25=0),0,U25/Q25*100) -> #N/A | W25: =IF(Q25=0,1,"") -> #N/A | X25: =IF(R25=0,1,"") -> 1 | Y25: =IF(SUM(W25:X25)=2,"",IF(AND(SUM(W25:X25)=1,ABS(ROUND(U25,2))>S25),9,IF(AND(ABS(ROUND(U25,2))>S25,ABS(ROUND(V25,2))>T25),3,IF(ABS(ROUND(V25,2))>T25,2,IF(ABS(ROUND(U25,2))>S25,1,""))))) -> #N/A | Z25: =IF(M25="","",IF(AND(OR(Y25=3,Y25=9),L25<>"T"),1,"")) | AB25: =IF(AC25="C","",IF(AA25=1,1,""))
B26: 36.1 | C26: =Text!G107 -> Public transport | D26: 0 | E26: 0 | H26: =IF(D26<0,1,IF(-E26>D26,2,"")) | K26: =B26 -> 36.1 | L26: =VLOOKUP("RA"&"_"&K26,RARows[],5,FALSE) -> 0 | M26: =IF(ISNUMBER(SEARCH($K$14,VLOOKUP("RA"&"_"&K26,RARows[],6,FALSE))),1,"") | P26: =VLOOKUP("RA"&"_"&UANumber&"_"&$B26&"_"&4&"_"&P$14,ValData!$AE$4:$AL$13475,8,FALSE) -> #N/A | Q26: =ROUND(VLOOKUP("RA"&"_"&UANumber&"_"&$B26&"_"&4&"_"&Q$14,ValData!$AE$4:$AL$13475,8,FALSE),3) -> #N/A | R26: =D26 -> 0 | S26: =IF(VLOOKUP("RA"&"_"&$B26,ValData!$AS$4:$AV$253,3,FALSE)<>"",VLOOKUP("RA"&"_"&$B26,ValData!$AS$4:$AV$253,3,FALSE),$Q$10) -> 500 | T26: =IF(VLOOKUP("RA"&"_"&$B26,ValData!$AS$4:$AV$253,4,FALSE)<>"",VLOOKUP("RA"&"_"&$B26,ValData!$AS$4:$AV$253,4,FALSE),$Q$11) -> 10 | U26: =R26-Q26 -> #N/A | V26: =IF(OR(Q26=0,R26=0),0,U26/Q26*100) -> #N/A | W26: =IF(Q26=0,1,"") -> #N/A | X26: =IF(R26=0,1,"") -> 1 | Y26: =IF(SUM(W26:X26)=2,"",IF(AND(SUM(W26:X26)=1,ABS(ROUND(U26,2))>S26),9,IF(AND(ABS(ROUND(U26,2))>S26,ABS(ROUND(V26,2))>T26),3,IF(ABS(ROUND(V26,2))>T26,2,IF(ABS(ROUND(U26,2))>S26,1,""))))) -> #N/A | Z26: =IF(M26="","",IF(AND(OR(Y26=3,Y26=9),L26<>"T"),1,"")) | AB26: =IF(AC26="C","",IF(AA26=1,1,""))
B27: 37 | C27: =Text!G108 -> Airports, harbours and toll facilities | D27: 0 | E27: 0 | H27: =IF(D27<0,1,IF(-E27>D27,2,"")) | K27: =B27 -> 37 | L27: =VLOOKUP("RA"&"_"&K27,RARows[],5,FALSE) -> 0 | M27: =IF(ISNUMBER(SEARCH($K$14,VLOOKUP("RA"&"_"&K27,RARows[],6,FALSE))),1,"") | P27: =VLOOKUP("RA"&"_"&UANumber&"_"&$B27&"_"&4&"_"&P$14,ValData!$AE$4:$AL$13475,8,FALSE) -> #N/A | Q27: =ROUND(VLOOKUP("RA"&"_"&UANumber&"_"&$B27&"_"&4&"_"&Q$14,ValData!$AE$4:$AL$13475,8,FALSE),3) -> #N/A | R27: =D27 -> 0 | S27: =IF(VLOOKUP("RA"&"_"&$B27,ValData!$AS$4:$AV$253,3,FALSE)<>"",VLOOKUP("RA"&"_"&$B27,ValData!$AS$4:$AV$253,3,FALSE),$Q$10) -> 500 | T27: =IF(VLOOKUP("RA"&"_"&$B27,ValData!$AS$4:$AV$253,4,FALSE)<>"",VLOOKUP("RA"&"_"&$B27,ValData!$AS$4:$AV$253,4,FALSE),$Q$11) -> 10 | U27: =R27-Q27 -> #N/A | V27: =IF(OR(Q27=0,R27=0),0,U27/Q27*100) -> #N/A | W27: =IF(Q27=0,1,"") -> #N/A | X27: =IF(R27=0,1,"") -> 1 | Y27: =IF(SUM(W27:X27)=2,"",IF(AND(SUM(W27:X27)=1,ABS(ROUND(U27,2))>S27),9,IF(AND(ABS(ROUND(U27,2))>S27,ABS(ROUND(V27,2))>T27),3,IF(ABS(ROUND(V27,2))>T27,2,IF(ABS(ROUND(U27,2))>S27,1,""))))) -> #N/A | Z27: =IF(M27="","",IF(AND(OR(Y27=3,Y27=9),L27<>"T"),1,"")) | AB27: =IF(AC27="C","",IF(AA27=1,1,""))
B28: =Text!G109 -> Children's Social Care | H28: =ValData!AP69 -> Unitaries | M28: =IF(ISNUMBER(SEARCH($K$14,VLOOKUP("RA"&"_"&K28,RARows[],6,FALSE))),1,"") | Z28: =IF(M28="","",IF(AND(OR(Y28=3,Y28=9),L28<>"T"),1,""))
B29: 38.6 | C29: =Text!G110 -> Children's Centres/Flying Start and Early Years | D29: 0 | E29: 0 | H29: =IF(D29<0,1,IF(-E29>D29,2,"")) | K29: =B29 -> 38.6 | L29: =VLOOKUP("RA"&"_"&K29,RARows[],5,FALSE) -> 0 | M29: =IF(ISNUMBER(SEARCH($K$14,VLOOKUP("RA"&"_"&K29,RARows[],6,FALSE))),1,"") | P29: =VLOOKUP("RA"&"_"&UANumber&"_"&$B29&"_"&4&"_"&P$14,ValData!$AE$4:$AL$13475,8,FALSE) -> #N/A | Q29: =ROUND(VLOOKUP("RA"&"_"&UANumber&"_"&$B29&"_"&4&"_"&Q$14,ValData!$AE$4:$AL$13475,8,FALSE),3) -> #N/A | R29: =D29 -> 0 | S29: =IF(VLOOKUP("RA"&"_"&$B29,ValData!$AS$4:$AV$253,3,FALSE)<>"",VLOOKUP("RA"&"_"&$B29,ValData!$AS$4:$AV$253,3,FALSE),$Q$10) -> 500 | T29: =IF(VLOOKUP("RA"&"_"&$B29,ValData!$AS$4:$AV$253,4,FALSE)<>"",VLOOKUP("RA"&"_"&$B29,ValData!$AS$4:$AV$253,4,FALSE),$Q$11) -> 10 | U29: =R29-Q29 -> #N/A | V29: =IF(OR(Q29=0,R29=0),0,U29/Q29*100) -> #N/A | W29: =IF(Q29=0,1,"") -> #N/A | X29: =IF(R29=0,1,"") -> 1 | Y29: =IF(SUM(W29:X29)=2,"",IF(AND(SUM(W29:X29)=1,ABS(ROUND(U29,2))>S29),9,IF(AND(ABS(ROUND(U29,2))>S29,ABS(ROUND(V29,2))>T29),3,IF(ABS(ROUND(V29,2))>T29,2,IF(ABS(ROUND(U29,2))>S29,1,""))))) -> #N/A | Z29: =IF(M29="","",IF(AND(OR(Y29=3,Y29=9),L29<>"T"),1,"")) | AB29: =IF(AC29="C","",IF(AA29=1,1,""))
B30: 39.2 | C30: =Text!G111 -> Children looked after | D30: 0 | E30: 0 | H30: =IF(D30<0,1,IF(-E30>D30,2,"")) | K30: =B30 -> 39.2 | L30: =VLOOKUP("RA"&"_"&K30,RARows[],5,FALSE) -> 0 | M30: =IF(ISNUMBER(SEARCH($K$14,VLOOKUP("RA"&"_"&K30,RARows[],6,FALSE))),1,"") | P30: =VLOOKUP("RA"&"_"&UANumber&"_"&$B30&"_"&4&"_"&P$14,ValData!$AE$4:$AL$13475,8,FALSE) -> #N/A | Q30: =ROUND(VLOOKUP("RA"&"_"&UANumber&"_"&$B30&"_"&4&"_"&Q$14,ValData!$AE$4:$AL$13475,8,FALSE),3) -> #N/A | R30: =D30 -> 0 | S30: =IF(VLOOKUP("RA"&"_"&$B30,ValData!$AS$4:$AV$253,3,FALSE)<>"",VLOOKUP("RA"&"_"&$B30,ValData!$AS$4:$AV$253,3,FALSE),$Q$10) -> 500 | T30: =IF(VLOOKUP("RA"&"_"&$B30,ValData!$AS$4:$AV$253,4,FALSE)<>"",VLOOKUP("RA"&"_"&$B30,ValData!$AS$4:$AV$253,4,FALSE),$Q$11) -> 10 | U30: =R30-Q30 -> #N/A | V30: =IF(OR(Q30=0,R30=0),0,U30/Q30*100) -> #N/A | W30: =IF(Q30=0,1,"") -> #N/A | X30: =IF(R30=0,1,"") -> 1 | Y30: =IF(SUM(W30:X30)=2,"",IF(AND(SUM(W30:X30)=1,ABS(ROUND(U30,2))>S30),9,IF(AND(ABS(ROUND(U30,2))>S30,ABS(ROUND(V30,2))>T30),3,IF(ABS(ROUND(V30,2))>T30,2,IF(ABS(ROUND(U30,2))>S30,1,""))))) -> #N/A | Z30: =IF(M30="","",IF(AND(OR(Y30=3,Y30=9),L30<>"T"),1,"")) | AB30: =IF(AC30="C","",IF(AA30=1,1,""))
B31: 39.3 | C31: =Text!G112 -> Family support services | D31: 0 | E31: 0 | H31: =IF(D31<0,1,IF(-E31>D31,2,"")) | K31: =B31 -> 39.3 | L31: =VLOOKUP("RA"&"_"&K31,RARows[],5,FALSE) -> 0 | M31: =IF(ISNUMBER(SEARCH($K$14,VLOOKUP("RA"&"_"&K31,RARows[],6,FALSE))),1,"") | P31: =VLOOKUP("RA"&"_"&UANumber&"_"&$B31&"_"&4&"_"&P$14,ValData!$AE$4:$AL$13475,8,FALSE) -> #N/A | Q31: =ROUND(VLOOKUP("RA"&"_"&UANumber&"_"&$B31&"_"&4&"_"&Q$14,ValData!$AE$4:$AL$13475,8,FALSE),3) -> #N/A | R31: =D31 -> 0 | S31: =IF(VLOOKUP("RA"&"_"&$B31,ValData!$AS$4:$AV$253,3,FALSE)<>"",VLOOKUP("RA"&"_"&$B31,ValData!$AS$4:$AV$253,3,FALSE),$Q$10) -> 500 | T31: =IF(VLOOKUP("RA"&"_"&$B31,ValData!$AS$4:$AV$253,4,FALSE)<>"",VLOOKUP("RA"&"_"&$B31,ValData!$AS$4:$AV$253,4,FALSE),$Q$11) -> 10 | U31: =R31-Q31 -> #N/A | V31: =IF(OR(Q31=0,R31=0),0,U31/Q31*100) -> #N/A | W31: =IF(Q31=0,1,"") -> #N/A | X31: =IF(R31=0,1,"") -> 1 | Y31: =IF(SUM(W31:X31)=2,"",IF(AND(SUM(W31:X31)=1,ABS(ROUND(U31,2))>S31),9,IF(AND(ABS(ROUND(U31,2))>S31,ABS(ROUND(V31,2))>T31),3,IF(ABS(ROUND(V31,2))>T31,2,IF(ABS(ROUND(U31,2))>S31,1,""))))) -> #N/A | Z31: =IF(M31="","",IF(AND(OR(Y31=3,Y31=9),L31<>"T"),1,"")) | AB31: =IF(AC31="C","",IF(AA31=1,1,""))
B32: 39.4 | C32: =Text!G113 -> Youth justice | D32: 0 | E32: 0 | H32: =IF(D32<0,1,IF(-E32>D32,2,"")) | K32: =B32 -> 39.4 | L32: =VLOOKUP("RA"&"_"&K32,RARows[],5,FALSE) -> 0 | M32: =IF(ISNUMBER(SEARCH($K$14,VLOOKUP("RA"&"_"&K32,RARows[],6,FALSE))),1,"") | P32: =VLOOKUP("RA"&"_"&UANumber&"_"&$B32&"_"&4&"_"&P$14,ValData!$AE$4:$AL$13475,8,FALSE) -> #N/A | Q32: =ROUND(VLOOKUP("RA"&"_"&UANumber&"_"&$B32&"_"&4&"_"&Q$14,ValData!$AE$4:$AL$13475,8,FALSE),3) -> #N/A | R32: =D32 -> 0 | S32: =IF(VLOOKUP("RA"&"_"&$B32,ValData!$AS$4:$AV$253,3,FALSE)<>"",VLOOKUP("RA"&"_"&$B32,ValData!$AS$4:$AV$253,3,FALSE),$Q$10) -> 500 | T32: =IF(VLOOKUP("RA"&"_"&$B32,ValData!$AS$4:$AV$253,4,FALSE)<>"",VLOOKUP("RA"&"_"&$B32,ValData!$AS$4:$AV$253,4,FALSE),$Q$11) -> 10 | U32: =R32-Q32 -> #N/A | V32: =IF(OR(Q32=0,R32=0),0,U32/Q32*100) -> #N/A | W32: =IF(Q32=0,1,"") -> #N/A | X32: =IF(R32=0,1,"") -> 1 | Y32: =IF(SUM(W32:X32)=2,"",IF(AND(SUM(W32:X32)=1,ABS(ROUND(U32,2))>S32),9,IF(AND(ABS(ROUND(U32,2))>S32,ABS(ROUND(V32,2))>T32),3,IF(ABS(ROUND(V32,2))>T32,2,IF(ABS(ROUND(U32,2))>S32,1,""))))) -> #N/A | Z32: =IF(M32="","",IF(AND(OR(Y32=3,Y32=9),L32<>"T"),1,"")) | AB32: =IF(AC32="C","",IF(AA32=1,1,""))
B33: 39.44 | C33: =Text!G114 -> Safeguarding children and young peoples services | D33: 0 | E33: 0 | H33: =IF(D33<0,1,IF(-E33>D33,2,"")) | K33: =B33 -> 39.44 | L33: =VLOOKUP("RA"&"_"&K33,RARows[],5,FALSE) -> 0 | M33: =IF(ISNUMBER(SEARCH($K$14,VLOOKUP("RA"&"_"&K33,RARows[],6,FALSE))),1,"") | P33: =VLOOKUP("RA"&"_"&UANumber&"_"&$B33&"_"&4&"_"&P$14,ValData!$AE$4:$AL$13475,8,FALSE) -> #N/A | Q33: =ROUND(VLOOKUP("RA"&"_"&UANumber&"_"&$B33&"_"&4&"_"&Q$14,ValData!$AE$4:$AL$13475,8,FALSE),3) -> #N/A | R33: =D33 -> 0 | S33: =IF(VLOOKUP("RA"&"_"&$B33,ValData!$AS$4:$AV$253,3,FALSE)<>"",VLOOKUP("RA"&"_"&$B33,ValData!$AS$4:$AV$253,3,FALSE),$Q$10) -> 500 | T33: =IF(VLOOKUP("RA"&"_"&$B33,ValData!$AS$4:$AV$253,4,FALSE)<>"",VLOOKUP("RA"&"_"&$B33,ValData!$AS$4:$AV$253,4,FALSE),$Q$11) -> 10 | U33: =R33-Q33 -> #N/A | V33: =IF(OR(Q33=0,R33=0),0,U33/Q33*100) -> #N/A | W33: =IF(Q33=0,1,"") -> #N/A | X33: =IF(R33=0,1,"") -> 1 | Y33: =IF(SUM(W33:X33)=2,"",IF(AND(SUM(W33:X33)=1,ABS(ROUND(U33,2))>S33),9,IF(AND(ABS(ROUND(U33,2))>S33,ABS(ROUND(V33,2))>T33),3,IF(ABS(ROUND(V33,2))>T33,2,IF(ABS(ROUND(U33,2))>S33,1,""))))) -> #N/A | Z33: =IF(M33="","",IF(AND(OR(Y33=3,Y33=9),L33<>"T"),1,"")) | AB33: =IF(AC33="C","",IF(AA33=1,1,""))
B34: 39.45 | C34: =Text!G115 -> Asylum seekers | D34: 0 | E34: 0 | H34: =IF(D34<0,1,IF(-E34>D34,2,"")) | K34: =B34 -> 39.45 | L34: =VLOOKUP("RA"&"_"&K34,RARows[],5,FALSE) -> 0 | M34: =IF(ISNUMBER(SEARCH($K$14,VLOOKUP("RA"&"_"&K34,RARows[],6,FALSE))),1,"") | P34: =VLOOKUP("RA"&"_"&UANumber&"_"&$B34&"_"&4&"_"&P$14,ValData!$AE$4:$AL$13475,8,FALSE) -> #N/A | Q34: =ROUND(VLOOKUP("RA"&"_"&UANumber&"_"&$B34&"_"&4&"_"&Q$14,ValData!$AE$4:$AL$13475,8,FALSE),3) -> #N/A | R34: =D34 -> 0 | S34: =IF(VLOOKUP("RA"&"_"&$B34,ValData!$AS$4:$AV$253,3,FALSE)<>"",VLOOKUP("RA"&"_"&$B34,ValData!$AS$4:$AV$253,3,FALSE),$Q$10) -> 500 | T34: =IF(VLOOKUP("RA"&"_"&$B34,ValData!$AS$4:$AV$253,4,FALSE)<>"",VLOOKUP("RA"&"_"&$B34,ValData!$AS$4:$AV$253,4,FALSE),$Q$11) -> 10 | U34: =R34-Q34 -> #N/A | V34: =IF(OR(Q34=0,R34=0),0,U34/Q34*100) -> #N/A | W34: =IF(Q34=0,1,"") -> #N/A | X34: =IF(R34=0,1,"") -> 1 | Y34: =IF(SUM(W34:X34)=2,"",IF(AND(SUM(W34:X34)=1,ABS(ROUND(U34,2))>S34),9,IF(AND(ABS(ROUND(U34,2))>S34,ABS(ROUND(V34,2))>T34),3,IF(ABS(ROUND(V34,2))>T34,2,IF(ABS(ROUND(U34,2))>S34,1,""))))) -> #N/A | Z34: =IF(M34="","",IF(AND(OR(Y34=3,Y34=9),L34<>"T"),1,"")) | AB34: =IF(AC34="C","",IF(AA34=1,1,""))
B35: 39.47 | C35: =Text!G116 -> Services for young people | D35: 0 | E35: 0 | H35: =IF(D35<0,1,IF(-E35>D35,2,"")) | K35: =B35 -> 39.47 | L35: =VLOOKUP("RA"&"_"&K35,RARows[],5,FALSE) -> 0 | M35: =IF(ISNUMBER(SEARCH($K$14,VLOOKUP("RA"&"_"&K35,RARows[],6,FALSE))),1,"") | P35: =VLOOKUP("RA"&"_"&UANumber&"_"&$B35&"_"&4&"_"&P$14,ValData!$AE$4:$AL$13475,8,FALSE) -> #N/A | Q35: =ROUND(VLOOKUP("RA"&"_"&UANumber&"_"&$B35&"_"&4&"_"&Q$14,ValData!$AE$4:$AL$13475,8,FALSE),3) -> #N/A | R35: =D35 -> 0 | S35: =IF(VLOOKUP("RA"&"_"&$B35,ValData!$AS$4:$AV$253,3,FALSE)<>"",VLOOKUP("RA"&"_"&$B35,ValData!$AS$4:$AV$253,3,FALSE),$Q$10) -> 500 | T35: =IF(VLOOKUP("RA"&"_"&$B35,ValData!$AS$4:$AV$253,4,FALSE)<>"",VLOOKUP("RA"&"_"&$B35,ValData!$AS$4:$AV$253,4,FALSE),$Q$11) -> 10 | U35: =R35-Q35 -> #N/A | V35: =IF(OR(Q35=0,R35=0),0,U35/Q35*100) -> #N/A | W35: =IF(Q35=0,1,"") -> #N/A | X35: =IF(R35=0,1,"") -> 1 | Y35: =IF(SUM(W35:X35)=2,"",IF(AND(SUM(W35:X35)=1,ABS(ROUND(U35,2))>S35),9,IF(AND(ABS(ROUND(U35,2))>S35,ABS(ROUND(V35,2))>T35),3,IF(ABS(ROUND(V35,2))>T35,2,IF(ABS(ROUND(U35,2))>S35,1,""))))) -> #N/A | Z35: =IF(M35="","",IF(AND(OR(Y35=3,Y35=9),L35<>"T"),1,"")) | AB35: =IF(AC35="C","",IF(AA35=1,1,""))
B36: 39.5 | C36: =Text!G117 -> Other children's and families' services | D36: 0 | E36: 0 | H36: =IF(D36<0,1,IF(-E36>D36,2,"")) | K36: =B36 -> 39.5 | L36: =VLOOKUP("RA"&"_"&K36,RARows[],5,FALSE) -> 0 | M36: =IF(ISNUMBER(SEARCH($K$14,VLOOKUP("RA"&"_"&K36,RARows[],6,FALSE))),1,"") | P36: =VLOOKUP("RA"&"_"&UANumber&"_"&$B36&"_"&4&"_"&P$14,ValData!$AE$4:$AL$13475,8,FALSE) -> #N/A | Q36: =ROUND(VLOOKUP("RA"&"_"&UANumber&"_"&$B36&"_"&4&"_"&Q$14,ValData!$AE$4:$AL$13475,8,FALSE),3) -> #N/A | R36: =D36 -> 0 | S36: =IF(VLOOKUP("RA"&"_"&$B36,ValData!$AS$4:$AV$253,3,FALSE)<>"",VLOOKUP("RA"&"_"&$B36,ValData!$AS$4:$AV$253,3,FALSE),$Q$10) -> 500 | T36: =IF(VLOOKUP("RA"&"_"&$B36,ValData!$AS$4:$AV$253,4,FALSE)<>"",VLOOKUP("RA"&"_"&$B36,ValData!$AS$4:$AV$253,4,FALSE),$Q$11) -> 10 | U36: =R36-Q36 -> #N/A | V36: =IF(OR(Q36=0,R36=0),0,U36/Q36*100) -> #N/A | W36: =IF(Q36=0,1,"") -> #N/A | X36: =IF(R36=0,1,"") -> 1 | Y36: =IF(SUM(W36:X36)=2,"",IF(AND(SUM(W36:X36)=1,ABS(ROUND(U36,2))>S36),9,IF(AND(ABS(ROUND(U36,2))>S36,ABS(ROUND(V36,2))>T36),3,IF(ABS(ROUND(V36,2))>T36,2,IF(ABS(ROUND(U36,2))>S36,1,""))))) -> #N/A | Z36: =IF(M36="","",IF(AND(OR(Y36=3,Y36=9),L36<>"T"),1,"")) | AB36: =IF(AC36="C","",IF(AA36=1,1,""))
B37: =Text!G118 -> Adult Social Care | H37: =ValData!AP69 -> Unitaries | M37: =IF(ISNUMBER(SEARCH($K$14,VLOOKUP("RA"&"_"&K37,RARows[],6,FALSE))),1,"") | Z37: =IF(M37="","",IF(AND(OR(Y37=3,Y37=9),L37<>"T"),1,""))
B38: 39.8 | C38: =Text!G119 -> Service strategy - adults social care | D38: 0 | E38: 0 | H38: =IF(D38<0,1,IF(-E38>D38,2,"")) | K38: =B38 -> 39.8 | L38: =VLOOKUP("RA"&"_"&K38,RARows[],5,FALSE) -> 0 | M38: =IF(ISNUMBER(SEARCH($K$14,VLOOKUP("RA"&"_"&K38,RARows[],6,FALSE))),1,"") | P38: =VLOOKUP("RA"&"_"&UANumber&"_"&$B38&"_"&4&"_"&P$14,ValData!$AE$4:$AL$13475,8,FALSE) -> #N/A | Q38: =ROUND(VLOOKUP("RA"&"_"&UANumber&"_"&$B38&"_"&4&"_"&Q$14,ValData!$AE$4:$AL$13475,8,FALSE),3) -> #N/A | R38: =D38 -> 0 | S38: =IF(VLOOKUP("RA"&"_"&$B38,ValData!$AS$4:$AV$253,3,FALSE)<>"",VLOOKUP("RA"&"_"&$B38,ValData!$AS$4:$AV$253,3,FALSE),$Q$10) -> 500 | T38: =IF(VLOOKUP("RA"&"_"&$B38,ValData!$AS$4:$AV$253,4,FALSE)<>"",VLOOKUP("RA"&"_"&$B38,ValData!$AS$4:$AV$253,4,FALSE),$Q$11) -> 10 | U38: =R38-Q38 -> #N/A | V38: =IF(OR(Q38=0,R38=0),0,U38/Q38*100) -> #N/A | W38: =IF(Q38=0,1,"") -> #N/A | X38: =IF(R38=0,1,"") -> 1 | Y38: =IF(SUM(W38:X38)=2,"",IF(AND(SUM(W38:X38)=1,ABS(ROUND(U38,2))>S38),9,IF(AND(ABS(ROUND(U38,2))>S38,ABS(ROUND(V38,2))>T38),3,IF(ABS(ROUND(V38,2))>T38,2,IF(ABS(ROUND(U38,2))>S38,1,""))))) -> #N/A | Z38: =IF(M38="","",IF(AND(OR(Y38=3,Y38=9),L38<>"T"),1,"")) | AB38: =IF(AC38="C","",IF(AA38=1,1,""))
B39: 40 | C39: =Text!G120 -> Older people (aged 65 or over) including older mentally ill | D39: 0 | E39: 0 | H39: =IF(D39<0,1,IF(-E39>D39,2,"")) | K39: =B39 -> 40 | L39: =VLOOKUP("RA"&"_"&K39,RARows[],5,FALSE) -> 0 | M39: =IF(ISNUMBER(SEARCH($K$14,VLOOKUP("RA"&"_"&K39,RARows[],6,FALSE))),1,"") | P39: =VLOOKUP("RA"&"_"&UANumber&"_"&$B39&"_"&4&"_"&P$14,ValData!$AE$4:$AL$13475,8,FALSE) -> #N/A | Q39: =ROUND(VLOOKUP("RA"&"_"&UANumber&"_"&$B39&"_"&4&"_"&Q$14,ValData!$AE$4:$AL$13475,8,FALSE),3) -> #N/A | R39: =D39 -> 0 | S39: =IF(VLOOKUP("RA"&"_"&$B39,ValData!$AS$4:$AV$253,3,FALSE)<>"",VLOOKUP("RA"&"_"&$B39,ValData!$AS$4:$AV$253,3,FALSE),$Q$10) -> 500 | T39: =IF(VLOOKUP("RA"&"_"&$B39,ValData!$AS$4:$AV$253,4,FALSE)<>"",VLOOKUP("RA"&"_"&$B39,ValData!$AS$4:$AV$253,4,FALSE),$Q$11) -> 10 | U39: =R39-Q39 -> #N/A | V39: =IF(OR(Q39=0,R39=0),0,U39/Q39*100) -> #N/A | W39: =IF(Q39=0,1,"") -> #N/A | X39: =IF(R39=0,1,"") -> 1 | Y39: =IF(SUM(W39:X39)=2,"",IF(AND(SUM(W39:X39)=1,ABS(ROUND(U39,2))>S39),9,IF(AND(ABS(ROUND(U39,2))>S39,ABS(ROUND(V39,2))>T39),3,IF(ABS(ROUND(V39,2))>T39,2,IF(ABS(ROUND(U39,2))>S39,1,""))))) -> #N/A | Z39: =IF(M39="","",IF(AND(OR(Y39=3,Y39=9),L39<>"T"),1,"")) | AB39: =IF(AC39="C","",IF(AA39=1,1,""))
B40: 41 | C40: =Text!G121 -> Adults aged under 65 with a physical disability or sensory impairment | D40: 0 | E40: 0 | H40: =IF(D40<0,1,IF(-E40>D40,2,"")) | K40: =B40 -> 41 | L40: =VLOOKUP("RA"&"_"&K40,RARows[],5,FALSE) -> 0 | M40: =IF(ISNUMBER(SEARCH($K$14,VLOOKUP("RA"&"_"&K40,RARows[],6,FALSE))),1,"") | P40: =VLOOKUP("RA"&"_"&UANumber&"_"&$B40&"_"&4&"_"&P$14,ValData!$AE$4:$AL$13475,8,FALSE) -> #N/A | Q40: =ROUND(VLOOKUP("RA"&"_"&UANumber&"_"&$B40&"_"&4&"_"&Q$14,ValData!$AE$4:$AL$13475,8,FALSE),3) -> #N/A | R40: =D40 -> 0 | S40: =IF(VLOOKUP("RA"&"_"&$B40,ValData!$AS$4:$AV$253,3,FALSE)<>"",VLOOKUP("RA"&"_"&$B40,ValData!$AS$4:$AV$253,3,FALSE),$Q$10) -> 500 | T40: =IF(VLOOKUP("RA"&"_"&$B40,ValData!$AS$4:$AV$253,4,FALSE)<>"",VLOOKUP("RA"&"_"&$B40,ValData!$AS$4:$AV$253,4,FALSE),$Q$11) -> 10 | U40: =R40-Q40 -> #N/A | V40: =IF(OR(Q40=0,R40=0),0,U40/Q40*100) -> #N/A | W40: =IF(Q40=0,1,"") -> #N/A | X40: =IF(R40=0,1,"") -> 1 | Y40: =IF(SUM(W40:X40)=2,"",IF(AND(SUM(W40:X40)=1,ABS(ROUND(U40,2))>S40),9,IF(AND(ABS(ROUND(U40,2))>S40,ABS(ROUND(V40,2))>T40),3,IF(ABS(ROUND(V40,2))>T40,2,IF(ABS(ROUND(U40,2))>S40,1,""))))) -> #N/A | Z40: =IF(M40="","",IF(AND(OR(Y40=3,Y40=9),L40<>"T"),1,"")) | AB40: =IF(AC40="C","",IF(AA40=1,1,""))
B41: 42 | C41: =Text!G122 -> Adults aged under 65 with learning disabilities | D41: 0 | E41: 0 | H41: =IF(D41<0,1,IF(-E41>D41,2,"")) | K41: =B41 -> 42 | L41: =VLOOKUP("RA"&"_"&K41,RARows[],5,FALSE) -> 0 | M41: =IF(ISNUMBER(SEARCH($K$14,VLOOKUP("RA"&"_"&K41,RARows[],6,FALSE))),1,"") | P41: =VLOOKUP("RA"&"_"&UANumber&"_"&$B41&"_"&4&"_"&P$14,ValData!$AE$4:$AL$13475,8,FALSE) -> #N/A | Q41: =ROUND(VLOOKUP("RA"&"_"&UANumber&"_"&$B41&"_"&4&"_"&Q$14,ValData!$AE$4:$AL$13475,8,FALSE),3) -> #N/A | R41: =D41 -> 0 | S41: =IF(VLOOKUP("RA"&"_"&$B41,ValData!$AS$4:$AV$253,3,FALSE)<>"",VLOOKUP("RA"&"_"&$B41,ValData!$AS$4:$AV$253,3,FALSE),$Q$10) -> 500 | T41: =IF(VLOOKUP("RA"&"_"&$B41,ValData!$AS$4:$AV$253,4,FALSE)<>"",VLOOKUP("RA"&"_"&$B41,ValData!$AS$4:$AV$253,4,FALSE),$Q$11) -> 10 | U41: =R41-Q41 -> #N/A | V41: =IF(OR(Q41=0,R41=0),0,U41/Q41*100) -> #N/A | W41: =IF(Q41=0,1,"") -> #N/A | X41: =IF(R41=0,1,"") -> 1 | Y41: =IF(SUM(W41:X41)=2,"",IF(AND(SUM(W41:X41)=1,ABS(ROUND(U41,2))>S41),9,IF(AND(ABS(ROUND(U41,2))>S41,ABS(ROUND(V41,2))>T41),3,IF(ABS(ROUND(V41,2))>T41,2,IF(ABS(ROUND(U41,2))>S41,1,""))))) -> #N/A | Z41: =IF(M41="","",IF(AND(OR(Y41=3,Y41=9),L41<>"T"),1,"")) | AB41: =IF(AC41="C","",IF(AA41=1,1,""))
B42: 43 | C42: =Text!G123 -> Adults aged under 65 with mental health needs | D42: 0 | E42: 0 | H42: =IF(D42<0,1,IF(-E42>D42,2,"")) | K42: =B42 -> 43 | L42: =VLOOKUP("RA"&"_"&K42,RARows[],5,FALSE) -> 0 | M42: =IF(ISNUMBER(SEARCH($K$14,VLOOKUP("RA"&"_"&K42,RARows[],6,FALSE))),1,"") | P42: =VLOOKUP("RA"&"_"&UANumber&"_"&$B42&"_"&4&"_"&P$14,ValData!$AE$4:$AL$13475,8,FALSE) -> #N/A | Q42: =ROUND(VLOOKUP("RA"&"_"&UANumber&"_"&$B42&"_"&4&"_"&Q$14,ValData!$AE$4:$AL$13475,8,FALSE),3) -> #N/A | R42: =D42 -> 0 | S42: =IF(VLOOKUP("RA"&"_"&$B42,ValData!$AS$4:$AV$253,3,FALSE)<>"",VLOOKUP("RA"&"_"&$B42,ValData!$AS$4:$AV$253,3,FALSE),$Q$10) -> 500 | T42: =IF(VLOOKUP("RA"&"_"&$B42,ValData!$AS$4:$AV$253,4,FALSE)<>"",VLOOKUP("RA"&"_"&$B42,ValData!$AS$4:$AV$253,4,FALSE),$Q$11) -> 10 | U42: =R42-Q42 -> #N/A | V42: =IF(OR(Q42=0,R42=0),0,U42/Q42*100) -> #N/A | W42: =IF(Q42=0,1,"") -> #N/A | X42: =IF(R42=0,1,"") -> 1 | Y42: =IF(SUM(W42:X42)=2,"",IF(AND(SUM(W42:X42)=1,ABS(ROUND(U42,2))>S42),9,IF(AND(ABS(ROUND(U42,2))>S42,ABS(ROUND(V42,2))>T42),3,IF(ABS(ROUND(V42,2))>T42,2,IF(ABS(ROUND(U42,2))>S42,1,""))))) -> #N/A | Z42: =IF(M42="","",IF(AND(OR(Y42=3,Y42=9),L42<>"T"),1,"")) | AB42: =IF(AC42="C","",IF(AA42=1,1,""))
B43: 46 | C43: =Text!G124 -> Other adult social services | D43: 0 | E43: 0 | H43: =IF(D43<0,1,IF(-E43>D43,2,"")) | K43: =B43 -> 46 | L43: =VLOOKUP("RA"&"_"&K43,RARows[],5,FALSE) -> 0 | M43: =IF(ISNUMBER(SEARCH($K$14,VLOOKUP("RA"&"_"&K43,RARows[],6,FALSE))),1,"") | P43: =VLOOKUP("RA"&"_"&UANumber&"_"&$B43&"_"&4&"_"&P$14,ValData!$AE$4:$AL$13475,8,FALSE) -> #N/A | Q43: =ROUND(VLOOKUP("RA"&"_"&UANumber&"_"&$B43&"_"&4&"_"&Q$14,ValData!$AE$4:$AL$13475,8,FALSE),3) -> #N/A | R43: =D43 -> 0 | S43: =IF(VLOOKUP("RA"&"_"&$B43,ValData!$AS$4:$AV$253,3,FALSE)<>"",VLOOKUP("RA"&"_"&$B43,ValData!$AS$4:$AV$253,3,FALSE),$Q$10) -> 500 | T43: =IF(VLOOKUP("RA"&"_"&$B43,ValData!$AS$4:$AV$253,4,FALSE)<>"",VLOOKUP("RA"&"_"&$B43,ValData!$AS$4:$AV$253,4,FALSE),$Q$11) -> 10 | U43: =R43-Q43 -> #N/A | V43: =IF(OR(Q43=0,R43=0),0,U43/Q43*100) -> #N/A | W43: =IF(Q43=0,1,"") -> #N/A | X43: =IF(R43=0,1,"") -> 1 | Y43: =IF(SUM(W43:X43)=2,"",IF(AND(SUM(W43:X43)=1,ABS(ROUND(U43,2))>S43),9,IF(AND(ABS(ROUND(U43,2))>S43,ABS(ROUND(V43,2))>T43),3,IF(ABS(ROUND(V43,2))>T43,2,IF(ABS(ROUND(U43,2))>S43,1,""))))) -> #N/A | Z43: =IF(M43="","",IF(AND(OR(Y43=3,Y43=9),L43<>"T"),1,"")) | AB43: =IF(AC43="C","",IF(AA43=1,1,""))
B44: =Text!G125 -> Cultural Services | H44: =ValData!AP69 -> Unitaries | M44: =IF(ISNUMBER(SEARCH($K$14,VLOOKUP("RA"&"_"&K44,RARows[],6,FALSE))),1,"") | Z44: =IF(M44="","",IF(AND(OR(Y44=3,Y44=9),L44<>"T"),1,""))
B45: 47 | C45: =Text!G126 -> Culture and heritage | D45: 0 | E45: 0 | H45: =IF(D45<0,1,IF(-E45>D45,2,"")) | K45: =B45 -> 47 | L45: =VLOOKUP("RA"&"_"&K45,RARows[],5,FALSE) -> 0 | M45: =IF(ISNUMBER(SEARCH($K$14,VLOOKUP("RA"&"_"&K45,RARows[],6,FALSE))),1,"") | P45: =VLOOKUP("RA"&"_"&UANumber&"_"&$B45&"_"&4&"_"&P$14,ValData!$AE$4:$AL$13475,8,FALSE) -> #N/A | Q45: =ROUND(VLOOKUP("RA"&"_"&UANumber&"_"&$B45&"_"&4&"_"&Q$14,ValData!$AE$4:$AL$13475,8,FALSE),3) -> #N/A | R45: =D45 -> 0 | S45: =IF(VLOOKUP("RA"&"_"&$B45,ValData!$AS$4:$AV$253,3,FALSE)<>"",VLOOKUP("RA"&"_"&$B45,ValData!$AS$4:$AV$253,3,FALSE),$Q$10) -> 500 | T45: =IF(VLOOKUP("RA"&"_"&$B45,ValData!$AS$4:$AV$253,4,FALSE)<>"",VLOOKUP("RA"&"_"&$B45,ValData!$AS$4:$AV$253,4,FALSE),$Q$11) -> 10 | U45: =R45-Q45 -> #N/A | V45: =IF(OR(Q45=0,R45=0),0,U45/Q45*100) -> #N/A | W45: =IF(Q45=0,1,"") -> #N/A | X45: =IF(R45=0,1,"") -> 1 | Y45: =IF(SUM(W45:X45)=2,"",IF(AND(SUM(W45:X45)=1,ABS(ROUND(U45,2))>S45),9,IF(AND(ABS(ROUND(U45,2))>S45,ABS(ROUND(V45,2))>T45),3,IF(ABS(ROUND(V45,2))>T45,2,IF(ABS(ROUND(U45,2))>S45,1,""))))) -> #N/A | Z45: =IF(M45="","",IF(AND(OR(Y45=3,Y45=9),L45<>"T"),1,"")) | AB45: =IF(AC45="C","",IF(AA45=1,1,""))
B46: 48 | C46: =Text!G127 -> Library service | D46: 0 | E46: 0 | H46: =IF(D46<0,1,IF(-E46>D46,2,"")) | K46: =B46 -> 48 | L46: =VLOOKUP("RA"&"_"&K46,RARows[],5,FALSE) -> 0 | M46: =IF(ISNUMBER(SEARCH($K$14,VLOOKUP("RA"&"_"&K46,RARows[],6,FALSE))),1,"") | P46: =VLOOKUP("RA"&"_"&UANumber&"_"&$B46&"_"&4&"_"&P$14,ValData!$AE$4:$AL$13475,8,FALSE) -> #N/A | Q46: =ROUND(VLOOKUP("RA"&"_"&UANumber&"_"&$B46&"_"&4&"_"&Q$14,ValData!$AE$4:$AL$13475,8,FALSE),3) -> #N/A | R46: =D46 -> 0 | S46: =IF(VLOOKUP("RA"&"_"&$B46,ValData!$AS$4:$AV$253,3,FALSE)<>"",VLOOKUP("RA"&"_"&$B46,ValData!$AS$4:$AV$253,3,FALSE),$Q$10) -> 500 | T46: =IF(VLOOKUP("RA"&"_"&$B46,ValData!$AS$4:$AV$253,4,FALSE)<>"",VLOOKUP("RA"&"_"&$B46,ValData!$AS$4:$AV$253,4,FALSE),$Q$11) -> 10 | U46: =R46-Q46 -> #N/A | V46: =IF(OR(Q46=0,R46=0),0,U46/Q46*100) -> #N/A | W46: =IF(Q46=0,1,"") -> #N/A | X46: =IF(R46=0,1,"") -> 1 | Y46: =IF(SUM(W46:X46)=2,"",IF(AND(SUM(W46:X46)=1,ABS(ROUND(U46,2))>S46),9,IF(AND(ABS(ROUND(U46,2))>S46,ABS(ROUND(V46,2))>T46),3,IF(ABS(ROUND(V46,2))>T46,2,IF(ABS(ROUND(U46,2))>S46,1,""))))) -> #N/A | Z46: =IF(M46="","",IF(AND(OR(Y46=3,Y46=9),L46<>"T"),1,"")) | AB46: =IF(AC46="C","",IF(AA46=1,1,""))
B47: 49 | C47: =Text!G128 -> Recreation and sport | D47: 0 | E47: 0 | H47: =IF(D47<0,1,IF(-E47>D47,2,"")) | K47: =B47 -> 49 | L47: =VLOOKUP("RA"&"_"&K47,RARows[],5,FALSE) -> 0 | M47: =IF(ISNUMBER(SEARCH($K$14,VLOOKUP("RA"&"_"&K47,RARows[],6,FALSE))),1,"") | P47: =VLOOKUP("RA"&"_"&UANumber&"_"&$B47&"_"&4&"_"&P$14,ValData!$AE$4:$AL$13475,8,FALSE) -> #N/A | Q47: =ROUND(VLOOKUP("RA"&"_"&UANumber&"_"&$B47&"_"&4&"_"&Q$14,ValData!$AE$4:$AL$13475,8,FALSE),3) -> #N/A | R47: =D47 -> 0 | S47: =IF(VLOOKUP("RA"&"_"&$B47,ValData!$AS$4:$AV$253,3,FALSE)<>"",VLOOKUP("RA"&"_"&$B47,ValData!$AS$4:$AV$253,3,FALSE),$Q$10) -> 500 | T47: =IF(VLOOKUP("RA"&"_"&$B47,ValData!$AS$4:$AV$253,4,FALSE)<>"",VLOOKUP("RA"&"_"&$B47,ValData!$AS$4:$AV$253,4,FALSE),$Q$11) -> 10 | U47: =R47-Q47 -> #N/A | V47: =IF(OR(Q47=0,R47=0),0,U47/Q47*100) -> #N/A | W47: =IF(Q47=0,1,"") -> #N/A | X47: =IF(R47=0,1,"") -> 1 | Y47: =IF(SUM(W47:X47)=2,"",IF(AND(SUM(W47:X47)=1,ABS(ROUND(U47,2))>S47),9,IF(AND(ABS(ROUND(U47,2))>S47,ABS(ROUND(V47,2))>T47),3,IF(ABS(ROUND(V47,2))>T47,2,IF(ABS(ROUND(U47,2))>S47,1,""))))) -> #N/A | Z47: =IF(M47="","",IF(AND(OR(Y47=3,Y47=9),L47<>"T"),1,"")) | AB47: =IF(AC47="C","",IF(AA47=1,1,""))
B48: 50 | C48: =Text!G129 -> Open spaces | D48: 0 | E48: 0 | H48: =IF(D48<0,1,IF(-E48>D48,2,"")) | K48: =B48 -> 50 | L48: =VLOOKUP("RA"&"_"&K48,RARows[],5,FALSE) -> 0 | M48: =IF(ISNUMBER(SEARCH($K$14,VLOOKUP("RA"&"_"&K48,RARows[],6,FALSE))),1,"") | P48: =VLOOKUP("RA"&"_"&UANumber&"_"&$B48&"_"&4&"_"&P$14,ValData!$AE$4:$AL$13475,8,FALSE) -> #N/A | Q48: =ROUND(VLOOKUP("RA"&"_"&UANumber&"_"&$B48&"_"&4&"_"&Q$14,ValData!$AE$4:$AL$13475,8,FALSE),3) -> #N/A | R48: =D48 -> 0 | S48: =IF(VLOOKUP("RA"&"_"&$B48,ValData!$AS$4:$AV$253,3,FALSE)<>"",VLOOKUP("RA"&"_"&$B48,ValData!$AS$4:$AV$253,3,FALSE),$Q$10) -> 500 | T48: =IF(VLOOKUP("RA"&"_"&$B48,ValData!$AS$4:$AV$253,4,FALSE)<>"",VLOOKUP("RA"&"_"&$B48,ValData!$AS$4:$AV$253,4,FALSE),$Q$11) -> 10 | U48: =R48-Q48 -> #N/A | V48: =IF(OR(Q48=0,R48=0),0,U48/Q48*100) -> #N/A | W48: =IF(Q48=0,1,"") -> #N/A | X48: =IF(R48=0,1,"") -> 1 | Y48: =IF(SUM(W48:X48)=2,"",IF(AND(SUM(W48:X48)=1,ABS(ROUND(U48,2))>S48),9,IF(AND(ABS(ROUND(U48,2))>S48,ABS(ROUND(V48,2))>T48),3,IF(ABS(ROUND(V48,2))>T48,2,IF(ABS(ROUND(U48,2))>S48,1,""))))) -> #N/A | Z48: =IF(M48="","",IF(AND(OR(Y48=3,Y48=9),L48<>"T"),1,"")) | AB48: =IF(AC48="C","",IF(AA48=1,1,""))
B49: 51 | C49: =Text!G130 -> Tourism | D49: 0 | E49: 0 | H49: =IF(D49<0,1,IF(-E49>D49,2,"")) | K49: =B49 -> 51 | L49: =VLOOKUP("RA"&"_"&K49,RARows[],5,FALSE) -> 0 | M49: =IF(ISNUMBER(SEARCH($K$14,VLOOKUP("RA"&"_"&K49,RARows[],6,FALSE))),1,"") | P49: =VLOOKUP("RA"&"_"&UANumber&"_"&$B49&"_"&4&"_"&P$14,ValData!$AE$4:$AL$13475,8,FALSE) -> #N/A | Q49: =ROUND(VLOOKUP("RA"&"_"&UANumber&"_"&$B49&"_"&4&"_"&Q$14,ValData!$AE$4:$AL$13475,8,FALSE),3) -> #N/A | R49: =D49 -> 0 | S49: =IF(VLOOKUP("RA"&"_"&$B49,ValData!$AS$4:$AV$253,3,FALSE)<>"",VLOOKUP("RA"&"_"&$B49,ValData!$AS$4:$AV$253,3,FALSE),$Q$10) -> 500 | T49: =IF(VLOOKUP("RA"&"_"&$B49,ValData!$AS$4:$AV$253,4,FALSE)<>"",VLOOKUP("RA"&"_"&$B49,ValData!$AS$4:$AV$253,4,FALSE),$Q$11) -> 10 | U49: =R49-Q49 -> #N/A | V49: =IF(OR(Q49=0,R49=0),0,U49/Q49*100) -> #N/A | W49: =IF(Q49=0,1,"") -> #N/A | X49: =IF(R49=0,1,"") -> 1 | Y49: =IF(SUM(W49:X49)=2,"",IF(AND(SUM(W49:X49)=1,ABS(ROUND(U49,2))>S49),9,IF(AND(ABS(ROUND(U49,2))>S49,ABS(ROUND(V49,2))>T49),3,IF(ABS(ROUND(V49,2))>T49,2,IF(ABS(ROUND(U49,2))>S49,1,""))))) -> #N/A | Z49: =IF(M49="","",IF(AND(OR(Y49=3,Y49=9),L49<>"T"),1,"")) | AB49: =IF(AC49="C","",IF(AA49=1,1,""))
B50: =Text!G131 -> Environmental Services | H50: =ValData!AP69 -> Unitaries | M50: =IF(ISNUMBER(SEARCH($K$14,VLOOKUP("RA"&"_"&K50,RARows[],6,FALSE))),1,"") | Z50: =IF(M50="","",IF(AND(OR(Y50=3,Y50=9),L50<>"T"),1,""))
B51: 52 | C51: =Text!G132 -> Cemetery, cremation and mortuary services | D51: 0 | E51: 0 | H51: =IF(D51<0,1,IF(-E51>D51,2,"")) | K51: =B51 -> 52 | L51: =VLOOKUP("RA"&"_"&K51,RARows[],5,FALSE) -> 0 | M51: =IF(ISNUMBER(SEARCH($K$14,VLOOKUP("RA"&"_"&K51,RARows[],6,FALSE))),1,"") | P51: =VLOOKUP("RA"&"_"&UANumber&"_"&$B51&"_"&4&"_"&P$14,ValData!$AE$4:$AL$13475,8,FALSE) -> #N/A | Q51: =ROUND(VLOOKUP("RA"&"_"&UANumber&"_"&$B51&"_"&4&"_"&Q$14,ValData!$AE$4:$AL$13475,8,FALSE),3) -> #N/A | R51: =D51 -> 0 | S51: =IF(VLOOKUP("RA"&"_"&$B51,ValData!$AS$4:$AV$253,3,FALSE)<>"",VLOOKUP("RA"&"_"&$B51,ValData!$AS$4:$AV$253,3,FALSE),$Q$10) -> 500 | T51: =IF(VLOOKUP("RA"&"_"&$B51,ValData!$AS$4:$AV$253,4,FALSE)<>"",VLOOKUP("RA"&"_"&$B51,ValData!$AS$4:$AV$253,4,FALSE),$Q$11) -> 10 | U51: =R51-Q51 -> #N/A | V51: =IF(OR(Q51=0,R51=0),0,U51/Q51*100) -> #N/A | W51: =IF(Q51=0,1,"") -> #N/A | X51: =IF(R51=0,1,"") -> 1 | Y51: =IF(SUM(W51:X51)=2,"",IF(AND(SUM(W51:X51)=1,ABS(ROUND(U51,2))>S51),9,IF(AND(ABS(ROUND(U51,2))>S51,ABS(ROUND(V51,2))>T51),3,IF(ABS(ROUND(V51,2))>T51,2,IF(ABS(ROUND(U51,2))>S51,1,""))))) -> #N/A | Z51: =IF(M51="","",IF(AND(OR(Y51=3,Y51=9),L51<>"T"),1,"")) | AB51: =IF(AC51="C","",IF(AA51=1,1,""))
B52: 53 | C52: =Text!G133 -> Coast protection | D52: 0 | E52: 0 | H52: =IF(D52<0,1,IF(-E52>D52,2,"")) | K52: =B52 -> 53 | L52: =VLOOKUP("RA"&"_"&K52,RARows[],5,FALSE) -> 0 | M52: =IF(ISNUMBER(SEARCH($K$14,VLOOKUP("RA"&"_"&K52,RARows[],6,FALSE))),1,"") | P52: =VLOOKUP("RA"&"_"&UANumber&"_"&$B52&"_"&4&"_"&P$14,ValData!$AE$4:$AL$13475,8,FALSE) -> #N/A | Q52: =ROUND(VLOOKUP("RA"&"_"&UANumber&"_"&$B52&"_"&4&"_"&Q$14,ValData!$AE$4:$AL$13475,8,FALSE),3) -> #N/A | R52: =D52 -> 0 | S52: =IF(VLOOKUP("RA"&"_"&$B52,ValData!$AS$4:$AV$253,3,FALSE)<>"",VLOOKUP("RA"&"_"&$B52,ValData!$AS$4:$AV$253,3,FALSE),$Q$10) -> 500 | T52: =IF(VLOOKUP("RA"&"_"&$B52,ValData!$AS$4:$AV$253,4,FALSE)<>"",VLOOKUP("RA"&"_"&$B52,ValData!$AS$4:$AV$253,4,FALSE),$Q$11) -> 10 | U52: =R52-Q52 -> #N/A | V52: =IF(OR(Q52=0,R52=0),0,U52/Q52*100) -> #N/A | W52: =IF(Q52=0,1,"") -> #N/A | X52: =IF(R52=0,1,"") -> 1 | Y52: =IF(SUM(W52:X52)=2,"",IF(AND(SUM(W52:X52)=1,ABS(ROUND(U52,2))>S52),9,IF(AND(ABS(ROUND(U52,2))>S52,ABS(ROUND(V52,2))>T52),3,IF(ABS(ROUND(V52,2))>T52,2,IF(ABS(ROUND(U52,2))>S52,1,""))))) -> #N/A | Z52: =IF(M52="","",IF(AND(OR(Y52=3,Y52=9),L52<>"T"),1,"")) | AB52: =IF(AC52="C","",IF(AA52=1,1,""))
B53: 54 | C53: =Text!G134 -> Regulatory services - Environmental Health (including food safety and housing standards) | D53: 0 | E53: 0 | H53: =IF(D53<0,1,IF(-E53>D53,2,"")) | K53: =B53 -> 54 | L53: =VLOOKUP("RA"&"_"&K53,RARows[],5,FALSE) -> 0 | M53: =IF(ISNUMBER(SEARCH($K$14,VLOOKUP("RA"&"_"&K53,RARows[],6,FALSE))),1,"") | P53: =VLOOKUP("RA"&"_"&UANumber&"_"&$B53&"_"&4&"_"&P$14,ValData!$AE$4:$AL$13475,8,FALSE) -> #N/A | Q53: =ROUND(VLOOKUP("RA"&"_"&UANumber&"_"&$B53&"_"&4&"_"&Q$14,ValData!$AE$4:$AL$13475,8,FALSE),3) -> #N/A | R53: =D53 -> 0 | S53: =IF(VLOOKUP("RA"&"_"&$B53,ValData!$AS$4:$AV$253,3,FALSE)<>"",VLOOKUP("RA"&"_"&$B53,ValData!$AS$4:$AV$253,3,FALSE),$Q$10) -> 500 | T53: =IF(VLOOKUP("RA"&"_"&$B53,ValData!$AS$4:$AV$253,4,FALSE)<>"",VLOOKUP("RA"&"_"&$B53,ValData!$AS$4:$AV$253,4,FALSE),$Q$11) -> 10 | U53: =R53-Q53 -> #N/A | V53: =IF(OR(Q53=0,R53=0),0,U53/Q53*100) -> #N/A | W53: =IF(Q53=0,1,"") -> #N/A | X53: =IF(R53=0,1,"") -> 1 | Y53: =IF(SUM(W53:X53)=2,"",IF(AND(SUM(W53:X53)=1,ABS(ROUND(U53,2))>S53),9,IF(AND(ABS(ROUND(U53,2))>S53,ABS(ROUND(V53,2))>T53),3,IF(ABS(ROUND(V53,2))>T53,2,IF(ABS(ROUND(U53,2))>S53,1,""))))) -> #N/A | Z53: =IF(M53="","",IF(AND(OR(Y53=3,Y53=9),L53<>"T"),1,"")) | AB53: =IF(AC53="C","",IF(AA53=1,1,""))
B54: 58 | C54: =Text!G135 -> Street cleansing (not chargeable to highways) | D54: 0 | E54: 0 | H54: =IF(D54<0,1,IF(-E54>D54,2,"")) | K54: =B54 -> 58 | L54: =VLOOKUP("RA"&"_"&K54,RARows[],5,FALSE) -> 0 | M54: =IF(ISNUMBER(SEARCH($K$14,VLOOKUP("RA"&"_"&K54,RARows[],6,FALSE))),1,"") | P54: =VLOOKUP("RA"&"_"&UANumber&"_"&$B54&"_"&4&"_"&P$14,ValData!$AE$4:$AL$13475,8,FALSE) -> #N/A | Q54: =ROUND(VLOOKUP("RA"&"_"&UANumber&"_"&$B54&"_"&4&"_"&Q$14,ValData!$AE$4:$AL$13475,8,FALSE),3) -> #N/A | R54: =D54 -> 0 | S54: =IF(VLOOKUP("RA"&"_"&$B54,ValData!$AS$4:$AV$253,3,FALSE)<>"",VLOOKUP("RA"&"_"&$B54,ValData!$AS$4:$AV$253,3,FALSE),$Q$10) -> 500 | T54: =IF(VLOOKUP("RA"&"_"&$B54,ValData!$AS$4:$AV$253,4,FALSE)<>"",VLOOKUP("RA"&"_"&$B54,ValData!$AS$4:$AV$253,4,FALSE),$Q$11) -> 10 | U54: =R54-Q54 -> #N/A | V54: =IF(OR(Q54=0,R54=0),0,U54/Q54*100) -> #N/A | W54: =IF(Q54=0,1,"") -> #N/A | X54: =IF(R54=0,1,"") -> 1 | Y54: =IF(SUM(W54:X54)=2,"",IF(AND(SUM(W54:X54)=1,ABS(ROUND(U54,2))>S54),9,IF(AND(ABS(ROUND(U54,2))>S54,ABS(ROUND(V54,2))>T54),3,IF(ABS(ROUND(V54,2))>T54,2,IF(ABS(ROUND(U54,2))>S54,1,""))))) -> #N/A | Z54: =IF(M54="","",IF(AND(OR(Y54=3,Y54=9),L54<>"T"),1,"")) | AB54: =IF(AC54="C","",IF(AA54=1,1,""))
B55: 59.2 | C55: =Text!G136 -> Community safety (safety services) | D55: 0 | E55: 0 | H55: =IF(D55<0,1,IF(-E55>D55,2,"")) | K55: =B55 -> 59.2 | L55: =VLOOKUP("RA"&"_"&K55,RARows[],5,FALSE) -> 0 | M55: =IF(ISNUMBER(SEARCH($K$14,VLOOKUP("RA"&"_"&K55,RARows[],6,FALSE))),1,"") | P55: =VLOOKUP("RA"&"_"&UANumber&"_"&$B55&"_"&4&"_"&P$14,ValData!$AE$4:$AL$13475,8,FALSE) -> #N/A | Q55: =ROUND(VLOOKUP("RA"&"_"&UANumber&"_"&$B55&"_"&4&"_"&Q$14,ValData!$AE$4:$AL$13475,8,FALSE),3) -> #N/A | R55: =D55 -> 0 | S55: =IF(VLOOKUP("RA"&"_"&$B55,ValData!$AS$4:$AV$253,3,FALSE)<>"",VLOOKUP("RA"&"_"&$B55,ValData!$AS$4:$AV$253,3,FALSE),$Q$10) -> 500 | T55: =IF(VLOOKUP("RA"&"_"&$B55,ValData!$AS$4:$AV$253,4,FALSE)<>"",VLOOKUP("RA"&"_"&$B55,ValData!$AS$4:$AV$253,4,FALSE),$Q$11) -> 10 | U55: =R55-Q55 -> #N/A | V55: =IF(OR(Q55=0,R55=0),0,U55/Q55*100) -> #N/A | W55: =IF(Q55=0,1,"") -> #N/A | X55: =IF(R55=0,1,"") -> 1 | Y55: =IF(SUM(W55:X55)=2,"",IF(AND(SUM(W55:X55)=1,ABS(ROUND(U55,2))>S55),9,IF(AND(ABS(ROUND(U55,2))>S55,ABS(ROUND(V55,2))>T55),3,IF(ABS(ROUND(V55,2))>T55,2,IF(ABS(ROUND(U55,2))>S55,1,""))))) -> #N/A | Z55: =IF(M55="","",IF(AND(OR(Y55=3,Y55=9),L55<>"T"),1,"")) | AB55: =IF(AC55="C","",IF(AA55=1,1,""))
B56: 59.3 | C56: =Text!G137 -> Community safety (CCTV) | D56: 0 | E56: 0 | H56: =IF(D56<0,1,IF(-E56>D56,2,"")) | K56: =B56 -> 59.3 | L56: =VLOOKUP("RA"&"_"&K56,RARows[],5,FALSE) -> 0 | M56: =IF(ISNUMBER(SEARCH($K$14,VLOOKUP("RA"&"_"&K56,RARows[],6,FALSE))),1,"") | P56: =VLOOKUP("RA"&"_"&UANumber&"_"&$B56&"_"&4&"_"&P$14,ValData!$AE$4:$AL$13475,8,FALSE) -> #N/A | Q56: =ROUND(VLOOKUP("RA"&"_"&UANumber&"_"&$B56&"_"&4&"_"&Q$14,ValData!$AE$4:$AL$13475,8,FALSE),3) -> #N/A | R56: =D56 -> 0 | S56: =IF(VLOOKUP("RA"&"_"&$B56,ValData!$AS$4:$AV$253,3,FALSE)<>"",VLOOKUP("RA"&"_"&$B56,ValData!$AS$4:$AV$253,3,FALSE),$Q$10) -> 500 | T56: =IF(VLOOKUP("RA"&"_"&$B56,ValData!$AS$4:$AV$253,4,FALSE)<>"",VLOOKUP("RA"&"_"&$B56,ValData!$AS$4:$AV$253,4,FALSE),$Q$11) -> 10 | U56: =R56-Q56 -> #N/A | V56: =IF(OR(Q56=0,R56=0),0,U56/Q56*100) -> #N/A | W56: =IF(Q56=0,1,"") -> #N/A | X56: =IF(R56=0,1,"") -> 1 | Y56: =IF(SUM(W56:X56)=2,"",IF(AND(SUM(W56:X56)=1,ABS(ROUND(U56,2))>S56),9,IF(AND(ABS(ROUND(U56,2))>S56,ABS(ROUND(V56,2))>T56),3,IF(ABS(ROUND(V56,2))>T56,2,IF(ABS(ROUND(U56,2))>S56,1,""))))) -> #N/A | Z56: =IF(M56="","",IF(AND(OR(Y56=3,Y56=9),L56<>"T"),1,"")) | AB56: =IF(AC56="C","",IF(AA56=1,1,""))
B57: 59.4 | C57: =Text!G138 -> Community safety (crime reduction excluding CCTV) | D57: 0 | E57: 0 | H57: =IF(D57<0,1,IF(-E57>D57,2,"")) | K57: =B57 -> 59.4 | L57: =VLOOKUP("RA"&"_"&K57,RARows[],5,FALSE) -> 0 | M57: =IF(ISNUMBER(SEARCH($K$14,VLOOKUP("RA"&"_"&K57,RARows[],6,FALSE))),1,"") | P57: =VLOOKUP("RA"&"_"&UANumber&"_"&$B57&"_"&4&"_"&P$14,ValData!$AE$4:$AL$13475,8,FALSE) -> #N/A | Q57: =ROUND(VLOOKUP("RA"&"_"&UANumber&"_"&$B57&"_"&4&"_"&Q$14,ValData!$AE$4:$AL$13475,8,FALSE),3) -> #N/A | R57: =D57 -> 0 | S57: =IF(VLOOKUP("RA"&"_"&$B57,ValData!$AS$4:$AV$253,3,FALSE)<>"",VLOOKUP("RA"&"_"&$B57,ValData!$AS$4:$AV$253,3,FALSE),$Q$10) -> 500 | T57: =IF(VLOOKUP("RA"&"_"&$B57,ValData!$AS$4:$AV$253,4,FALSE)<>"",VLOOKUP("RA"&"_"&$B57,ValData!$AS$4:$AV$253,4,FALSE),$Q$11) -> 10 | U57: =R57-Q57 -> #N/A | V57: =IF(OR(Q57=0,R57=0),0,U57/Q57*100) -> #N/A | W57: =IF(Q57=0,1,"") -> #N/A | X57: =IF(R57=0,1,"") -> 1 | Y57: =IF(SUM(W57:X57)=2,"",IF(AND(SUM(W57:X57)=1,ABS(ROUND(U57,2))>S57),9,IF(AND(ABS(ROUND(U57,2))>S57,ABS(ROUND(V57,2))>T57),3,IF(ABS(ROUND(V57,2))>T57,2,IF(ABS(ROUND(U57,2))>S57,1,""))))) -> #N/A | Z57: =IF(M57="","",IF(AND(OR(Y57=3,Y57=9),L57<>"T"),1,"")) | AB57: =IF(AC57="C","",IF(AA57=1,1,""))
B58: 60 | C58: =Text!G139 -> Flood defence and land drainage | D58: 0 | E58: 0 | H58: =IF(D58<0,1,IF(-E58>D58,2,"")) | K58: =B58 -> 60 | L58: =VLOOKUP("RA"&"_"&K58,RARows[],5,FALSE) -> 0 | M58: =IF(ISNUMBER(SEARCH($K$14,VLOOKUP("RA"&"_"&K58,RARows[],6,FALSE))),1,"") | P58: =VLOOKUP("RA"&"_"&UANumber&"_"&$B58&"_"&4&"_"&P$14,ValData!$AE$4:$AL$13475,8,FALSE) -> #N/A | Q58: =ROUND(VLOOKUP("RA"&"_"&UANumber&"_"&$B58&"_"&4&"_"&Q$14,ValData!$AE$4:$AL$13475,8,FALSE),3) -> #N/A | R58: =D58 -> 0 | S58: =IF(VLOOKUP("RA"&"_"&$B58,ValData!$AS$4:$AV$253,3,FALSE)<>"",VLOOKUP("RA"&"_"&$B58,ValData!$AS$4:$AV$253,3,FALSE),$Q$10) -> 500 | T58: =IF(VLOOKUP("RA"&"_"&$B58,ValData!$AS$4:$AV$253,4,FALSE)<>"",VLOOKUP("RA"&"_"&$B58,ValData!$AS$4:$AV$253,4,FALSE),$Q$11) -> 10 | U58: =R58-Q58 -> #N/A | V58: =IF(OR(Q58=0,R58=0),0,U58/Q58*100) -> #N/A | W58: =IF(Q58=0,1,"") -> #N/A | X58: =IF(R58=0,1,"") -> 1 | Y58: =IF(SUM(W58:X58)=2,"",IF(AND(SUM(W58:X58)=1,ABS(ROUND(U58,2))>S58),9,IF(AND(ABS(ROUND(U58,2))>S58,ABS(ROUND(V58,2))>T58),3,IF(ABS(ROUND(V58,2))>T58,2,IF(ABS(ROUND(U58,2))>S58,1,""))))) -> #N/A | Z58: =IF(M58="","",IF(AND(OR(Y58=3,Y58=9),L58<>"T"),1,"")) | AB58: =IF(AC58="C","",IF(AA58=1,1,""))
B59: 61 | C59: =Text!G140 -> Agriculture and fisheries services | D59: 0 | E59: 0 | H59: =IF(D59<0,1,IF(-E59>D59,2,"")) | K59: =B59 -> 61 | L59: =VLOOKUP("RA"&"_"&K59,RARows[],5,FALSE) -> 0 | M59: =IF(ISNUMBER(SEARCH($K$14,VLOOKUP("RA"&"_"&K59,RARows[],6,FALSE))),1,"") | P59: =VLOOKUP("RA"&"_"&UANumber&"_"&$B59&"_"&4&"_"&P$14,ValData!$AE$4:$AL$13475,8,FALSE) -> #N/A | Q59: =ROUND(VLOOKUP("RA"&"_"&UANumber&"_"&$B59&"_"&4&"_"&Q$14,ValData!$AE$4:$AL$13475,8,FALSE),3) -> #N/A | R59: =D59 -> 0 | S59: =IF(VLOOKUP("RA"&"_"&$B59,ValData!$AS$4:$AV$253,3,FALSE)<>"",VLOOKUP("RA"&"_"&$B59,ValData!$AS$4:$AV$253,3,FALSE),$Q$10) -> 500 | T59: =IF(VLOOKUP("RA"&"_"&$B59,ValData!$AS$4:$AV$253,4,FALSE)<>"",VLOOKUP("RA"&"_"&$B59,ValData!$AS$4:$AV$253,4,FALSE),$Q$11) -> 10 | U59: =R59-Q59 -> #N/A | V59: =IF(OR(Q59=0,R59=0),0,U59/Q59*100) -> #N/A | W59: =IF(Q59=0,1,"") -> #N/A | X59: =IF(R59=0,1,"") -> 1 | Y59: =IF(SUM(W59:X59)=2,"",IF(AND(SUM(W59:X59)=1,ABS(ROUND(U59,2))>S59),9,IF(AND(ABS(ROUND(U59,2))>S59,ABS(ROUND(V59,2))>T59),3,IF(ABS(ROUND(V59,2))>T59,2,IF(ABS(ROUND(U59,2))>S59,1,""))))) -> #N/A | Z59: =IF(M59="","",IF(AND(OR(Y59=3,Y59=9),L59<>"T"),1,"")) | AB59: =IF(AC59="C","",IF(AA59=1,1,""))
B60: 62 | C60: =Text!G141 -> Regulatory services - trading standards | D60: 0 | E60: 0 | H60: =IF(D60<0,1,IF(-E60>D60,2,"")) | K60: =B60 -> 62 | L60: =VLOOKUP("RA"&"_"&K60,RARows[],5,FALSE) -> 0 | M60: =IF(ISNUMBER(SEARCH($K$14,VLOOKUP("RA"&"_"&K60,RARows[],6,FALSE))),1,"") | P60: =VLOOKUP("RA"&"_"&UANumber&"_"&$B60&"_"&4&"_"&P$14,ValData!$AE$4:$AL$13475,8,FALSE) -> #N/A | Q60: =ROUND(VLOOKUP("RA"&"_"&UANumber&"_"&$B60&"_"&4&"_"&Q$14,ValData!$AE$4:$AL$13475,8,FALSE),3) -> #N/A | R60: =D60 -> 0 | S60: =IF(VLOOKUP("RA"&"_"&$B60,ValData!$AS$4:$AV$253,3,FALSE)<>"",VLOOKUP("RA"&"_"&$B60,ValData!$AS$4:$AV$253,3,FALSE),$Q$10) -> 500 | T60: =IF(VLOOKUP("RA"&"_"&$B60,ValData!$AS$4:$AV$253,4,FALSE)<>"",VLOOKUP("RA"&"_"&$B60,ValData!$AS$4:$AV$253,4,FALSE),$Q$11) -> 10 | U60: =R60-Q60 -> #N/A | V60: =IF(OR(Q60=0,R60=0),0,U60/Q60*100) -> #N/A | W60: =IF(Q60=0,1,"") -> #N/A | X60: =IF(R60=0,1,"") -> 1 | Y60: =IF(SUM(W60:X60)=2,"",IF(AND(SUM(W60:X60)=1,ABS(ROUND(U60,2))>S60),9,IF(AND(ABS(ROUND(U60,2))>S60,ABS(ROUND(V60,2))>T60),3,IF(ABS(ROUND(V60,2))>T60,2,IF(ABS(ROUND(U60,2))>S60,1,""))))) -> #N/A | Z60: =IF(M60="","",IF(AND(OR(Y60=3,Y60=9),L60<>"T"),1,"")) | AB60: =IF(AC60="C","",IF(AA60=1,1,""))
B61: 63.1 | C61: =Text!G142 -> Waste collection | D61: 0 | E61: 0 | H61: =IF(D61<0,1,IF(-E61>D61,2,"")) | K61: =B61 -> 63.1 | L61: =VLOOKUP("RA"&"_"&K61,RARows[],5,FALSE) -> 0 | M61: =IF(ISNUMBER(SEARCH($K$14,VLOOKUP("RA"&"_"&K61,RARows[],6,FALSE))),1,"") | P61: =VLOOKUP("RA"&"_"&UANumber&"_"&$B61&"_"&4&"_"&P$14,ValData!$AE$4:$AL$13475,8,FALSE) -> #N/A | Q61: =ROUND(VLOOKUP("RA"&"_"&UANumber&"_"&$B61&"_"&4&"_"&Q$14,ValData!$AE$4:$AL$13475,8,FALSE),3) -> #N/A | R61: =D61 -> 0 | S61: =IF(VLOOKUP("RA"&"_"&$B61,ValData!$AS$4:$AV$253,3,FALSE)<>"",VLOOKUP("RA"&"_"&$B61,ValData!$AS$4:$AV$253,3,FALSE),$Q$10) -> 500 | T61: =IF(VLOOKUP("RA"&"_"&$B61,ValData!$AS$4:$AV$253,4,FALSE)<>"",VLOOKUP("RA"&"_"&$B61,ValData!$AS$4:$AV$253,4,FALSE),$Q$11) -> 10 | U61: =R61-Q61 -> #N/A | V61: =IF(OR(Q61=0,R61=0),0,U61/Q61*100) -> #N/A | W61: =IF(Q61=0,1,"") -> #N/A | X61: =IF(R61=0,1,"") -> 1 | Y61: =IF(SUM(W61:X61)=2,"",IF(AND(SUM(W61:X61)=1,ABS(ROUND(U61,2))>S61),9,IF(AND(ABS(ROUND(U61,2))>S61,ABS(ROUND(V61,2))>T61),3,IF(ABS(ROUND(V61,2))>T61,2,IF(ABS(ROUND(U61,2))>S61,1,""))))) -> #N/A | Z61: =IF(M61="","",IF(AND(OR(Y61=3,Y61=9),L61<>"T"),1,"")) | AB61: =IF(AC61="C","",IF(AA61=1,1,""))
B62: 63.2 | C62: =Text!G143 -> Waste disposal | D62: 0 | E62: 0 | H62: =IF(D62<0,1,IF(-E62>D62,2,"")) | K62: =B62 -> 63.2 | L62: =VLOOKUP("RA"&"_"&K62,RARows[],5,FALSE) -> 0 | M62: =IF(ISNUMBER(SEARCH($K$14,VLOOKUP("RA"&"_"&K62,RARows[],6,FALSE))),1,"") | P62: =VLOOKUP("RA"&"_"&UANumber&"_"&$B62&"_"&4&"_"&P$14,ValData!$AE$4:$AL$13475,8,FALSE) -> #N/A | Q62: =ROUND(VLOOKUP("RA"&"_"&UANumber&"_"&$B62&"_"&4&"_"&Q$14,ValData!$AE$4:$AL$13475,8,FALSE),3) -> #N/A | R62: =D62 -> 0 | S62: =IF(VLOOKUP("RA"&"_"&$B62,ValData!$AS$4:$AV$253,3,FALSE)<>"",VLOOKUP("RA"&"_"&$B62,ValData!$AS$4:$AV$253,3,FALSE),$Q$10) -> 500 | T62: =IF(VLOOKUP("RA"&"_"&$B62,ValData!$AS$4:$AV$253,4,FALSE)<>"",VLOOKUP("RA"&"_"&$B62,ValData!$AS$4:$AV$253,4,FALSE),$Q$11) -> 10 | U62: =R62-Q62 -> #N/A | V62: =IF(OR(Q62=0,R62=0),0,U62/Q62*100) -> #N/A | W62: =IF(Q62=0,1,"") -> #N/A | X62: =IF(R62=0,1,"") -> 1 | Y62: =IF(SUM(W62:X62)=2,"",IF(AND(SUM(W62:X62)=1,ABS(ROUND(U62,2))>S62),9,IF(AND(ABS(ROUND(U62,2))>S62,ABS(ROUND(V62,2))>T62),3,IF(ABS(ROUND(V62,2))>T62,2,IF(ABS(ROUND(U62,2))>S62,1,""))))) -> #N/A | Z62: =IF(M62="","",IF(AND(OR(Y62=3,Y62=9),L62<>"T"),1,"")) | AB62: =IF(AC62="C","",IF(AA62=1,1,""))
... B66: 63.6 | C66: =Text!G147 -> Climate change costs | D66: 0 | E66: 0 | H66: =IF(D66<0,1,IF(-E66>D66,2,"")) | K66: =B66 -> 63.6 | L66: =VLOOKUP("RA"&"_"&K66,RARows[],5,FALSE) -> 0 | M66: =IF(ISNUMBER(SEARCH($K$14,VLOOKUP("RA"&"_"&K66,RARows[],6,FALSE))),1,"") | P66: =VLOOKUP("RA"&"_"&UANumber&"_"&$B66&"_"&4&"_"&P$14,ValData!$AE$4:$AL$13475,8,FALSE) -> #N/A | Q66: =ROUND(VLOOKUP("RA"&"_"&UANumber&"_"&$B66&"_"&4&"_"&Q$14,ValData!$AE$4:$AL$13475,8,FALSE),3) -> #N/A | R66: =D66 -> 0 | S66: =IF(VLOOKUP("RA"&"_"&$B66,ValData!$AS$4:$AV$253,3,FALSE)<>"",VLOOKUP("RA"&"_"&$B66,ValData!$AS$4:$AV$253,3,FALSE),$Q$10) -> 500 | T66: =IF(VLOOKUP("RA"&"_"&$B66,ValData!$AS$4:$AV$253,4,FALSE)<>"",VLOOKUP("RA"&"_"&$B66,ValData!$AS$4:$AV$253,4,FALSE),$Q$11) -> 10 | U66: =R66-Q66 -> #N/A | V66: =IF(OR(Q66=0,R66=0),0,U66/Q66*100) -> #N/A | W66: =IF(Q66=0,1,"") -> #N/A | X66: =IF(R66=0,1,"") -> 1 | Y66: =IF(SUM(W66:X66)=2,"",IF(AND(SUM(W66:X66)=1,ABS(ROUND(U66,2))>S66),9,IF(AND(ABS(ROUND(U66,2))>S66,ABS(ROUND(V66,2))>T66),3,IF(ABS(ROUND(V66,2))>T66,2,IF(ABS(ROUND(U66,2))>S66,1,""))))) -> #N/A | Z66: =IF(M66="","",IF(AND(OR(Y66=3,Y66=9),L66<>"T"),1,"")) | AB66: =IF(AC66="C","",IF(AA66=1,1,""))
B67: =Text!G148 -> Planning and Development | H67: =ValData!AP69 -> Unitaries | M67: =IF(ISNUMBER(SEARCH($K$14,VLOOKUP("RA"&"_"&K67,RARows[],6,FALSE))),1,"") | Z67: =IF(M67="","",IF(AND(OR(Y67=3,Y67=9),L67<>"T"),1,""))
B68: 65 | C68: =Text!G149 -> Building control | D68: 0 | E68: 0 | H68: =IF(D68<0,1,IF(-E68>D68,2,"")) | K68: =B68 -> 65 | L68: =VLOOKUP("RA"&"_"&K68,RARows[],5,FALSE) -> 0 | M68: =IF(ISNUMBER(SEARCH($K$14,VLOOKUP("RA"&"_"&K68,RARows[],6,FALSE))),1,"") | P68: =VLOOKUP("RA"&"_"&UANumber&"_"&$B68&"_"&4&"_"&P$14,ValData!$AE$4:$AL$13475,8,FALSE) -> #N/A | Q68: =ROUND(VLOOKUP("RA"&"_"&UANumber&"_"&$B68&"_"&4&"_"&Q$14,ValData!$AE$4:$AL$13475,8,FALSE),3) -> #N/A | R68: =D68 -> 0 | S68: =IF(VLOOKUP("RA"&"_"&$B68,ValData!$AS$4:$AV$253,3,FALSE)<>"",VLOOKUP("RA"&"_"&$B68,ValData!$AS$4:$AV$253,3,FALSE),$Q$10) -> 500 | T68: =IF(VLOOKUP("RA"&"_"&$B68,ValData!$AS$4:$AV$253,4,FALSE)<>"",VLOOKUP("RA"&"_"&$B68,ValData!$AS$4:$AV$253,4,FALSE),$Q$11) -> 10 | U68: =R68-Q68 -> #N/A | V68: =IF(OR(Q68=0,R68=0),0,U68/Q68*100) -> #N/A | W68: =IF(Q68=0,1,"") -> #N/A | X68: =IF(R68=0,1,"") -> 1 | Y68: =IF(SUM(W68:X68)=2,"",IF(AND(SUM(W68:X68)=1,ABS(ROUND(U68,2))>S68),9,IF(AND(ABS(ROUND(U68,2))>S68,ABS(ROUND(V68,2))>T68),3,IF(ABS(ROUND(V68,2))>T68,2,IF(ABS(ROUND(U68,2))>S68,1,""))))) -> #N/A | Z68: =IF(M68="","",IF(AND(OR(Y68=3,Y68=9),L68<>"T"),1,"")) | AB68: =IF(AC68="C","",IF(AA68=1,1,""))
B69: 66 | C69: =Text!G150 -> Development control | D69: 0 | E69: 0 | H69: =IF(D69<0,1,IF(-E69>D69,2,"")) | K69: =B69 -> 66 | L69: =VLOOKUP("RA"&"_"&K69,RARows[],5,FALSE) -> 0 | M69: =IF(ISNUMBER(SEARCH($K$14,VLOOKUP("RA"&"_"&K69,RARows[],6,FALSE))),1,"") | P69: =VLOOKUP("RA"&"_"&UANumber&"_"&$B69&"_"&4&"_"&P$14,ValData!$AE$4:$AL$13475,8,FALSE) -> #N/A | Q69: =ROUND(VLOOKUP("RA"&"_"&UANumber&"_"&$B69&"_"&4&"_"&Q$14,ValData!$AE$4:$AL$13475,8,FALSE),3) -> #N/A | R69: =D69 -> 0 | S69: =IF(VLOOKUP("RA"&"_"&$B69,ValData!$AS$4:$AV$253,3,FALSE)<>"",VLOOKUP("RA"&"_"&$B69,ValData!$AS$4:$AV$253,3,FALSE),$Q$10) -> 500 | T69: =IF(VLOOKUP("RA"&"_"&$B69,ValData!$AS$4:$AV$253,4,FALSE)<>"",VLOOKUP("RA"&"_"&$B69,ValData!$AS$4:$AV$253,4,FALSE),$Q$11) -> 10 | U69: =R69-Q69 -> #N/A | V69: =IF(OR(Q69=0,R69=0),0,U69/Q69*100) -> #N/A | W69: =IF(Q69=0,1,"") -> #N/A | X69: =IF(R69=0,1,"") -> 1 | Y69: =IF(SUM(W69:X69)=2,"",IF(AND(SUM(W69:X69)=1,ABS(ROUND(U69,2))>S69),9,IF(AND(ABS(ROUND(U69,2))>S69,ABS(ROUND(V69,2))>T69),3,IF(ABS(ROUND(V69,2))>T69,2,IF(ABS(ROUND(U69,2))>S69,1,""))))) -> #N/A | Z69: =IF(M69="","",IF(AND(OR(Y69=3,Y69=9),L69<>"T"),1,"")) | AB69: =IF(AC69="C","",IF(AA69=1,1,""))
B70: 67 | C70: =Text!G151 -> Planning policy | D70: 0 | E70: 0 | H70: =IF(D70<0,1,IF(-E70>D70,2,"")) | K70: =B70 -> 67 | L70: =VLOOKUP("RA"&"_"&K70,RARows[],5,FALSE) -> 0 | M70: =IF(ISNUMBER(SEARCH($K$14,VLOOKUP("RA"&"_"&K70,RARows[],6,FALSE))),1,"") | P70: =VLOOKUP("RA"&"_"&UANumber&"_"&$B70&"_"&4&"_"&P$14,ValData!$AE$4:$AL$13475,8,FALSE) -> #N/A | Q70: =ROUND(VLOOKUP("RA"&"_"&UANumber&"_"&$B70&"_"&4&"_"&Q$14,ValData!$AE$4:$AL$13475,8,FALSE),3) -> #N/A | R70: =D70 -> 0 | S70: =IF(VLOOKUP("RA"&"_"&$B70,ValData!$AS$4:$AV$253,3,FALSE)<>"",VLOOKUP("RA"&"_"&$B70,ValData!$AS$4:$AV$253,3,FALSE),$Q$10) -> 500 | T70: =IF(VLOOKUP("RA"&"_"&$B70,ValData!$AS$4:$AV$253,4,FALSE)<>"",VLOOKUP("RA"&"_"&$B70,ValData!$AS$4:$AV$253,4,FALSE),$Q$11) -> 10 | U70: =R70-Q70 -> #N/A | V70: =IF(OR(Q70=0,R70=0),0,U70/Q70*100) -> #N/A | W70: =IF(Q70=0,1,"") -> #N/A | X70: =IF(R70=0,1,"") -> 1 | Y70: =IF(SUM(W70:X70)=2,"",IF(AND(SUM(W70:X70)=1,ABS(ROUND(U70,2))>S70),9,IF(AND(ABS(ROUND(U70,2))>S70,ABS(ROUND(V70,2))>T70),3,IF(ABS(ROUND(V70,2))>T70,2,IF(ABS(ROUND(U70,2))>S70,1,""))))) -> #N/A | Z70: =IF(M70="","",IF(AND(OR(Y70=3,Y70=9),L70<>"T"),1,"")) | AB70: =IF(AC70="C","",IF(AA70=1,1,""))
B71: 68 | C71: =Text!G152 -> Environmental initiatives | D71: 0 | E71: 0 | H71: =IF(D71<0,1,IF(-E71>D71,2,"")) | K71: =B71 -> 68 | L71: =VLOOKUP("RA"&"_"&K71,RARows[],5,FALSE) -> 0 | M71: =IF(ISNUMBER(SEARCH($K$14,VLOOKUP("RA"&"_"&K71,RARows[],6,FALSE))),1,"") | P71: =VLOOKUP("RA"&"_"&UANumber&"_"&$B71&"_"&4&"_"&P$14,ValData!$AE$4:$AL$13475,8,FALSE) -> #N/A | Q71: =ROUND(VLOOKUP("RA"&"_"&UANumber&"_"&$B71&"_"&4&"_"&Q$14,ValData!$AE$4:$AL$13475,8,FALSE),3) -> #N/A | R71: =D71 -> 0 | S71: =IF(VLOOKUP("RA"&"_"&$B71,ValData!$AS$4:$AV$253,3,FALSE)<>"",VLOOKUP("RA"&"_"&$B71,ValData!$AS$4:$AV$253,3,FALSE),$Q$10) -> 500 | T71: =IF(VLOOKUP("RA"&"_"&$B71,ValData!$AS$4:$AV$253,4,FALSE)<>"",VLOOKUP("RA"&"_"&$B71,ValData!$AS$4:$AV$253,4,FALSE),$Q$11) -> 10 | U71: =R71-Q71 -> #N/A | V71: =IF(OR(Q71=0,R71=0),0,U71/Q71*100) -> #N/A | W71: =IF(Q71=0,1,"") -> #N/A | X71: =IF(R71=0,1,"") -> 1 | Y71: =IF(SUM(W71:X71)=2,"",IF(AND(SUM(W71:X71)=1,ABS(ROUND(U71,2))>S71),9,IF(AND(ABS(ROUND(U71,2))>S71,ABS(ROUND(V71,2))>T71),3,IF(ABS(ROUND(V71,2))>T71,2,IF(ABS(ROUND(U71,2))>S71,1,""))))) -> #N/A | Z71: =IF(M71="","",IF(AND(OR(Y71=3,Y71=9),L71<>"T"),1,"")) | AB71: =IF(AC71="C","",IF(AA71=1,1,""))
B72: 69 | C72: =Text!G153 -> Economic development | D72: 0 | E72: 0 | H72: =IF(D72<0,1,IF(-E72>D72,2,"")) | K72: =B72 -> 69 | L72: =VLOOKUP("RA"&"_"&K72,RARows[],5,FALSE) -> 0 | M72: =IF(ISNUMBER(SEARCH($K$14,VLOOKUP("RA"&"_"&K72,RARows[],6,FALSE))),1,"") | P72: =VLOOKUP("RA"&"_"&UANumber&"_"&$B72&"_"&4&"_"&P$14,ValData!$AE$4:$AL$13475,8,FALSE) -> #N/A | Q72: =ROUND(VLOOKUP("RA"&"_"&UANumber&"_"&$B72&"_"&4&"_"&Q$14,ValData!$AE$4:$AL$13475,8,FALSE),3) -> #N/A | R72: =D72 -> 0 | S72: =IF(VLOOKUP("RA"&"_"&$B72,ValData!$AS$4:$AV$253,3,FALSE)<>"",VLOOKUP("RA"&"_"&$B72,ValData!$AS$4:$AV$253,3,FALSE),$Q$10) -> 500 | T72: =IF(VLOOKUP("RA"&"_"&$B72,ValData!$AS$4:$AV$253,4,FALSE)<>"",VLOOKUP("RA"&"_"&$B72,ValData!$AS$4:$AV$253,4,FALSE),$Q$11) -> 10 | U72: =R72-Q72 -> #N/A | V72: =IF(OR(Q72=0,R72=0),0,U72/Q72*100) -> #N/A | W72: =IF(Q72=0,1,"") -> #N/A | X72: =IF(R72=0,1,"") -> 1 | Y72: =IF(SUM(W72:X72)=2,"",IF(AND(SUM(W72:X72)=1,ABS(ROUND(U72,2))>S72),9,IF(AND(ABS(ROUND(U72,2))>S72,ABS(ROUND(V72,2))>T72),3,IF(ABS(ROUND(V72,2))>T72,2,IF(ABS(ROUND(U72,2))>S72,1,""))))) -> #N/A | Z72: =IF(M72="","",IF(AND(OR(Y72=3,Y72=9),L72<>"T"),1,"")) | AB72: =IF(AC72="C","",IF(AA72=1,1,""))
B73: 69.1 | C73: =Text!G154 -> Economic research | D73: 0 | E73: 0 | H73: =IF(D73<0,1,IF(-E73>D73,2,"")) | K73: =B73 -> 69.1 | L73: =VLOOKUP("RA"&"_"&K73,RARows[],5,FALSE) -> 0 | M73: =IF(ISNUMBER(SEARCH($K$14,VLOOKUP("RA"&"_"&K73,RARows[],6,FALSE))),1,"") | P73: =VLOOKUP("RA"&"_"&UANumber&"_"&$B73&"_"&4&"_"&P$14,ValData!$AE$4:$AL$13475,8,FALSE) -> #N/A | Q73: =ROUND(VLOOKUP("RA"&"_"&UANumber&"_"&$B73&"_"&4&"_"&Q$14,ValData!$AE$4:$AL$13475,8,FALSE),3) -> #N/A | R73: =D73 -> 0 | S73: =IF(VLOOKUP("RA"&"_"&$B73,ValData!$AS$4:$AV$253,3,FALSE)<>"",VLOOKUP("RA"&"_"&$B73,ValData!$AS$4:$AV$253,3,FALSE),$Q$10) -> 500 | T73: =IF(VLOOKUP("RA"&"_"&$B73,ValData!$AS$4:$AV$253,4,FALSE)<>"",VLOOKUP("RA"&"_"&$B73,ValData!$AS$4:$AV$253,4,FALSE),$Q$11) -> 10 | U73: =R73-Q73 -> #N/A | V73: =IF(OR(Q73=0,R73=0),0,U73/Q73*100) -> #N/A | W73: =IF(Q73=0,1,"") -> #N/A | X73: =IF(R73=0,1,"") -> 1 | Y73: =IF(SUM(W73:X73)=2,"",IF(AND(SUM(W73:X73)=1,ABS(ROUND(U73,2))>S73),9,IF(AND(ABS(ROUND(U73,2))>S73,ABS(ROUND(V73,2))>T73),3,IF(ABS(ROUND(V73,2))>T73,2,IF(ABS(ROUND(U73,2))>S73,1,""))))) -> #N/A | Z73: =IF(M73="","",IF(AND(OR(Y73=3,Y73=9),L73<>"T"),1,"")) | AB73: =IF(AC73="C","",IF(AA73=1,1,""))
B74: 69.2 | C74: =Text!G155 -> Business support | D74: 0 | E74: 0 | H74: =IF(D74<0,1,IF(-E74>D74,2,"")) | K74: =B74 -> 69.2 | L74: =VLOOKUP("RA"&"_"&K74,RARows[],5,FALSE) -> 0 | M74: =IF(ISNUMBER(SEARCH($K$14,VLOOKUP("RA"&"_"&K74,RARows[],6,FALSE))),1,"") | P74: =VLOOKUP("RA"&"_"&UANumber&"_"&$B74&"_"&4&"_"&P$14,ValData!$AE$4:$AL$13475,8,FALSE) -> #N/A | Q74: =ROUND(VLOOKUP("RA"&"_"&UANumber&"_"&$B74&"_"&4&"_"&Q$14,ValData!$AE$4:$AL$13475,8,FALSE),3) -> #N/A | R74: =D74 -> 0 | S74: =IF(VLOOKUP("RA"&"_"&$B74,ValData!$AS$4:$AV$253,3,FALSE)<>"",VLOOKUP("RA"&"_"&$B74,ValData!$AS$4:$AV$253,3,FALSE),$Q$10) -> 500 | T74: =IF(VLOOKUP("RA"&"_"&$B74,ValData!$AS$4:$AV$253,4,FALSE)<>"",VLOOKUP("RA"&"_"&$B74,ValData!$AS$4:$AV$253,4,FALSE),$Q$11) -> 10 | U74: =R74-Q74 -> #N/A | V74: =IF(OR(Q74=0,R74=0),0,U74/Q74*100) -> #N/A | W74: =IF(Q74=0,1,"") -> #N/A | X74: =IF(R74=0,1,"") -> 1 | Y74: =IF(SUM(W74:X74)=2,"",IF(AND(SUM(W74:X74)=1,ABS(ROUND(U74,2))>S74),9,IF(AND(ABS(ROUND(U74,2))>S74,ABS(ROUND(V74,2))>T74),3,IF(ABS(ROUND(V74,2))>T74,2,IF(ABS(ROUND(U74,2))>S74,1,""))))) -> #N/A | Z74: =IF(M74="","",IF(AND(OR(Y74=3,Y74=9),L74<>"T"),1,"")) | AB74: =IF(AC74="C","",IF(AA74=1,1,""))
B75: 70 | C75: =Text!G156 -> Community development | D75: 0 | E75: 0 | H75: =IF(D75<0,1,IF(-E75>D75,2,"")) | K75: =B75 -> 70 | L75: =VLOOKUP("RA"&"_"&K75,RARows[],5,FALSE) -> 0 | M75: =IF(ISNUMBER(SEARCH($K$14,VLOOKUP("RA"&"_"&K75,RARows[],6,FALSE))),1,"") | P75: =VLOOKUP("RA"&"_"&UANumber&"_"&$B75&"_"&4&"_"&P$14,ValData!$AE$4:$AL$13475,8,FALSE) -> #N/A | Q75: =ROUND(VLOOKUP("RA"&"_"&UANumber&"_"&$B75&"_"&4&"_"&Q$14,ValData!$AE$4:$AL$13475,8,FALSE),3) -> #N/A | R75: =D75 -> 0 | S75: =IF(VLOOKUP("RA"&"_"&$B75,ValData!$AS$4:$AV$253,3,FALSE)<>"",VLOOKUP("RA"&"_"&$B75,ValData!$AS$4:$AV$253,3,FALSE),$Q$10) -> 500 | T75: =IF(VLOOKUP("RA"&"_"&$B75,ValData!$AS$4:$AV$253,4,FALSE)<>"",VLOOKUP("RA"&"_"&$B75,ValData!$AS$4:$AV$253,4,FALSE),$Q$11) -> 10 | U75: =R75-Q75 -> #N/A | V75: =IF(OR(Q75=0,R75=0),0,U75/Q75*100) -> #N/A | W75: =IF(Q75=0,1,"") -> #N/A | X75: =IF(R75=0,1,"") -> 1 | Y75: =IF(SUM(W75:X75)=2,"",IF(AND(SUM(W75:X75)=1,ABS(ROUND(U75,2))>S75),9,IF(AND(ABS(ROUND(U75,2))>S75,ABS(ROUND(V75,2))>T75),3,IF(ABS(ROUND(V75,2))>T75,2,IF(ABS(ROUND(U75,2))>S75,1,""))))) -> #N/A | Z75: =IF(M75="","",IF(AND(OR(Y75=3,Y75=9),L75<>"T"),1,"")) | AB75: =IF(AC75="C","",IF(AA75=1,1,""))
B76: =Text!G157 -> Court Services | H76: =ValData!AP69 -> Unitaries | M76: =IF(ISNUMBER(SEARCH($K$14,VLOOKUP("RA"&"_"&K76,RARows[],6,FALSE))),1,"") | Z76: =IF(M76="","",IF(AND(OR(Y76=3,Y76=9),L76<>"T"),1,""))
B77: 72 | C77: =Text!G158 -> Coroners' court services | D77: 0 | E77: 0 | H77: =IF(D77<0,1,IF(-E77>D77,2,"")) | K77: =B77 -> 72 | L77: =VLOOKUP("RA"&"_"&K77,RARows[],5,FALSE) -> 0 | M77: =IF(ISNUMBER(SEARCH($K$14,VLOOKUP("RA"&"_"&K77,RARows[],6,FALSE))),1,"") | P77: =VLOOKUP("RA"&"_"&UANumber&"_"&$B77&"_"&4&"_"&P$14,ValData!$AE$4:$AL$13475,8,FALSE) -> #N/A | Q77: =ROUND(VLOOKUP("RA"&"_"&UANumber&"_"&$B77&"_"&4&"_"&Q$14,ValData!$AE$4:$AL$13475,8,FALSE),3) -> #N/A | R77: =D77 -> 0 | S77: =IF(VLOOKUP("RA"&"_"&$B77,ValData!$AS$4:$AV$253,3,FALSE)<>"",VLOOKUP("RA"&"_"&$B77,ValData!$AS$4:$AV$253,3,FALSE),$Q$10) -> 500 | T77: =IF(VLOOKUP("RA"&"_"&$B77,ValData!$AS$4:$AV$253,4,FALSE)<>"",VLOOKUP("RA"&"_"&$B77,ValData!$AS$4:$AV$253,4,FALSE),$Q$11) -> 10 | U77: =R77-Q77 -> #N/A | V77: =IF(OR(Q77=0,R77=0),0,U77/Q77*100) -> #N/A | W77: =IF(Q77=0,1,"") -> #N/A | X77: =IF(R77=0,1,"") -> 1 | Y77: =IF(SUM(W77:X77)=2,"",IF(AND(SUM(W77:X77)=1,ABS(ROUND(U77,2))>S77),9,IF(AND(ABS(ROUND(U77,2))>S77,ABS(ROUND(V77,2))>T77),3,IF(ABS(ROUND(V77,2))>T77,2,IF(ABS(ROUND(U77,2))>S77,1,""))))) -> #N/A | Z77: =IF(M77="","",IF(AND(OR(Y77=3,Y77=9),L77<>"T"),1,"")) | AB77: =IF(AC77="C","",IF(AA77=1,1,""))
B78: 73 | C78: =Text!G159 -> Other court services | D78: 0 | E78: 0 | H78: =IF(D78<0,1,IF(-E78>D78,2,"")) | K78: =B78 -> 73 | L78: =VLOOKUP("RA"&"_"&K78,RARows[],5,FALSE) -> 0 | M78: =IF(ISNUMBER(SEARCH($K$14,VLOOKUP("RA"&"_"&K78,RARows[],6,FALSE))),1,"") | P78: =VLOOKUP("RA"&"_"&UANumber&"_"&$B78&"_"&4&"_"&P$14,ValData!$AE$4:$AL$13475,8,FALSE) -> #N/A | Q78: =ROUND(VLOOKUP("RA"&"_"&UANumber&"_"&$B78&"_"&4&"_"&Q$14,ValData!$AE$4:$AL$13475,8,FALSE),3) -> #N/A | R78: =D78 -> 0 | S78: =IF(VLOOKUP("RA"&"_"&$B78,ValData!$AS$4:$AV$253,3,FALSE)<>"",VLOOKUP("RA"&"_"&$B78,ValData!$AS$4:$AV$253,3,FALSE),$Q$10) -> 500 | T78: =IF(VLOOKUP("RA"&"_"&$B78,ValData!$AS$4:$AV$253,4,FALSE)<>"",VLOOKUP("RA"&"_"&$B78,ValData!$AS$4:$AV$253,4,FALSE),$Q$11) -> 10 | U78: =R78-Q78 -> #N/A | V78: =IF(OR(Q78=0,R78=0),0,U78/Q78*100) -> #N/A | W78: =IF(Q78=0,1,"") -> #N/A | X78: =IF(R78=0,1,"") -> 1 | Y78: =IF(SUM(W78:X78)=2,"",IF(AND(SUM(W78:X78)=1,ABS(ROUND(U78,2))>S78),9,IF(AND(ABS(ROUND(U78,2))>S78,ABS(ROUND(V78,2))>T78),3,IF(ABS(ROUND(V78,2))>T78,2,IF(ABS(ROUND(U78,2))>S78,1,""))))) -> #N/A | Z78: =IF(M78="","",IF(AND(OR(Y78=3,Y78=9),L78<>"T"),1,"")) | AB78: =IF(AC78="C","",IF(AA78=1,1,""))
B79: =Text!G160 -> Housing General Fund | H79: =ValData!AP69 -> Unitaries | M79: =IF(ISNUMBER(SEARCH($K$14,VLOOKUP("RA"&"_"&K79,RARows[],6,FALSE))),1,"") | Z79: =IF(M79="","",IF(AND(OR(Y79=3,Y79=9),L79<>"T"),1,""))
B80: 74 | C80: =Text!G161 -> Housing strategy | D80: 0 | E80: 0 | H80: =IF(D80<0,1,IF(-E80>D80,2,"")) | K80: =B80 -> 74 | L80: =VLOOKUP("RA"&"_"&K80,RARows[],5,FALSE) -> 0 | M80: =IF(ISNUMBER(SEARCH($K$14,VLOOKUP("RA"&"_"&K80,RARows[],6,FALSE))),1,"") | P80: =VLOOKUP("RA"&"_"&UANumber&"_"&$B80&"_"&4&"_"&P$14,ValData!$AE$4:$AL$13475,8,FALSE) -> #N/A | Q80: =ROUND(VLOOKUP("RA"&"_"&UANumber&"_"&$B80&"_"&4&"_"&Q$14,ValData!$AE$4:$AL$13475,8,FALSE),3) -> #N/A | R80: =D80 -> 0 | S80: =IF(VLOOKUP("RA"&"_"&$B80,ValData!$AS$4:$AV$253,3,FALSE)<>"",VLOOKUP("RA"&"_"&$B80,ValData!$AS$4:$AV$253,3,FALSE),$Q$10) -> 500 | T80: =IF(VLOOKUP("RA"&"_"&$B80,ValData!$AS$4:$AV$253,4,FALSE)<>"",VLOOKUP("RA"&"_"&$B80,ValData!$AS$4:$AV$253,4,FALSE),$Q$11) -> 10 | U80: =R80-Q80 -> #N/A | V80: =IF(OR(Q80=0,R80=0),0,U80/Q80*100) -> #N/A | W80: =IF(Q80=0,1,"") -> #N/A | X80: =IF(R80=0,1,"") -> 1 | Y80: =IF(SUM(W80:X80)=2,"",IF(AND(SUM(W80:X80)=1,ABS(ROUND(U80,2))>S80),9,IF(AND(ABS(ROUND(U80,2))>S80,ABS(ROUND(V80,2))>T80),3,IF(ABS(ROUND(V80,2))>T80,2,IF(ABS(ROUND(U80,2))>S80,1,""))))) -> #N/A | Z80: =IF(M80="","",IF(AND(OR(Y80=3,Y80=9),L80<>"T"),1,"")) | AB80: =IF(AC80="C","",IF(AA80=1,1,""))
B81: 75 | C81: =Text!G162 -> Enabling | D81: 0 | E81: 0 | H81: =IF(D81<0,1,IF(-E81>D81,2,"")) | K81: =B81 -> 75 | L81: =VLOOKUP("RA"&"_"&K81,RARows[],5,FALSE) -> 0 | M81: =IF(ISNUMBER(SEARCH($K$14,VLOOKUP("RA"&"_"&K81,RARows[],6,FALSE))),1,"") | P81: =VLOOKUP("RA"&"_"&UANumber&"_"&$B81&"_"&4&"_"&P$14,ValData!$AE$4:$AL$13475,8,FALSE) -> #N/A | Q81: =ROUND(VLOOKUP("RA"&"_"&UANumber&"_"&$B81&"_"&4&"_"&Q$14,ValData!$AE$4:$AL$13475,8,FALSE),3) -> #N/A | R81: =D81 -> 0 | S81: =IF(VLOOKUP("RA"&"_"&$B81,ValData!$AS$4:$AV$253,3,FALSE)<>"",VLOOKUP("RA"&"_"&$B81,ValData!$AS$4:$AV$253,3,FALSE),$Q$10) -> 500 | T81: =IF(VLOOKUP("RA"&"_"&$B81,ValData!$AS$4:$AV$253,4,FALSE)<>"",VLOOKUP("RA"&"_"&$B81,ValData!$AS$4:$AV$253,4,FALSE),$Q$11) -> 10 | U81: =R81-Q81 -> #N/A | V81: =IF(OR(Q81=0,R81=0),0,U81/Q81*100) -> #N/A | W81: =IF(Q81=0,1,"") -> #N/A | X81: =IF(R81=0,1,"") -> 1 | Y81: =IF(SUM(W81:X81)=2,"",IF(AND(SUM(W81:X81)=1,ABS(ROUND(U81,2))>S81),9,IF(AND(ABS(ROUND(U81,2))>S81,ABS(ROUND(V81,2))>T81),3,IF(ABS(ROUND(V81,2))>T81,2,IF(ABS(ROUND(U81,2))>S81,1,""))))) -> #N/A | Z81: =IF(M81="","",IF(AND(OR(Y81=3,Y81=9),L81<>"T"),1,"")) | AB81: =IF(AC81="C","",IF(AA81=1,1,""))
B82: 75.1 | C82: =Text!G163 -> Licensing of private sector landlords | D82: 0 | E82: 0 | H82: =IF(D82<0,1,IF(-E82>D82,2,"")) | K82: =B82 -> 75.1 | L82: =VLOOKUP("RA"&"_"&K82,RARows[],5,FALSE) -> 0 | M82: =IF(ISNUMBER(SEARCH($K$14,VLOOKUP("RA"&"_"&K82,RARows[],6,FALSE))),1,"") | P82: =VLOOKUP("RA"&"_"&UANumber&"_"&$B82&"_"&4&"_"&P$14,ValData!$AE$4:$AL$13475,8,FALSE) -> #N/A | Q82: =ROUND(VLOOKUP("RA"&"_"&UANumber&"_"&$B82&"_"&4&"_"&Q$14,ValData!$AE$4:$AL$13475,8,FALSE),3) -> #N/A | R82: =D82 -> 0 | S82: =IF(VLOOKUP("RA"&"_"&$B82,ValData!$AS$4:$AV$253,3,FALSE)<>"",VLOOKUP("RA"&"_"&$B82,ValData!$AS$4:$AV$253,3,FALSE),$Q$10) -> 500 | T82: =IF(VLOOKUP("RA"&"_"&$B82,ValData!$AS$4:$AV$253,4,FALSE)<>"",VLOOKUP("RA"&"_"&$B82,ValData!$AS$4:$AV$253,4,FALSE),$Q$11) -> 10 | U82: =R82-Q82 -> #N/A | V82: =IF(OR(Q82=0,R82=0),0,U82/Q82*100) -> #N/A | W82: =IF(Q82=0,1,"") -> #N/A | X82: =IF(R82=0,1,"") -> 1 | Y82: =IF(SUM(W82:X82)=2,"",IF(AND(SUM(W82:X82)=1,ABS(ROUND(U82,2))>S82),9,IF(AND(ABS(ROUND(U82,2))>S82,ABS(ROUND(V82,2))>T82),3,IF(ABS(ROUND(V82,2))>T82,2,IF(ABS(ROUND(U82,2))>S82,1,""))))) -> #N/A | Z82: =IF(M82="","",IF(AND(OR(Y82=3,Y82=9),L82<>"T"),1,"")) | AB82: =IF(AC82="C","",IF(AA82=1,1,""))
B83: 75.2 | C83: =Text!G164 -> Contributions to the HRA | D83: 0 | E83: 0 | H83: =IF(D83<0,1,IF(-E83>D83,2,"")) | K83: =B83 -> 75.2 | L83: =VLOOKUP("RA"&"_"&K83,RARows[],5,FALSE) -> 0 | M83: =IF(ISNUMBER(SEARCH($K$14,VLOOKUP("RA"&"_"&K83,RARows[],6,FALSE))),1,"") | P83: =VLOOKUP("RA"&"_"&UANumber&"_"&$B83&"_"&4&"_"&P$14,ValData!$AE$4:$AL$13475,8,FALSE) -> #N/A | Q83: =ROUND(VLOOKUP("RA"&"_"&UANumber&"_"&$B83&"_"&4&"_"&Q$14,ValData!$AE$4:$AL$13475,8,FALSE),3) -> #N/A | R83: =D83 -> 0 | S83: =IF(VLOOKUP("RA"&"_"&$B83,ValData!$AS$4:$AV$253,3,FALSE)<>"",VLOOKUP("RA"&"_"&$B83,ValData!$AS$4:$AV$253,3,FALSE),$Q$10) -> 500 | T83: =IF(VLOOKUP("RA"&"_"&$B83,ValData!$AS$4:$AV$253,4,FALSE)<>"",VLOOKUP("RA"&"_"&$B83,ValData!$AS$4:$AV$253,4,FALSE),$Q$11) -> 10 | U83: =R83-Q83 -> #N/A | V83: =IF(OR(Q83=0,R83=0),0,U83/Q83*100) -> #N/A | W83: =IF(Q83=0,1,"") -> #N/A | X83: =IF(R83=0,1,"") -> 1 | Y83: =IF(SUM(W83:X83)=2,"",IF(AND(SUM(W83:X83)=1,ABS(ROUND(U83,2))>S83),9,IF(AND(ABS(ROUND(U83,2))>S83,ABS(ROUND(V83,2))>T83),3,IF(ABS(ROUND(V83,2))>T83,2,IF(ABS(ROUND(U83,2))>S83,1,""))))) -> #N/A | Z83: =IF(M83="","",IF(AND(OR(Y83=3,Y83=9),L83<>"T"),1,"")) | AB83: =IF(AC83="C","",IF(AA83=1,1,""))
B84: 75.3 | C84: =Text!G165 -> HRA related pension costs | D84: 0 | E84: 0 | H84: =IF(D84<0,1,IF(-E84>D84,2,"")) | K84: =B84 -> 75.3 | L84: =VLOOKUP("RA"&"_"&K84,RARows[],5,FALSE) -> 0 | M84: =IF(ISNUMBER(SEARCH($K$14,VLOOKUP("RA"&"_"&K84,RARows[],6,FALSE))),1,"") | P84: =VLOOKUP("RA"&"_"&UANumber&"_"&$B84&"_"&4&"_"&P$14,ValData!$AE$4:$AL$13475,8,FALSE) -> #N/A | Q84: =ROUND(VLOOKUP("RA"&"_"&UANumber&"_"&$B84&"_"&4&"_"&Q$14,ValData!$AE$4:$AL$13475,8,FALSE),3) -> #N/A | R84: =D84 -> 0 | S84: =IF(VLOOKUP("RA"&"_"&$B84,ValData!$AS$4:$AV$253,3,FALSE)<>"",VLOOKUP("RA"&"_"&$B84,ValData!$AS$4:$AV$253,3,FALSE),$Q$10) -> 500 | T84: =IF(VLOOKUP("RA"&"_"&$B84,ValData!$AS$4:$AV$253,4,FALSE)<>"",VLOOKUP("RA"&"_"&$B84,ValData!$AS$4:$AV$253,4,FALSE),$Q$11) -> 10 | U84: =R84-Q84 -> #N/A | V84: =IF(OR(Q84=0,R84=0),0,U84/Q84*100) -> #N/A | W84: =IF(Q84=0,1,"") -> #N/A | X84: =IF(R84=0,1,"") -> 1 | Y84: =IF(SUM(W84:X84)=2,"",IF(AND(SUM(W84:X84)=1,ABS(ROUND(U84,2))>S84),9,IF(AND(ABS(ROUND(U84,2))>S84,ABS(ROUND(V84,2))>T84),3,IF(ABS(ROUND(V84,2))>T84,2,IF(ABS(ROUND(U84,2))>S84,1,""))))) -> #N/A | Z84: =IF(M84="","",IF(AND(OR(Y84=3,Y84=9),L84<>"T"),1,"")) | AB84: =IF(AC84="C","",IF(AA84=1,1,""))
B85: 76 | C85: =Text!G166 -> Housing advice | D85: 0 | E85: 0 | H85: =IF(D85<0,1,IF(-E85>D85,2,"")) | K85: =B85 -> 76 | L85: =VLOOKUP("RA"&"_"&K85,RARows[],5,FALSE) -> 0 | M85: =IF(ISNUMBER(SEARCH($K$14,VLOOKUP("RA"&"_"&K85,RARows[],6,FALSE))),1,"") | P85: =VLOOKUP("RA"&"_"&UANumber&"_"&$B85&"_"&4&"_"&P$14,ValData!$AE$4:$AL$13475,8,FALSE) -> #N/A | Q85: =ROUND(VLOOKUP("RA"&"_"&UANumber&"_"&$B85&"_"&4&"_"&Q$14,ValData!$AE$4:$AL$13475,8,FALSE),3) -> #N/A | R85: =D85 -> 0 | S85: =IF(VLOOKUP("RA"&"_"&$B85,ValData!$AS$4:$AV$253,3,FALSE)<>"",VLOOKUP("RA"&"_"&$B85,ValData!$AS$4:$AV$253,3,FALSE),$Q$10) -> 500 | T85: =IF(VLOOKUP("RA"&"_"&$B85,ValData!$AS$4:$AV$253,4,FALSE)<>"",VLOOKUP("RA"&"_"&$B85,ValData!$AS$4:$AV$253,4,FALSE),$Q$11) -> 10 | U85: =R85-Q85 -> #N/A | V85: =IF(OR(Q85=0,R85=0),0,U85/Q85*100) -> #N/A | W85: =IF(Q85=0,1,"") -> #N/A | X85: =IF(R85=0,1,"") -> 1 | Y85: =IF(SUM(W85:X85)=2,"",IF(AND(SUM(W85:X85)=1,ABS(ROUND(U85,2))>S85),9,IF(AND(ABS(ROUND(U85,2))>S85,ABS(ROUND(V85,2))>T85),3,IF(ABS(ROUND(V85,2))>T85,2,IF(ABS(ROUND(U85,2))>S85,1,""))))) -> #N/A | Z85: =IF(M85="","",IF(AND(OR(Y85=3,Y85=9),L85<>"T"),1,"")) | AB85: =IF(AC85="C","",IF(AA85=1,1,""))
B86: 77 | C86: =Text!G167 -> Housing advances | D86: 0 | E86: 0 | H86: =IF(D86<0,1,IF(-E86>D86,2,"")) | K86: =B86 -> 77 | L86: =VLOOKUP("RA"&"_"&K86,RARows[],5,FALSE) -> 0 | M86: =IF(ISNUMBER(SEARCH($K$14,VLOOKUP("RA"&"_"&K86,RARows[],6,FALSE))),1,"") | P86: =VLOOKUP("RA"&"_"&UANumber&"_"&$B86&"_"&4&"_"&P$14,ValData!$AE$4:$AL$13475,8,FALSE) -> #N/A | Q86: =ROUND(VLOOKUP("RA"&"_"&UANumber&"_"&$B86&"_"&4&"_"&Q$14,ValData!$AE$4:$AL$13475,8,FALSE),3) -> #N/A | R86: =D86 -> 0 | S86: =IF(VLOOKUP("RA"&"_"&$B86,ValData!$AS$4:$AV$253,3,FALSE)<>"",VLOOKUP("RA"&"_"&$B86,ValData!$AS$4:$AV$253,3,FALSE),$Q$10) -> 500 | T86: =IF(VLOOKUP("RA"&"_"&$B86,ValData!$AS$4:$AV$253,4,FALSE)<>"",VLOOKUP("RA"&"_"&$B86,ValData!$AS$4:$AV$253,4,FALSE),$Q$11) -> 10 | U86: =R86-Q86 -> #N/A | V86: =IF(OR(Q86=0,R86=0),0,U86/Q86*100) -> #N/A | W86: =IF(Q86=0,1,"") -> #N/A | X86: =IF(R86=0,1,"") -> 1 | Y86: =IF(SUM(W86:X86)=2,"",IF(AND(SUM(W86:X86)=1,ABS(ROUND(U86,2))>S86),9,IF(AND(ABS(ROUND(U86,2))>S86,ABS(ROUND(V86,2))>T86),3,IF(ABS(ROUND(V86,2))>T86,2,IF(ABS(ROUND(U86,2))>S86,1,""))))) -> #N/A | Z86: =IF(M86="","",IF(AND(OR(Y86=3,Y86=9),L86<>"T"),1,"")) | AB86: =IF(AC86="C","",IF(AA86=1,1,""))
B87: 78 | C87: =Text!G168 -> Private sector housing renewal | D87: 0 | E87: 0 | H87: =IF(D87<0,1,IF(-E87>D87,2,"")) | K87: =B87 -> 78 | L87: =VLOOKUP("RA"&"_"&K87,RARows[],5,FALSE) -> 0 | M87: =IF(ISNUMBER(SEARCH($K$14,VLOOKUP("RA"&"_"&K87,RARows[],6,FALSE))),1,"") | P87: =VLOOKUP("RA"&"_"&UANumber&"_"&$B87&"_"&4&"_"&P$14,ValData!$AE$4:$AL$13475,8,FALSE) -> #N/A | Q87: =ROUND(VLOOKUP("RA"&"_"&UANumber&"_"&$B87&"_"&4&"_"&Q$14,ValData!$AE$4:$AL$13475,8,FALSE),3) -> #N/A | R87: =D87 -> 0 | S87: =IF(VLOOKUP("RA"&"_"&$B87,ValData!$AS$4:$AV$253,3,FALSE)<>"",VLOOKUP("RA"&"_"&$B87,ValData!$AS$4:$AV$253,3,FALSE),$Q$10) -> 500 | T87: =IF(VLOOKUP("RA"&"_"&$B87,ValData!$AS$4:$AV$253,4,FALSE)<>"",VLOOKUP("RA"&"_"&$B87,ValData!$AS$4:$AV$253,4,FALSE),$Q$11) -> 10 | U87: =R87-Q87 -> #N/A | V87: =IF(OR(Q87=0,R87=0),0,U87/Q87*100) -> #N/A | W87: =IF(Q87=0,1,"") -> #N/A | X87: =IF(R87=0,1,"") -> 1 | Y87: =IF(SUM(W87:X87)=2,"",IF(AND(SUM(W87:X87)=1,ABS(ROUND(U87,2))>S87),9,IF(AND(ABS(ROUND(U87,2))>S87,ABS(ROUND(V87,2))>T87),3,IF(ABS(ROUND(V87,2))>T87,2,IF(ABS(ROUND(U87,2))>S87,1,""))))) -> #N/A | Z87: =IF(M87="","",IF(AND(OR(Y87=3,Y87=9),L87<>"T"),1,"")) | AB87: =IF(AC87="C","",IF(AA87=1,1,""))
B88: 79 | C88: =Text!G169 -> Homelessness | D88: 0 | E88: 0 | H88: =IF(D88<0,1,IF(-E88>D88,2,"")) | K88: =B88 -> 79 | L88: =VLOOKUP("RA"&"_"&K88,RARows[],5,FALSE) -> 0 | M88: =IF(ISNUMBER(SEARCH($K$14,VLOOKUP("RA"&"_"&K88,RARows[],6,FALSE))),1,"") | P88: =VLOOKUP("RA"&"_"&UANumber&"_"&$B88&"_"&4&"_"&P$14,ValData!$AE$4:$AL$13475,8,FALSE) -> #N/A | Q88: =ROUND(VLOOKUP("RA"&"_"&UANumber&"_"&$B88&"_"&4&"_"&Q$14,ValData!$AE$4:$AL$13475,8,FALSE),3) -> #N/A | R88: =D88 -> 0 | S88: =IF(VLOOKUP("RA"&"_"&$B88,ValData!$AS$4:$AV$253,3,FALSE)<>"",VLOOKUP("RA"&"_"&$B88,ValData!$AS$4:$AV$253,3,FALSE),$Q$10) -> 500 | T88: =IF(VLOOKUP("RA"&"_"&$B88,ValData!$AS$4:$AV$253,4,FALSE)<>"",VLOOKUP("RA"&"_"&$B88,ValData!$AS$4:$AV$253,4,FALSE),$Q$11) -> 10 | U88: =R88-Q88 -> #N/A | V88: =IF(OR(Q88=0,R88=0),0,U88/Q88*100) -> #N/A | W88: =IF(Q88=0,1,"") -> #N/A | X88: =IF(R88=0,1,"") -> 1 | Y88: =IF(SUM(W88:X88)=2,"",IF(AND(SUM(W88:X88)=1,ABS(ROUND(U88,2))>S88),9,IF(AND(ABS(ROUND(U88,2))>S88,ABS(ROUND(V88,2))>T88),3,IF(ABS(ROUND(V88,2))>T88,2,IF(ABS(ROUND(U88,2))>S88,1,""))))) -> #N/A | Z88: =IF(M88="","",IF(AND(OR(Y88=3,Y88=9),L88<>"T"),1,"")) | AB88: =IF(AC88="C","",IF(AA88=1,1,""))
B89: 80 | C89: =Text!G170 -> Housing benefits payments | D89: 0 | E89: 0 | H89: =IF(D89<0,1,IF(-E89>D89,2,"")) | K89: =B89 -> 80 | L89: =VLOOKUP("RA"&"_"&K89,RARows[],5,FALSE) -> 0 | M89: =IF(ISNUMBER(SEARCH($K$14,VLOOKUP("RA"&"_"&K89,RARows[],6,FALSE))),1,"") | P89: =VLOOKUP("RA"&"_"&UANumber&"_"&$B89&"_"&4&"_"&P$14,ValData!$AE$4:$AL$13475,8,FALSE) -> #N/A | Q89: =ROUND(VLOOKUP("RA"&"_"&UANumber&"_"&$B89&"_"&4&"_"&Q$14,ValData!$AE$4:$AL$13475,8,FALSE),3) -> #N/A | R89: =D89 -> 0 | S89: =IF(VLOOKUP("RA"&"_"&$B89,ValData!$AS$4:$AV$253,3,FALSE)<>"",VLOOKUP("RA"&"_"&$B89,ValData!$AS$4:$AV$253,3,FALSE),$Q$10) -> 500 | T89: =IF(VLOOKUP("RA"&"_"&$B89,ValData!$AS$4:$AV$253,4,FALSE)<>"",VLOOKUP("RA"&"_"&$B89,ValData!$AS$4:$AV$253,4,FALSE),$Q$11) -> 10 | U89: =R89-Q89 -> #N/A | V89: =IF(OR(Q89=0,R89=0),0,U89/Q89*100) -> #N/A | W89: =IF(Q89=0,1,"") -> #N/A | X89: =IF(R89=0,1,"") -> 1 | Y89: =IF(SUM(W89:X89)=2,"",IF(AND(SUM(W89:X89)=1,ABS(ROUND(U89,2))>S89),9,IF(AND(ABS(ROUND(U89,2))>S89,ABS(ROUND(V89,2))>T89),3,IF(ABS(ROUND(V89,2))>T89,2,IF(ABS(ROUND(U89,2))>S89,1,""))))) -> #N/A | Z89: =IF(M89="","",IF(AND(OR(Y89=3,Y89=9),L89<>"T"),1,"")) | AB89: =IF(AC89="C","",IF(AA89=1,1,""))
B90: 81 | C90: =Text!G171 -> Housing benefit administration | D90: 0 | E90: 0 | H90: =IF(D90<0,1,IF(-E90>D90,2,"")) | K90: =B90 -> 81 | L90: =VLOOKUP("RA"&"_"&K90,RARows[],5,FALSE) -> 0 | M90: =IF(ISNUMBER(SEARCH($K$14,VLOOKUP("RA"&"_"&K90,RARows[],6,FALSE))),1,"") | P90: =VLOOKUP("RA"&"_"&UANumber&"_"&$B90&"_"&4&"_"&P$14,ValData!$AE$4:$AL$13475,8,FALSE) -> #N/A | Q90: =ROUND(VLOOKUP("RA"&"_"&UANumber&"_"&$B90&"_"&4&"_"&Q$14,ValData!$AE$4:$AL$13475,8,FALSE),3) -> #N/A | R90: =D90 -> 0 | S90: =IF(VLOOKUP("RA"&"_"&$B90,ValData!$AS$4:$AV$253,3,FALSE)<>"",VLOOKUP("RA"&"_"&$B90,ValData!$AS$4:$AV$253,3,FALSE),$Q$10) -> 500 | T90: =IF(VLOOKUP("RA"&"_"&$B90,ValData!$AS$4:$AV$253,4,FALSE)<>"",VLOOKUP("RA"&"_"&$B90,ValData!$AS$4:$AV$253,4,FALSE),$Q$11) -> 10 | U90: =R90-Q90 -> #N/A | V90: =IF(OR(Q90=0,R90=0),0,U90/Q90*100) -> #N/A | W90: =IF(Q90=0,1,"") -> #N/A | X90: =IF(R90=0,1,"") -> 1 | Y90: =IF(SUM(W90:X90)=2,"",IF(AND(SUM(W90:X90)=1,ABS(ROUND(U90,2))>S90),9,IF(AND(ABS(ROUND(U90,2))>S90,ABS(ROUND(V90,2))>T90),3,IF(ABS(ROUND(V90,2))>T90,2,IF(ABS(ROUND(U90,2))>S90,1,""))))) -> #N/A | Z90: =IF(M90="","",IF(AND(OR(Y90=3,Y90=9),L90<>"T"),1,"")) | AB90: =IF(AC90="C","",IF(AA90=1,1,""))
B91: 82 | C91: =Text!G172 -> Other welfare services | D91: 0 | E91: 0 | H91: =IF(D91<0,1,IF(-E91>D91,2,"")) | K91: =B91 -> 82 | L91: =VLOOKUP("RA"&"_"&K91,RARows[],5,FALSE) -> 0 | M91: =IF(ISNUMBER(SEARCH($K$14,VLOOKUP("RA"&"_"&K91,RARows[],6,FALSE))),1,"") | P91: =VLOOKUP("RA"&"_"&UANumber&"_"&$B91&"_"&4&"_"&P$14,ValData!$AE$4:$AL$13475,8,FALSE) -> #N/A | Q91: =ROUND(VLOOKUP("RA"&"_"&UANumber&"_"&$B91&"_"&4&"_"&Q$14,ValData!$AE$4:$AL$13475,8,FALSE),3) -> #N/A | R91: =D91 -> 0 | S91: =IF(VLOOKUP("RA"&"_"&$B91,ValData!$AS$4:$AV$253,3,FALSE)<>"",VLOOKUP("RA"&"_"&$B91,ValData!$AS$4:$AV$253,3,FALSE),$Q$10) -> 500 | T91: =IF(VLOOKUP("RA"&"_"&$B91,ValData!$AS$4:$AV$253,4,FALSE)<>"",VLOOKUP("RA"&"_"&$B91,ValData!$AS$4:$AV$253,4,FALSE),$Q$11) -> 10 | U91: =R91-Q91 -> #N/A | V91: =IF(OR(Q91=0,R91=0),0,U91/Q91*100) -> #N/A | W91: =IF(Q91=0,1,"") -> #N/A | X91: =IF(R91=0,1,"") -> 1 | Y91: =IF(SUM(W91:X91)=2,"",IF(AND(SUM(W91:X91)=1,ABS(ROUND(U91,2))>S91),9,IF(AND(ABS(ROUND(U91,2))>S91,ABS(ROUND(V91,2))>T91),3,IF(ABS(ROUND(V91,2))>T91,2,IF(ABS(ROUND(U91,2))>S91,1,""))))) -> #N/A | Z91: =IF(M91="","",IF(AND(OR(Y91=3,Y91=9),L91<>"T"),1,"")) | AB91: =IF(AC91="C","",IF(AA91=1,1,""))
... B93: 85 | C93: =Text!G174 -> Other council property | D93: 0 | E93: 0 | H93: =IF(D93<0,1,IF(-E93>D93,2,"")) | K93: =B93 -> 85 | L93: =VLOOKUP("RA"&"_"&K93,RARows[],5,FALSE) -> 0 | M93: =IF(ISNUMBER(SEARCH($K$14,VLOOKUP("RA"&"_"&K93,RARows[],6,FALSE))),1,"") | P93: =VLOOKUP("RA"&"_"&UANumber&"_"&$B93&"_"&4&"_"&P$14,ValData!$AE$4:$AL$13475,8,FALSE) -> #N/A | Q93: =ROUND(VLOOKUP("RA"&"_"&UANumber&"_"&$B93&"_"&4&"_"&Q$14,ValData!$AE$4:$AL$13475,8,FALSE),3) -> #N/A | R93: =D93 -> 0 | S93: =IF(VLOOKUP("RA"&"_"&$B93,ValData!$AS$4:$AV$253,3,FALSE)<>"",VLOOKUP("RA"&"_"&$B93,ValData!$AS$4:$AV$253,3,FALSE),$Q$10) -> 500 | T93: =IF(VLOOKUP("RA"&"_"&$B93,ValData!$AS$4:$AV$253,4,FALSE)<>"",VLOOKUP("RA"&"_"&$B93,ValData!$AS$4:$AV$253,4,FALSE),$Q$11) -> 10 | U93: =R93-Q93 -> #N/A | V93: =IF(OR(Q93=0,R93=0),0,U93/Q93*100) -> #N/A | W93: =IF(Q93=0,1,"") -> #N/A | X93: =IF(R93=0,1,"") -> 1 | Y93: =IF(SUM(W93:X93)=2,"",IF(AND(SUM(W93:X93)=1,ABS(ROUND(U93,2))>S93),9,IF(AND(ABS(ROUND(U93,2))>S93,ABS(ROUND(V93,2))>T93),3,IF(ABS(ROUND(V93,2))>T93,2,IF(ABS(ROUND(U93,2))>S93,1,""))))) -> #N/A | Z93: =IF(M93="","",IF(AND(OR(Y93=3,Y93=9),L93<>"T"),1,"")) | AB93: =IF(AC93="C","",IF(AA93=1,1,""))
B94: =Text!G175 -> Central Services to the Public | H94: =ValData!AP69 -> Unitaries | M94: =IF(ISNUMBER(SEARCH($K$14,VLOOKUP("RA"&"_"&K94,RARows[],6,FALSE))),1,"") | Z94: =IF(M94="","",IF(AND(OR(Y94=3,Y94=9),L94<>"T"),1,""))
B95: 89 | C95: =Text!G176 -> Local tax collection | D95: 0 | E95: 0 | H95: =IF(D95<0,1,IF(-E95>D95,2,"")) | K95: =B95 -> 89 | L95: =VLOOKUP("RA"&"_"&K95,RARows[],5,FALSE) -> 0 | M95: =IF(ISNUMBER(SEARCH($K$14,VLOOKUP("RA"&"_"&K95,RARows[],6,FALSE))),1,"") | P95: =VLOOKUP("RA"&"_"&UANumber&"_"&$B95&"_"&4&"_"&P$14,ValData!$AE$4:$AL$13475,8,FALSE) -> #N/A | Q95: =ROUND(VLOOKUP("RA"&"_"&UANumber&"_"&$B95&"_"&4&"_"&Q$14,ValData!$AE$4:$AL$13475,8,FALSE),3) -> #N/A | R95: =D95 -> 0 | S95: =IF(VLOOKUP("RA"&"_"&$B95,ValData!$AS$4:$AV$253,3,FALSE)<>"",VLOOKUP("RA"&"_"&$B95,ValData!$AS$4:$AV$253,3,FALSE),$Q$10) -> 500 | T95: =IF(VLOOKUP("RA"&"_"&$B95,ValData!$AS$4:$AV$253,4,FALSE)<>"",VLOOKUP("RA"&"_"&$B95,ValData!$AS$4:$AV$253,4,FALSE),$Q$11) -> 10 | U95: =R95-Q95 -> #N/A | V95: =IF(OR(Q95=0,R95=0),0,U95/Q95*100) -> #N/A | W95: =IF(Q95=0,1,"") -> #N/A | X95: =IF(R95=0,1,"") -> 1 | Y95: =IF(SUM(W95:X95)=2,"",IF(AND(SUM(W95:X95)=1,ABS(ROUND(U95,2))>S95),9,IF(AND(ABS(ROUND(U95,2))>S95,ABS(ROUND(V95,2))>T95),3,IF(ABS(ROUND(V95,2))>T95,2,IF(ABS(ROUND(U95,2))>S95,1,""))))) -> #N/A | Z95: =IF(M95="","",IF(AND(OR(Y95=3,Y95=9),L95<>"T"),1,"")) | AB95: =IF(AC95="C","",IF(AA95=1,1,""))
B96: 89.1 | C96: =Text!G177 -> Registration of births, deaths and marriages | D96: 0 | E96: 0 | H96: =IF(D96<0,1,IF(-E96>D96,2,"")) | K96: =B96 -> 89.1 | L96: =VLOOKUP("RA"&"_"&K96,RARows[],5,FALSE) -> 0 | M96: =IF(ISNUMBER(SEARCH($K$14,VLOOKUP("RA"&"_"&K96,RARows[],6,FALSE))),1,"") | P96: =VLOOKUP("RA"&"_"&UANumber&"_"&$B96&"_"&4&"_"&P$14,ValData!$AE$4:$AL$13475,8,FALSE) -> #N/A | Q96: =ROUND(VLOOKUP("RA"&"_"&UANumber&"_"&$B96&"_"&4&"_"&Q$14,ValData!$AE$4:$AL$13475,8,FALSE),3) -> #N/A | R96: =D96 -> 0 | S96: =IF(VLOOKUP("RA"&"_"&$B96,ValData!$AS$4:$AV$253,3,FALSE)<>"",VLOOKUP("RA"&"_"&$B96,ValData!$AS$4:$AV$253,3,FALSE),$Q$10) -> 500 | T96: =IF(VLOOKUP("RA"&"_"&$B96,ValData!$AS$4:$AV$253,4,FALSE)<>"",VLOOKUP("RA"&"_"&$B96,ValData!$AS$4:$AV$253,4,FALSE),$Q$11) -> 10 | U96: =R96-Q96 -> #N/A | V96: =IF(OR(Q96=0,R96=0),0,U96/Q96*100) -> #N/A | W96: =IF(Q96=0,1,"") -> #N/A | X96: =IF(R96=0,1,"") -> 1 | Y96: =IF(SUM(W96:X96)=2,"",IF(AND(SUM(W96:X96)=1,ABS(ROUND(U96,2))>S96),9,IF(AND(ABS(ROUND(U96,2))>S96,ABS(ROUND(V96,2))>T96),3,IF(ABS(ROUND(V96,2))>T96,2,IF(ABS(ROUND(U96,2))>S96,1,""))))) -> #N/A | Z96: =IF(M96="","",IF(AND(OR(Y96=3,Y96=9),L96<>"T"),1,"")) | AB96: =IF(AC96="C","",IF(AA96=1,1,""))
B97: 90 | C97: =Text!G178 -> Elections | D97: 0 | E97: 0 | H97: =IF(D97<0,1,IF(-E97>D97,2,"")) | K97: =B97 -> 90 | L97: =VLOOKUP("RA"&"_"&K97,RARows[],5,FALSE) -> 0 | M97: =IF(ISNUMBER(SEARCH($K$14,VLOOKUP("RA"&"_"&K97,RARows[],6,FALSE))),1,"") | P97: =VLOOKUP("RA"&"_"&UANumber&"_"&$B97&"_"&4&"_"&P$14,ValData!$AE$4:$AL$13475,8,FALSE) -> #N/A | Q97: =ROUND(VLOOKUP("RA"&"_"&UANumber&"_"&$B97&"_"&4&"_"&Q$14,ValData!$AE$4:$AL$13475,8,FALSE),3) -> #N/A | R97: =D97 -> 0 | S97: =IF(VLOOKUP("RA"&"_"&$B97,ValData!$AS$4:$AV$253,3,FALSE)<>"",VLOOKUP("RA"&"_"&$B97,ValData!$AS$4:$AV$253,3,FALSE),$Q$10) -> 500 | T97: =IF(VLOOKUP("RA"&"_"&$B97,ValData!$AS$4:$AV$253,4,FALSE)<>"",VLOOKUP("RA"&"_"&$B97,ValData!$AS$4:$AV$253,4,FALSE),$Q$11) -> 10 | U97: =R97-Q97 -> #N/A | V97: =IF(OR(Q97=0,R97=0),0,U97/Q97*100) -> #N/A | W97: =IF(Q97=0,1,"") -> #N/A | X97: =IF(R97=0,1,"") -> 1 | Y97: =IF(SUM(W97:X97)=2,"",IF(AND(SUM(W97:X97)=1,ABS(ROUND(U97,2))>S97),9,IF(AND(ABS(ROUND(U97,2))>S97,ABS(ROUND(V97,2))>T97),3,IF(ABS(ROUND(V97,2))>T97,2,IF(ABS(ROUND(U97,2))>S97,1,""))))) -> #N/A | Z97: =IF(M97="","",IF(AND(OR(Y97=3,Y97=9),L97<>"T"),1,"")) | AB97: =IF(AC97="C","",IF(AA97=1,1,""))
B98: 91 | C98: =Text!G179 -> Emergency planning | D98: 0 | E98: 0 | H98: =IF(D98<0,1,IF(-E98>D98,2,"")) | K98: =B98 -> 91 | L98: =VLOOKUP("RA"&"_"&K98,RARows[],5,FALSE) -> 0 | M98: =IF(ISNUMBER(SEARCH($K$14,VLOOKUP("RA"&"_"&K98,RARows[],6,FALSE))),1,"") | P98: =VLOOKUP("RA"&"_"&UANumber&"_"&$B98&"_"&4&"_"&P$14,ValData!$AE$4:$AL$13475,8,FALSE) -> #N/A | Q98: =ROUND(VLOOKUP("RA"&"_"&UANumber&"_"&$B98&"_"&4&"_"&Q$14,ValData!$AE$4:$AL$13475,8,FALSE),3) -> #N/A | R98: =D98 -> 0 | S98: =IF(VLOOKUP("RA"&"_"&$B98,ValData!$AS$4:$AV$253,3,FALSE)<>"",VLOOKUP("RA"&"_"&$B98,ValData!$AS$4:$AV$253,3,FALSE),$Q$10) -> 500 | T98: =IF(VLOOKUP("RA"&"_"&$B98,ValData!$AS$4:$AV$253,4,FALSE)<>"",VLOOKUP("RA"&"_"&$B98,ValData!$AS$4:$AV$253,4,FALSE),$Q$11) -> 10 | U98: =R98-Q98 -> #N/A | V98: =IF(OR(Q98=0,R98=0),0,U98/Q98*100) -> #N/A | W98: =IF(Q98=0,1,"") -> #N/A | X98: =IF(R98=0,1,"") -> 1 | Y98: =IF(SUM(W98:X98)=2,"",IF(AND(SUM(W98:X98)=1,ABS(ROUND(U98,2))>S98),9,IF(AND(ABS(ROUND(U98,2))>S98,ABS(ROUND(V98,2))>T98),3,IF(ABS(ROUND(V98,2))>T98,2,IF(ABS(ROUND(U98,2))>S98,1,""))))) -> #N/A | Z98: =IF(M98="","",IF(AND(OR(Y98=3,Y98=9),L98<>"T"),1,"")) | AB98: =IF(AC98="C","",IF(AA98=1,1,""))
B99: 92.1 | C99: =Text!G180 -> Local land charges | D99: 0 | E99: 0 | H99: =IF(D99<0,1,IF(-E99>D99,2,"")) | K99: =B99 -> 92.1 | L99: =VLOOKUP("RA"&"_"&K99,RARows[],5,FALSE) -> 0 | M99: =IF(ISNUMBER(SEARCH($K$14,VLOOKUP("RA"&"_"&K99,RARows[],6,FALSE))),1,"") | P99: =VLOOKUP("RA"&"_"&UANumber&"_"&$B99&"_"&4&"_"&P$14,ValData!$AE$4:$AL$13475,8,FALSE) -> #N/A | Q99: =ROUND(VLOOKUP("RA"&"_"&UANumber&"_"&$B99&"_"&4&"_"&Q$14,ValData!$AE$4:$AL$13475,8,FALSE),3) -> #N/A | R99: =D99 -> 0 | S99: =IF(VLOOKUP("RA"&"_"&$B99,ValData!$AS$4:$AV$253,3,FALSE)<>"",VLOOKUP("RA"&"_"&$B99,ValData!$AS$4:$AV$253,3,FALSE),$Q$10) -> 500 | T99: =IF(VLOOKUP("RA"&"_"&$B99,ValData!$AS$4:$AV$253,4,FALSE)<>"",VLOOKUP("RA"&"_"&$B99,ValData!$AS$4:$AV$253,4,FALSE),$Q$11) -> 10 | U99: =R99-Q99 -> #N/A | V99: =IF(OR(Q99=0,R99=0),0,U99/Q99*100) -> #N/A | W99: =IF(Q99=0,1,"") -> #N/A | X99: =IF(R99=0,1,"") -> 1 | Y99: =IF(SUM(W99:X99)=2,"",IF(AND(SUM(W99:X99)=1,ABS(ROUND(U99,2))>S99),9,IF(AND(ABS(ROUND(U99,2))>S99,ABS(ROUND(V99,2))>T99),3,IF(ABS(ROUND(V99,2))>T99,2,IF(ABS(ROUND(U99,2))>S99,1,""))))) -> #N/A | Z99: =IF(M99="","",IF(AND(OR(Y99=3,Y99=9),L99<>"T"),1,"")) | AB99: =IF(AC99="C","",IF(AA99=1,1,""))
B100: 92.2 | C100: =Text!G181 -> General grants, bequests and donations | D100: 0 | E100: 0 | H100: =IF(D100<0,1,IF(-E100>D100,2,"")) | K100: =B100 -> 92.2 | L100: =VLOOKUP("RA"&"_"&K100,RARows[],5,FALSE) -> 0 | M100: =IF(ISNUMBER(SEARCH($K$14,VLOOKUP("RA"&"_"&K100,RARows[],6,FALSE))),1,"") | P100: =VLOOKUP("RA"&"_"&UANumber&"_"&$B100&"_"&4&"_"&P$14,ValData!$AE$4:$AL$13475,8,FALSE) -> #N/A | Q100: =ROUND(VLOOKUP("RA"&"_"&UANumber&"_"&$B100&"_"&4&"_"&Q$14,ValData!$AE$4:$AL$13475,8,FALSE),3) -> #N/A | R100: =D100 -> 0 | S100: =IF(VLOOKUP("RA"&"_"&$B100,ValData!$AS$4:$AV$253,3,FALSE)<>"",VLOOKUP("RA"&"_"&$B100,ValData!$AS$4:$AV$253,3,FALSE),$Q$10) -> 500 | T100: =IF(VLOOKUP("RA"&"_"&$B100,ValData!$AS$4:$AV$253,4,FALSE)<>"",VLOOKUP("RA"&"_"&$B100,ValData!$AS$4:$AV$253,4,FALSE),$Q$11) -> 10 | U100: =R100-Q100 -> #N/A | V100: =IF(OR(Q100=0,R100=0),0,U100/Q100*100) -> #N/A | W100: =IF(Q100=0,1,"") -> #N/A | X100: =IF(R100=0,1,"") -> 1 | Y100: =IF(SUM(W100:X100)=2,"",IF(AND(SUM(W100:X100)=1,ABS(ROUND(U100,2))>S100),9,IF(AND(ABS(ROUND(U100,2))>S100,ABS(ROUND(V100,2))>T100),3,IF(ABS(ROUND(V100,2))>T100,2,IF(ABS(ROUND(U100,2))>S100,1,""))))) -> #N/A | Z100: =IF(M100="","",IF(AND(OR(Y100=3,Y100=9),L100<>"T"),1,"")) | AB100: =IF(AC100="C","",IF(AA100=1,1,""))
B101: 92.3 | C101: =Text!G182 -> Local welfare assistance schemes | D101: 0 | E101: 0 | H101: =IF(D101<0,1,IF(-E101>D101,2,"")) | K101: =B101 -> 92.3 | L101: =VLOOKUP("RA"&"_"&K101,RARows[],5,FALSE) -> 0 | M101: =IF(ISNUMBER(SEARCH($K$14,VLOOKUP("RA"&"_"&K101,RARows[],6,FALSE))),1,"") | P101: =VLOOKUP("RA"&"_"&UANumber&"_"&$B101&"_"&4&"_"&P$14,ValData!$AE$4:$AL$13475,8,FALSE) -> #N/A | Q101: =ROUND(VLOOKUP("RA"&"_"&UANumber&"_"&$B101&"_"&4&"_"&Q$14,ValData!$AE$4:$AL$13475,8,FALSE),3) -> #N/A | R101: =D101 -> 0 | S101: =IF(VLOOKUP("RA"&"_"&$B101,ValData!$AS$4:$AV$253,3,FALSE)<>"",VLOOKUP("RA"&"_"&$B101,ValData!$AS$4:$AV$253,3,FALSE),$Q$10) -> 500 | T101: =IF(VLOOKUP("RA"&"_"&$B101,ValData!$AS$4:$AV$253,4,FALSE)<>"",VLOOKUP("RA"&"_"&$B101,ValData!$AS$4:$AV$253,4,FALSE),$Q$11) -> 10 | U101: =R101-Q101 -> #N/A | V101: =IF(OR(Q101=0,R101=0),0,U101/Q101*100) -> #N/A | W101: =IF(Q101=0,1,"") -> #N/A | X101: =IF(R101=0,1,"") -> 1 | Y101: =IF(SUM(W101:X101)=2,"",IF(AND(SUM(W101:X101)=1,ABS(ROUND(U101,2))>S101),9,IF(AND(ABS(ROUND(U101,2))>S101,ABS(ROUND(V101,2))>T101),3,IF(ABS(ROUND(V101,2))>T101,2,IF(ABS(ROUND(U101,2))>S101,1,""))))) -> #N/A | Z101: =IF(M101="","",IF(AND(OR(Y101=3,Y101=9),L101<>"T"),1,"")) | AB101: =IF(AC101="C","",IF(AA101=1,1,""))
M102: =IF(ISNUMBER(SEARCH($K$14,VLOOKUP("RA"&"_"&K102,RARows[],6,FALSE))),1,"") | Z102: =IF(M102="","",IF(AND(OR(Y102=3,Y102=9),L102<>"T"),1,""))
B103: 102.11 | C103: =Text!G183 -> Police Services | D103: 0 | E103: 0 | H103: =IF(D103<0,1,IF(-E103>D103,2,"")) | K103: =B103 -> 102.11 | L103: =VLOOKUP("RA"&"_"&K103,RARows[],5,FALSE) -> 0 | M103: =IF(ISNUMBER(SEARCH($K$14,VLOOKUP("RA"&"_"&K103,RARows[],6,FALSE))),1,"") | P103: =VLOOKUP("RA"&"_"&UANumber&"_"&$B103&"_"&4&"_"&P$14,ValData!$AE$4:$AL$13475,8,FALSE) -> #N/A | Q103: =ROUND(VLOOKUP("RA"&"_"&UANumber&"_"&$B103&"_"&4&"_"&Q$14,ValData!$AE$4:$AL$13475,8,FALSE),3) -> #N/A | R103: =D103 -> 0 | U103: =R103-Q103 -> #N/A | V103: =IF(OR(Q103=0,R103=0),0,U103/Q103*100) -> #N/A | W103: =IF(Q103=0,1,"") -> #N/A | X103: =IF(R103=0,1,"") -> 1 | Y103: =IF(SUM(W103:X103)=2,"",IF(SUM(W103:X103)=1,9,IF(AND(ABS(ROUND(U103,2))>S103,ABS(ROUND(V103,2))>T103),3,IF(ABS(ROUND(V103,2))>T103,2,IF(ABS(ROUND(U103,2))>S103,1,""))))) -> #N/A | Z103: =IF(M103="","",IF(AND(OR(Y103=3,Y103=9),L103<>"T"),1,"")) | AB103: =IF(AC103="C","",IF(AA103=1,1,""))
M104: =IF(ISNUMBER(SEARCH($K$14,VLOOKUP("RA"&"_"&K104,RARows[],6,FALSE))),1,"") | Z104: =IF(M104="","",IF(AND(OR(Y104=3,Y104=9),L104<>"T"),1,""))
B105: 106.11 | C105: =Text!G194 -> Fire and Rescue Services | D105: 0 | E105: 0 | H105: =IF(D105<0,1,IF(-E105>D105,2,"")) | K105: =B105 -> 106.11 | L105: =VLOOKUP("RA"&"_"&K105,RARows[],5,FALSE) -> 0 | M105: =IF(ISNUMBER(SEARCH($K$14,VLOOKUP("RA"&"_"&K105,RARows[],6,FALSE))),1,"") | P105: =VLOOKUP("RA"&"_"&UANumber&"_"&$B105&"_"&4&"_"&P$14,ValData!$AE$4:$AL$13475,8,FALSE) -> #N/A | Q105: =ROUND(VLOOKUP("RA"&"_"&UANumber&"_"&$B105&"_"&4&"_"&Q$14,ValData!$AE$4:$AL$13475,8,FALSE),3) -> #N/A | R105: =D105 -> 0 | U105: =R105-Q105 -> #N/A | V105: =IF(OR(Q105=0,R105=0),0,U105/Q105*100) -> #N/A | W105: =IF(Q105=0,1,"") -> #N/A | X105: =IF(R105=0,1,"") -> 1 | Y105: =IF(SUM(W105:X105)=2,"",IF(SUM(W105:X105)=1,9,IF(AND(ABS(ROUND(U105,2))>S105,ABS(ROUND(V105,2))>T105),3,IF(ABS(ROUND(V105,2))>T105,2,IF(ABS(ROUND(U105,2))>S105,1,""))))) -> #N/A | Z105: =IF(M105="","",IF(AND(OR(Y105=3,Y105=9),L105<>"T"),1,"")) | AB105: =IF(AC105="C","",IF(AA105=1,1,""))
B107: =Text!G198 -> National Parks | H107: =ValData!AP72 -> National Parks | M107: =IF(ISNUMBER(SEARCH($K$14,VLOOKUP("RA"&"_"&K107,RARows[],6,FALSE))),1,"") | Z107: =IF(M107="","",IF(AND(OR(Y107=3,Y107=9),L107<>"T"),1,""))
...

Sheet Grants
G1: 198 | H1: UA only | I1: =IF(AND(UANumber>=512,UANumber<=552),-(10^20),0) -> 0 | J1: 0
B2: RAG | C2: =Services!C6 -> Revenue Account Return, 2026-27 | G2: 298 | H2: PA only | I2: =IF(AND(UANumber>=562,UANumber<=568),-(10^20),0) -> 0 | J2: 0
B3: =Text!G25 -> Information specified on this return must be submitted under section 139A of the 1988 Local Government Finance Act (as inserted by paragraph 68 of schedule 5 to the Local Government and Housing Act 1989) | G3: 398 | H3: FA only | I3: =IF(AND(UANumber>=572,UANumber<=576),-(10^20),0) -> 0 | J3: 0
B4: =Text!G23 -> Authority | G4: 498 | H4: NPA only | I4: =IF(AND(UANumber>=582,UANumber<=586),-(10^20),0) -> 0 | J4: 0
B5: =Details!D1 -> Please select your authority | G5: 598 | H5: ALL | I5: =-(10^20) -> -1e+20 | J5: 0
E6: =Text!G30 -> £ thousand | G6: 798 | I6: =IF(AND(UANumber>=512,UANumber<=552),(10^20),IF(AND(UANumber>=572,UANumber<=576),0,0)) -> 0
B7: =Text!G279 -> PLEASE NOTE "OTHER" LINES - 198, 298 ETC ARE NOW AUTOMATICALLY POPULATED FROM THE SPECIFICATION LIST AT THE BOTTOM OF THE PAGE | D7: ="** "&Text!G278&" **" -> ** Record as negative ** | G7: Line ?? | H7: llinell?? | I7: =IF(FrontPage!$E$5=1,H7,G7) -> Line ?? | J7: =IF(AND(UANumber>=512,UANumber<=552),(10^20),IF(AND(UANumber>=582,UANumber<=586),0,0)) -> 0
D8: =Text!G280 -> Current grants | E8: =Text!G281 -> Capital financing grants and capital element of PFI | M8: =ValData!AP47 -> YOY Figures | P8: =ValData!AP41 -> difference
D9: 1.00 | E9: 2.00 | M9: =N9-101 -> 202425 | N9: =O9-101 -> 202526 | O9: =Year -> 202627 | P9: =ValData!AP31 -> value | Q9: % | R9: =ValData!AP37 -> Your comments
B11: =Text!G282 -> Education
B12: 132.1 | C12: =Text!G296 -> Local Authority Education Grant - Schools Standards | D12: 0 | G12: =B12 -> 132.1 | M12: =IF(ISERROR(VLOOKUP("RAG"&"_"&UANumber&"_"&$B12&"_"&1&"_"&M$9,ValData!$AE$4:$AL$13475,8,FALSE)),"",VLOOKUP("RAG"&"_"&UANumber&"_"&$B12&"_"&1&"_"&M$9,ValData!$AE$4:$AL$13475,8,FALSE)) | N12: =IF(ISERROR(VLOOKUP("RAG"&"_"&UANumber&"_"&$B12&"_"&1&"_"&N$9,ValData!$AE$4:$AL$13475,8,FALSE)),"",VLOOKUP("RAG"&"_"&UANumber&"_"&$B12&"_"&1&"_"&N$9,ValData!$AE$4:$AL$13475,8,FALSE)) | O12: =D12 -> 0 | P12: =O12-N12 -> #VALUE! | Q12: =IF(OR(N12=0,O12=0),0,P12/N12*100) -> 0
B13: 132.2 | C13: =Text!G297 -> Local Authority Education Grant - Equity | D13: 0 | G13: =B13 -> 132.2 | M13: =IF(ISERROR(VLOOKUP("RAG"&"_"&UANumber&"_"&$B13&"_"&1&"_"&M$9,ValData!$AE$4:$AL$13475,8,FALSE)),"",VLOOKUP("RAG"&"_"&UANumber&"_"&$B13&"_"&1&"_"&M$9,ValData!$AE$4:$AL$13475,8,FALSE)) | N13: =IF(ISERROR(VLOOKUP("RAG"&"_"&UANumber&"_"&$B13&"_"&1&"_"&N$9,ValData!$AE$4:$AL$13475,8,FALSE)),"",VLOOKUP("RAG"&"_"&UANumber&"_"&$B13&"_"&1&"_"&N$9,ValData!$AE$4:$AL$13475,8,FALSE)) | O13: =D13 -> 0 | P13: =O13-N13 -> #VALUE! | Q13: =IF(OR(N13=0,O13=0),0,P13/N13*100) -> 0
B14: 132.3 | C14: =Text!G298 -> Local Authority Education Grant - Reform | D14: 0 | G14: =B14 -> 132.3 | M14: =IF(ISERROR(VLOOKUP("RAG"&"_"&UANumber&"_"&$B14&"_"&1&"_"&M$9,ValData!$AE$4:$AL$13475,8,FALSE)),"",VLOOKUP("RAG"&"_"&UANumber&"_"&$B14&"_"&1&"_"&M$9,ValData!$AE$4:$AL$13475,8,FALSE)) | N14: =IF(ISERROR(VLOOKUP("RAG"&"_"&UANumber&"_"&$B14&"_"&1&"_"&N$9,ValData!$AE$4:$AL$13475,8,FALSE)),"",VLOOKUP("RAG"&"_"&UANumber&"_"&$B14&"_"&1&"_"&N$9,ValData!$AE$4:$AL$13475,8,FALSE)) | O14: =D14 -> 0 | P14: =O14-N14 -> #VALUE! | Q14: =IF(OR(N14=0,O14=0),0,P14/N14*100) -> 0
B15: 132.4 | C15: =Text!G299 -> Local Authority Education Grant - Cymraeg 2050 | D15: 0 | G15: =B15 -> 132.4 | M15: =IF(ISERROR(VLOOKUP("RAG"&"_"&UANumber&"_"&$B15&"_"&1&"_"&M$9,ValData!$AE$4:$AL$13475,8,FALSE)),"",VLOOKUP("RAG"&"_"&UANumber&"_"&$B15&"_"&1&"_"&M$9,ValData!$AE$4:$AL$13475,8,FALSE)) | N15: =IF(ISERROR(VLOOKUP("RAG"&"_"&UANumber&"_"&$B15&"_"&1&"_"&N$9,ValData!$AE$4:$AL$13475,8,FALSE)),"",VLOOKUP("RAG"&"_"&UANumber&"_"&$B15&"_"&1&"_"&N$9,ValData!$AE$4:$AL$13475,8,FALSE)) | O15: =D15 -> 0 | P15: =O15-N15 -> #VALUE! | Q15: =IF(OR(N15=0,O15=0),0,P15/N15*100) -> 0
B16: 154 | C16: =Text!G306 -> Youth service | D16: 0 | G16: =B16 -> 154 | M16: =IF(ISERROR(VLOOKUP("RAG"&"_"&UANumber&"_"&$B16&"_"&1&"_"&M$9,ValData!$AE$4:$AL$13475,8,FALSE)),"",VLOOKUP("RAG"&"_"&UANumber&"_"&$B16&"_"&1&"_"&M$9,ValData!$AE$4:$AL$13475,8,FALSE)) | N16: =IF(ISERROR(VLOOKUP("RAG"&"_"&UANumber&"_"&$B16&"_"&1&"_"&N$9,ValData!$AE$4:$AL$13475,8,FALSE)),"",VLOOKUP("RAG"&"_"&UANumber&"_"&$B16&"_"&1&"_"&N$9,ValData!$AE$4:$AL$13475,8,FALSE)) | O16: =D16 -> 0 | P16: =O16-N16 -> #VALUE! | Q16: =IF(OR(N16=0,O16=0),0,P16/N16*100) -> 0
B17: 168 | C17: =Text!G311 -> Children and Communities Grant (formerly Flexible Funding - education) | D17: 0 | G17: =B17 -> 168 | M17: =IF(ISERROR(VLOOKUP("RAG"&"_"&UANumber&"_"&$B17&"_"&1&"_"&M$9,ValData!$AE$4:$AL$13475,8,FALSE)),"",VLOOKUP("RAG"&"_"&UANumber&"_"&$B17&"_"&1&"_"&M$9,ValData!$AE$4:$AL$13475,8,FALSE)) | N17: =IF(ISERROR(VLOOKUP("RAG"&"_"&UANumber&"_"&$B17&"_"&1&"_"&N$9,ValData!$AE$4:$AL$13475,8,FALSE)),"",VLOOKUP("RAG"&"_"&UANumber&"_"&$B17&"_"&1&"_"&N$9,ValData!$AE$4:$AL$13475,8,FALSE)) | O17: =D17 -> 0 | P17: =O17-N17 -> #VALUE! | Q17: =IF(OR(N17=0,O17=0),0,P17/N17*100) -> 0
B18: 173 | C18: =Text!G316 -> School Essentials Grant, formerly PDG Access | D18: 0 | G18: =B18 -> 173 | M18: =IF(ISERROR(VLOOKUP("RAG"&"_"&UANumber&"_"&$B18&"_"&1&"_"&M$9,ValData!$AE$4:$AL$13475,8,FALSE)),"",VLOOKUP("RAG"&"_"&UANumber&"_"&$B18&"_"&1&"_"&M$9,ValData!$AE$4:$AL$13475,8,FALSE)) | N18: =IF(ISERROR(VLOOKUP("RAG"&"_"&UANumber&"_"&$B18&"_"&1&"_"&N$9,ValData!$AE$4:$AL$13475,8,FALSE)),"",VLOOKUP("RAG"&"_"&UANumber&"_"&$B18&"_"&1&"_"&N$9,ValData!$AE$4:$AL$13475,8,FALSE)) | O18: =D18 -> 0 | P18: =O18-N18 -> #VALUE! | Q18: =IF(OR(N18=0,O18=0),0,P18/N18*100) -> 0
B19: 174 | C19: =Text!G317 -> Universal Primary Free School Meals | D19: 0 | G19: =B19 -> 174 | M19: =IF(ISERROR(VLOOKUP("RAG"&"_"&UANumber&"_"&$B19&"_"&1&"_"&M$9,ValData!$AE$4:$AL$13475,8,FALSE)),"",VLOOKUP("RAG"&"_"&UANumber&"_"&$B19&"_"&1&"_"&M$9,ValData!$AE$4:$AL$13475,8,FALSE)) | N19: =IF(ISERROR(VLOOKUP("RAG"&"_"&UANumber&"_"&$B19&"_"&1&"_"&N$9,ValData!$AE$4:$AL$13475,8,FALSE)),"",VLOOKUP("RAG"&"_"&UANumber&"_"&$B19&"_"&1&"_"&N$9,ValData!$AE$4:$AL$13475,8,FALSE)) | O19: =D19 -> 0 | P19: =O19-N19 -> #VALUE! | Q19: =IF(OR(N19=0,O19=0),0,P19/N19*100) -> 0
B20: 175 | C20: =Text!G318 -> Mutual Investment Model - Revenue | D20: 0 | G20: =B20 -> 175 | M20: =IF(ISERROR(VLOOKUP("RAG"&"_"&UANumber&"_"&$B20&"_"&1&"_"&M$9,ValData!$AE$4:$AL$13475,8,FALSE)),"",VLOOKUP("RAG"&"_"&UANumber&"_"&$B20&"_"&1&"_"&M$9,ValData!$AE$4:$AL$13475,8,FALSE)) | N20: =IF(ISERROR(VLOOKUP("RAG"&"_"&UANumber&"_"&$B20&"_"&1&"_"&N$9,ValData!$AE$4:$AL$13475,8,FALSE)),"",VLOOKUP("RAG"&"_"&UANumber&"_"&$B20&"_"&1&"_"&N$9,ValData!$AE$4:$AL$13475,8,FALSE)) | O20: =D20 -> 0 | P20: =O20-N20 -> #VALUE! | Q20: =IF(OR(N20=0,O20=0),0,P20/N20*100) -> 0
B21: 198 | C21: =Text!G319 -> Other education (including emergency financial assistance) (specify in list below line 999) | D21: =SUMIF(number,$B21,grant) -> 0 | E21: =SUMIF(number,B21,cap_grant) -> 0 | G21: =B21 -> 198 | M21: =IF(ISERROR(VLOOKUP("RAG"&"_"&UANumber&"_"&$B21&"_"&1&"_"&M$9,ValData!$AE$4:$AL$13475,8,FALSE)),"",VLOOKUP("RAG"&"_"&UANumber&"_"&$B21&"_"&1&"_"&M$9,ValData!$AE$4:$AL$13475,8,FALSE)) | N21: =IF(ISERROR(VLOOKUP("RAG"&"_"&UANumber&"_"&$B21&"_"&1&"_"&N$9,ValData!$AE$4:$AL$13475,8,FALSE)),"",VLOOKUP("RAG"&"_"&UANumber&"_"&$B21&"_"&1&"_"&N$9,ValData!$AE$4:$AL$13475,8,FALSE)) | O21: =D21 -> 0 | P21: =O21-N21 -> #VALUE! | Q21: =IF(OR(N21=0,O21=0),0,P21/N21*100) -> 0
B22: 199 | C22: =Text!G320 -> Total Education | D22: =SUM(D12:D21) -> 0 | E22: =SUM(E21) -> 0 | G22: =B22 -> 199 | M22: =IF(ISERROR(VLOOKUP("RAG"&"_"&UANumber&"_"&$B22&"_"&1&"_"&M$9,ValData!$AE$4:$AL$13475,8,FALSE)),"",VLOOKUP("RAG"&"_"&UANumber&"_"&$B22&"_"&1&"_"&M$9,ValData!$AE$4:$AL$13475,8,FALSE)) | N22: =IF(ISERROR(VLOOKUP("RAG"&"_"&UANumber&"_"&$B22&"_"&1&"_"&N$9,ValData!$AE$4:$AL$13475,8,FALSE)),"",VLOOKUP("RAG"&"_"&UANumber&"_"&$B22&"_"&1&"_"&N$9,ValData!$AE$4:$AL$13475,8,FALSE)) | O22: =D22 -> 0
B23: =Text!G321 -> Roads and Transport | G23: =B23 -> Roads and Transport
B24: 203 | C24: =Text!G322 -> Concessionary fares re-imbursement grant | D24: 0 | G24: =B24 -> 203 | M24: =IF(ISERROR(VLOOKUP("RAG"&"_"&UANumber&"_"&$B24&"_"&1&"_"&M$9,ValData!$AE$4:$AL$13475,8,FALSE)),"",VLOOKUP("RAG"&"_"&UANumber&"_"&$B24&"_"&1&"_"&M$9,ValData!$AE$4:$AL$13475,8,FALSE)) | N24: =IF(ISERROR(VLOOKUP("RAG"&"_"&UANumber&"_"&$B24&"_"&1&"_"&N$9,ValData!$AE$4:$AL$13475,8,FALSE)),"",VLOOKUP("RAG"&"_"&UANumber&"_"&$B24&"_"&1&"_"&N$9,ValData!$AE$4:$AL$13475,8,FALSE)) | O24: =D24 -> 0 | P24: =O24-N24 -> #VALUE! | Q24: =IF(OR(N24=0,O24=0),0,P24/N24*100) -> 0
B25: 208 | C25: =Text!G323 -> Bus Services Support Grant | D25: 0 | G25: =B25 -> 208 | M25: =IF(ISERROR(VLOOKUP("RAG"&"_"&UANumber&"_"&$B25&"_"&1&"_"&M$9,ValData!$AE$4:$AL$13475,8,FALSE)),"",VLOOKUP("RAG"&"_"&UANumber&"_"&$B25&"_"&1&"_"&M$9,ValData!$AE$4:$AL$13475,8,FALSE)) | N25: =IF(ISERROR(VLOOKUP("RAG"&"_"&UANumber&"_"&$B25&"_"&1&"_"&N$9,ValData!$AE$4:$AL$13475,8,FALSE)),"",VLOOKUP("RAG"&"_"&UANumber&"_"&$B25&"_"&1&"_"&N$9,ValData!$AE$4:$AL$13475,8,FALSE)) | O25: =D25 -> 0 | P25: =O25-N25 -> #VALUE! | Q25: =IF(OR(N25=0,O25=0),0,P25/N25*100) -> 0
B26: 210 | C26: =Text!G325 -> Local Transport Fund (formerly Local Transport Grant) | D26: 0 | G26: =B26 -> 210 | M26: =IF(ISERROR(VLOOKUP("RAG"&"_"&UANumber&"_"&$B26&"_"&1&"_"&M$9,ValData!$AE$4:$AL$13475,8,FALSE)),"",VLOOKUP("RAG"&"_"&UANumber&"_"&$B26&"_"&1&"_"&M$9,ValData!$AE$4:$AL$13475,8,FALSE)) | N26: =IF(ISERROR(VLOOKUP("RAG"&"_"&UANumber&"_"&$B26&"_"&1&"_"&N$9,ValData!$AE$4:$AL$13475,8,FALSE)),"",VLOOKUP("RAG"&"_"&UANumber&"_"&$B26&"_"&1&"_"&N$9,ValData!$AE$4:$AL$13475,8,FALSE)) | O26: =D26 -> 0 | P26: =O26-N26 -> #VALUE! | Q26: =IF(OR(N26=0,O26=0),0,P26/N26*100) -> 0
B27: 212 | C27: =Text!G327 -> Road Safety Grant | D27: 0 | G27: =B27 -> 212 | M27: =IF(ISERROR(VLOOKUP("RAG"&"_"&UANumber&"_"&$B27&"_"&1&"_"&M$9,ValData!$AE$4:$AL$13475,8,FALSE)),"",VLOOKUP("RAG"&"_"&UANumber&"_"&$B27&"_"&1&"_"&M$9,ValData!$AE$4:$AL$13475,8,FALSE)) | N27: =IF(ISERROR(VLOOKUP("RAG"&"_"&UANumber&"_"&$B27&"_"&1&"_"&N$9,ValData!$AE$4:$AL$13475,8,FALSE)),"",VLOOKUP("RAG"&"_"&UANumber&"_"&$B27&"_"&1&"_"&N$9,ValData!$AE$4:$AL$13475,8,FALSE)) | O27: =D27 -> 0 | P27: =O27-N27 -> #VALUE! | Q27: =IF(OR(N27=0,O27=0),0,P27/N27*100) -> 0
B28: 213 | C28: =Text!G328 -> Bus Emergency Support (formerly COVID-19-Bus Emergency Support) | D28: 0 | G28: =B28 -> 213 | M28: =IF(ISERROR(VLOOKUP("RAG"&"_"&UANumber&"_"&$B28&"_"&1&"_"&M$9,ValData!$AE$4:$AL$13475,8,FALSE)),"",VLOOKUP("RAG"&"_"&UANumber&"_"&$B28&"_"&1&"_"&M$9,ValData!$AE$4:$AL$13475,8,FALSE)) | N28: =IF(ISERROR(VLOOKUP("RAG"&"_"&UANumber&"_"&$B28&"_"&1&"_"&N$9,ValData!$AE$4:$AL$13475,8,FALSE)),"",VLOOKUP("RAG"&"_"&UANumber&"_"&$B28&"_"&1&"_"&N$9,ValData!$AE$4:$AL$13475,8,FALSE)) | O28: =D28 -> 0 | P28: =O28-N28 -> #VALUE! | Q28: =IF(OR(N28=0,O28=0),0,P28/N28*100) -> 0
B29: 298 | C29: =Text!G329 -> Other road and transport (specify on last page) | D29: =SUMIF(number,$B29,grant) -> 0 | E29: =SUMIF(number,B29,cap_grant) -> 0 | G29: =B29 -> 298 | M29: =IF(ISERROR(VLOOKUP("RAG"&"_"&UANumber&"_"&$B29&"_"&1&"_"&M$9,ValData!$AE$4:$AL$13475,8,FALSE)),"",VLOOKUP("RAG"&"_"&UANumber&"_"&$B29&"_"&1&"_"&M$9,ValData!$AE$4:$AL$13475,8,FALSE)) | N29: =IF(ISERROR(VLOOKUP("RAG"&"_"&UANumber&"_"&$B29&"_"&1&"_"&N$9,ValData!$AE$4:$AL$13475,8,FALSE)),"",VLOOKUP("RAG"&"_"&UANumber&"_"&$B29&"_"&1&"_"&N$9,ValData!$AE$4:$AL$13475,8,FALSE)) | O29: =D29 -> 0 | P29: =O29-N29 -> #VALUE! | Q29: =IF(OR(N29=0,O29=0),0,P29/N29*100) -> 0
B30: 299 | C30: =Text!G330 -> Total Roads and Transport | D30: =SUM(D24:D29) -> 0 | E30: =SUM(E29) -> 0 | G30: =B30 -> 299 | M30: =IF(ISERROR(VLOOKUP("RAG"&"_"&UANumber&"_"&$B30&"_"&1&"_"&M$9,ValData!$AE$4:$AL$13475,8,FALSE)),"",VLOOKUP("RAG"&"_"&UANumber&"_"&$B30&"_"&1&"_"&M$9,ValData!$AE$4:$AL$13475,8,FALSE)) | N30: =IF(ISERROR(VLOOKUP("RAG"&"_"&UANumber&"_"&$B30&"_"&1&"_"&N$9,ValData!$AE$4:$AL$13475,8,FALSE)),"",VLOOKUP("RAG"&"_"&UANumber&"_"&$B30&"_"&1&"_"&N$9,ValData!$AE$4:$AL$13475,8,FALSE)) | O30: =D30 -> 0
B31: =Text!G331 -> Social Services | G31: =B31 -> Social Services
B32: 311 | C32: =Text!G335 -> Housing Support Grant (formerly supporting people - social services) | D32: 0 | G32: =B32 -> 311 | M32: =IF(ISERROR(VLOOKUP("RAG"&"_"&UANumber&"_"&$B32&"_"&1&"_"&M$9,ValData!$AE$4:$AL$13475,8,FALSE)),"",VLOOKUP("RAG"&"_"&UANumber&"_"&$B32&"_"&1&"_"&M$9,ValData!$AE$4:$AL$13475,8,FALSE)) | N32: =IF(ISERROR(VLOOKUP("RAG"&"_"&UANumber&"_"&$B32&"_"&1&"_"&N$9,ValData!$AE$4:$AL$13475,8,FALSE)),"",VLOOKUP("RAG"&"_"&UANumber&"_"&$B32&"_"&1&"_"&N$9,ValData!$AE$4:$AL$13475,8,FALSE)) | O32: =D32 -> 0 | P32: =O32-N32 -> #VALUE! | Q32: =IF(OR(N32=0,O32=0),0,P32/N32*100) -> 0
B33: 313 | C33: =Text!G337 -> Transformation Fund | D33: 0 | M33: =IF(ISERROR(VLOOKUP("RAG"&"_"&UANumber&"_"&$B33&"_"&1&"_"&M$9,ValData!$AE$4:$AL$13475,8,FALSE)),"",VLOOKUP("RAG"&"_"&UANumber&"_"&$B33&"_"&1&"_"&M$9,ValData!$AE$4:$AL$13475,8,FALSE)) | N33: =IF(ISERROR(VLOOKUP("RAG"&"_"&UANumber&"_"&$B33&"_"&1&"_"&N$9,ValData!$AE$4:$AL$13475,8,FALSE)),"",VLOOKUP("RAG"&"_"&UANumber&"_"&$B33&"_"&1&"_"&N$9,ValData!$AE$4:$AL$13475,8,FALSE)) | O33: =D33 -> 0 | P33: =O33-N33 -> #VALUE! | Q33: =IF(OR(N33=0,O33=0),0,P33/N33*100) -> 0
B34: 315 | C34: =Text!G338 -> Homelessness - No One Left Approach | D34: 0 | M34: =IF(ISERROR(VLOOKUP("RAG"&"_"&UANumber&"_"&$B34&"_"&1&"_"&M$9,ValData!$AE$4:$AL$13475,8,FALSE)),"",VLOOKUP("RAG"&"_"&UANumber&"_"&$B34&"_"&1&"_"&M$9,ValData!$AE$4:$AL$13475,8,FALSE)) | N34: =IF(ISERROR(VLOOKUP("RAG"&"_"&UANumber&"_"&$B34&"_"&1&"_"&N$9,ValData!$AE$4:$AL$13475,8,FALSE)),"",VLOOKUP("RAG"&"_"&UANumber&"_"&$B34&"_"&1&"_"&N$9,ValData!$AE$4:$AL$13475,8,FALSE)) | O34: =D34 -> 0 | P34: =O34-N34 -> #VALUE! | Q34: =IF(OR(N34=0,O34=0),0,P34/N34*100) -> 0
B35: 316 | C35: =Text!G339 -> Homelessness - Discretionary Homelessness Convention | D35: 0 | M35: =IF(ISERROR(VLOOKUP("RAG"&"_"&UANumber&"_"&$B35&"_"&1&"_"&M$9,ValData!$AE$4:$AL$13475,8,FALSE)),"",VLOOKUP("RAG"&"_"&UANumber&"_"&$B35&"_"&1&"_"&M$9,ValData!$AE$4:$AL$13475,8,FALSE)) | N35: =IF(ISERROR(VLOOKUP("RAG"&"_"&UANumber&"_"&$B35&"_"&1&"_"&N$9,ValData!$AE$4:$AL$13475,8,FALSE)),"",VLOOKUP("RAG"&"_"&UANumber&"_"&$B35&"_"&1&"_"&N$9,ValData!$AE$4:$AL$13475,8,FALSE)) | O35: =D35 -> 0 | P35: =O35-N35 -> #VALUE! | Q35: =IF(OR(N35=0,O35=0),0,P35/N35*100) -> 0
B36: 318 | C36: =Text!G341 -> Support proposals relating to eliminating profit from the care of looked after children | D36: 0 | M36: =IF(ISERROR(VLOOKUP("RAG"&"_"&UANumber&"_"&$B36&"_"&1&"_"&M$9,ValData!$AE$4:$AL$13475,8,FALSE)),"",VLOOKUP("RAG"&"_"&UANumber&"_"&$B36&"_"&1&"_"&M$9,ValData!$AE$4:$AL$13475,8,FALSE)) | N36: =IF(ISERROR(VLOOKUP("RAG"&"_"&UANumber&"_"&$B36&"_"&1&"_"&N$9,ValData!$AE$4:$AL$13475,8,FALSE)),"",VLOOKUP("RAG"&"_"&UANumber&"_"&$B36&"_"&1&"_"&N$9,ValData!$AE$4:$AL$13475,8,FALSE)) | O36: =D36 -> 0 | P36: =O36-N36 -> #VALUE! | Q36: =IF(OR(N36=0,O36=0),0,P36/N36*100) -> 0
B37: 319 | C37: =Text!G342 -> Support proposals relating to radical reform of the care of looked after children | D37: 0 | M37: =IF(ISERROR(VLOOKUP("RAG"&"_"&UANumber&"_"&$B37&"_"&1&"_"&M$9,ValData!$AE$4:$AL$13475,8,FALSE)),"",VLOOKUP("RAG"&"_"&UANumber&"_"&$B37&"_"&1&"_"&M$9,ValData!$AE$4:$AL$13475,8,FALSE)) | N37: =IF(ISERROR(VLOOKUP("RAG"&"_"&UANumber&"_"&$B37&"_"&1&"_"&N$9,ValData!$AE$4:$AL$13475,8,FALSE)),"",VLOOKUP("RAG"&"_"&UANumber&"_"&$B37&"_"&1&"_"&N$9,ValData!$AE$4:$AL$13475,8,FALSE)) | O37: =D37 -> 0 | P37: =O37-N37 -> #VALUE! | Q37: =IF(OR(N37=0,O37=0),0,P37/N37*100) -> 0
B38: 331 | C38: =Text!G347 -> Substance Mis-use Action Fund | D38: 0 | G38: =B38 -> 331 | M38: =IF(ISERROR(VLOOKUP("RAG"&"_"&UANumber&"_"&$B38&"_"&1&"_"&M$9,ValData!$AE$4:$AL$13475,8,FALSE)),"",VLOOKUP("RAG"&"_"&UANumber&"_"&$B38&"_"&1&"_"&M$9,ValData!$AE$4:$AL$13475,8,FALSE)) | N38: =IF(ISERROR(VLOOKUP("RAG"&"_"&UANumber&"_"&$B38&"_"&1&"_"&N$9,ValData!$AE$4:$AL$13475,8,FALSE)),"",VLOOKUP("RAG"&"_"&UANumber&"_"&$B38&"_"&1&"_"&N$9,ValData!$AE$4:$AL$13475,8,FALSE)) | O38: =D38 -> 0 | P38: =O38-N38 -> #VALUE! | Q38: =IF(OR(N38=0,O38=0),0,P38/N38*100) -> 0
B39: 337 | C39: =Text!G353 -> Children and Communities Grant (formerly Flexible Funding - social services) | D39: 0 | G39: 337 | M39: =IF(ISERROR(VLOOKUP("RAG"&"_"&UANumber&"_"&$B39&"_"&1&"_"&M$9,ValData!$AE$4:$AL$13475,8,FALSE)),"",VLOOKUP("RAG"&"_"&UANumber&"_"&$B39&"_"&1&"_"&M$9,ValData!$AE$4:$AL$13475,8,FALSE)) | N39: =IF(ISERROR(VLOOKUP("RAG"&"_"&UANumber&"_"&$B39&"_"&1&"_"&N$9,ValData!$AE$4:$AL$13475,8,FALSE)),"",VLOOKUP("RAG"&"_"&UANumber&"_"&$B39&"_"&1&"_"&N$9,ValData!$AE$4:$AL$13475,8,FALSE)) | O39: =D39 -> 0 | P39: =O39-N39 -> #VALUE! | Q39: =IF(OR(N39=0,O39=0),0,P39/N39*100) -> 0
B40: 338 | C40: =Text!G354 -> Social Care Workforce Grant | D40: 0 | G40: 337 | M40: =IF(ISERROR(VLOOKUP("RAG"&"_"&UANumber&"_"&$B40&"_"&1&"_"&M$9,ValData!$AE$4:$AL$13475,8,FALSE)),"",VLOOKUP("RAG"&"_"&UANumber&"_"&$B40&"_"&1&"_"&M$9,ValData!$AE$4:$AL$13475,8,FALSE)) | N40: =IF(ISERROR(VLOOKUP("RAG"&"_"&UANumber&"_"&$B40&"_"&1&"_"&N$9,ValData!$AE$4:$AL$13475,8,FALSE)),"",VLOOKUP("RAG"&"_"&UANumber&"_"&$B40&"_"&1&"_"&N$9,ValData!$AE$4:$AL$13475,8,FALSE)) | O40: =D40 -> 0 | P40: =O40-N40 -> #VALUE! | Q40: =IF(OR(N40=0,O40=0),0,P40/N40*100) -> 0
B41: 398 | C41: =Text!G355 -> Other social services (including emergency financial assistance) (specify in list below line 999) | D41: =SUMIF(number,$B41,grant) -> 0 | E41: =SUMIF(number,B41,cap_grant) -> 0 | G41: =B41 -> 398 | M41: =IF(ISERROR(VLOOKUP("RAG"&"_"&UANumber&"_"&$B41&"_"&1&"_"&M$9,ValData!$AE$4:$AL$13475,8,FALSE)),"",VLOOKUP("RAG"&"_"&UANumber&"_"&$B41&"_"&1&"_"&M$9,ValData!$AE$4:$AL$13475,8,FALSE)) | N41: =IF(ISERROR(VLOOKUP("RAG"&"_"&UANumber&"_"&$B41&"_"&1&"_"&N$9,ValData!$AE$4:$AL$13475,8,FALSE)),"",VLOOKUP("RAG"&"_"&UANumber&"_"&$B41&"_"&1&"_"&N$9,ValData!$AE$4:$AL$13475,8,FALSE)) | O41: =D41 -> 0 | P41: =O41-N41 -> #VALUE! | Q41: =IF(OR(N41=0,O41=0),0,P41/N41*100) -> 0
B42: 399 | C42: =Text!G356 -> Total Social Services | D42: =SUM(D32:D41) -> 0 | E42: =SUM(E41) -> 0 | G42: =B42 -> 399 | M42: =IF(ISERROR(VLOOKUP("RAG"&"_"&UANumber&"_"&$B42&"_"&1&"_"&M$9,ValData!$AE$4:$AL$13475,8,FALSE)),"",VLOOKUP("RAG"&"_"&UANumber&"_"&$B42&"_"&1&"_"&M$9,ValData!$AE$4:$AL$13475,8,FALSE)) | N42: =IF(ISERROR(VLOOKUP("RAG"&"_"&UANumber&"_"&$B42&"_"&1&"_"&N$9,ValData!$AE$4:$AL$13475,8,FALSE)),"",VLOOKUP("RAG"&"_"&UANumber&"_"&$B42&"_"&1&"_"&N$9,ValData!$AE$4:$AL$13475,8,FALSE)) | O42: =D42 -> 0
B43: =Text!G357 -> Housing
B44: 401 | C44: =Text!G358 -> Housing benefit administration grant | D44: 0 | G44: =B44 -> 401 | M44: =IF(ISERROR(VLOOKUP("RAG"&"_"&UANumber&"_"&$B44&"_"&1&"_"&M$9,ValData!$AE$4:$AL$13475,8,FALSE)),"",VLOOKUP("RAG"&"_"&UANumber&"_"&$B44&"_"&1&"_"&M$9,ValData!$AE$4:$AL$13475,8,FALSE)) | N44: =IF(ISERROR(VLOOKUP("RAG"&"_"&UANumber&"_"&$B44&"_"&1&"_"&N$9,ValData!$AE$4:$AL$13475,8,FALSE)),"",VLOOKUP("RAG"&"_"&UANumber&"_"&$B44&"_"&1&"_"&N$9,ValData!$AE$4:$AL$13475,8,FALSE)) | O44: =D44 -> 0 | P44: =O44-N44 -> #VALUE! | Q44: =IF(OR(N44=0,O44=0),0,P44/N44*100) -> 0
B45: 402 | C45: =Text!G359 -> Housing Support Grant (formerly supporting people - housing) | D45: 0 | G45: =B45 -> 402 | M45: =IF(ISERROR(VLOOKUP("RAG"&"_"&UANumber&"_"&$B45&"_"&1&"_"&M$9,ValData!$AE$4:$AL$13475,8,FALSE)),"",VLOOKUP("RAG"&"_"&UANumber&"_"&$B45&"_"&1&"_"&M$9,ValData!$AE$4:$AL$13475,8,FALSE)) | N45: =IF(ISERROR(VLOOKUP("RAG"&"_"&UANumber&"_"&$B45&"_"&1&"_"&N$9,ValData!$AE$4:$AL$13475,8,FALSE)),"",VLOOKUP("RAG"&"_"&UANumber&"_"&$B45&"_"&1&"_"&N$9,ValData!$AE$4:$AL$13475,8,FALSE)) | O45: =D45 -> 0 | P45: =O45-N45 -> #VALUE! | Q45: =IF(OR(N45=0,O45=0),0,P45/N45*100) -> 0
B46: 406 | C46: =Text!G361 -> Mandatory rent allowances | D46: 0 | G46: =B46 -> 406 | M46: =IF(ISERROR(VLOOKUP("RAG"&"_"&UANumber&"_"&$B46&"_"&1&"_"&M$9,ValData!$AE$4:$AL$13475,8,FALSE)),"",VLOOKUP("RAG"&"_"&UANumber&"_"&$B46&"_"&1&"_"&M$9,ValData!$AE$4:$AL$13475,8,FALSE)) | N46: =IF(ISERROR(VLOOKUP("RAG"&"_"&UANumber&"_"&$B46&"_"&1&"_"&N$9,ValData!$AE$4:$AL$13475,8,FALSE)),"",VLOOKUP("RAG"&"_"&UANumber&"_"&$B46&"_"&1&"_"&N$9,ValData!$AE$4:$AL$13475,8,FALSE)) | O46: =D46 -> 0 | P46: =O46-N46 -> #VALUE! | Q46: =IF(OR(N46=0,O46=0),0,P46/N46*100) -> 0
B47: 407 | C47: =Text!G362 -> Rent rebates granted to HRA tenants | D47: 0 | G47: =B47 -> 407 | M47: =IF(ISERROR(VLOOKUP("RAG"&"_"&UANumber&"_"&$B47&"_"&1&"_"&M$9,ValData!$AE$4:$AL$13475,8,FALSE)),"",VLOOKUP("RAG"&"_"&UANumber&"_"&$B47&"_"&1&"_"&M$9,ValData!$AE$4:$AL$13475,8,FALSE)) | N47: =IF(ISERROR(VLOOKUP("RAG"&"_"&UANumber&"_"&$B47&"_"&1&"_"&N$9,ValData!$AE$4:$AL$13475,8,FALSE)),"",VLOOKUP("RAG"&"_"&UANumber&"_"&$B47&"_"&1&"_"&N$9,ValData!$AE$4:$AL$13475,8,FALSE)) | O47: =D47 -> 0 | P47: =O47-N47 -> #VALUE! | Q47: =IF(OR(N47=0,O47=0),0,P47/N47*100) -> 0
B48: 414 | C48: =Text!G363 -> Children and Communities Grant (formerly Flexible Funding - housing) | D48: 0 | G48: =B48 -> 414 | M48: =IF(ISERROR(VLOOKUP("RAG"&"_"&UANumber&"_"&$B48&"_"&1&"_"&M$9,ValData!$AE$4:$AL$13475,8,FALSE)),"",VLOOKUP("RAG"&"_"&UANumber&"_"&$B48&"_"&1&"_"&M$9,ValData!$AE$4:$AL$13475,8,FALSE)) | N48: =IF(ISERROR(VLOOKUP("RAG"&"_"&UANumber&"_"&$B48&"_"&1&"_"&N$9,ValData!$AE$4:$AL$13475,8,FALSE)),"",VLOOKUP("RAG"&"_"&UANumber&"_"&$B48&"_"&1&"_"&N$9,ValData!$AE$4:$AL$13475,8,FALSE)) | O48: =D48 -> 0 | P48: =O48-N48 -> #VALUE! | Q48: =IF(OR(N48=0,O48=0),0,P48/N48*100) -> 0
B49: 498 | C49: =Text!G365 -> Other housing (including Emergency Financial Assistance) (specify in list below line 999) | D49: =SUMIF(number,$B49,grant) -> 0 | E49: =SUMIF(number,B49,cap_grant) -> 0 | G49: =B49 -> 498 | M49: =IF(ISERROR(VLOOKUP("RAG"&"_"&UANumber&"_"&$B49&"_"&1&"_"&M$9,ValData!$AE$4:$AL$13475,8,FALSE)),"",VLOOKUP("RAG"&"_"&UANumber&"_"&$B49&"_"&1&"_"&M$9,ValData!$AE$4:$AL$13475,8,FALSE)) | N49: =IF(ISERROR(VLOOKUP("RAG"&"_"&UANumber&"_"&$B49&"_"&1&"_"&N$9,ValData!$AE$4:$AL$13475,8,FALSE)),"",VLOOKUP("RAG"&"_"&UANumber&"_"&$B49&"_"&1&"_"&N$9,ValData!$AE$4:$AL$13475,8,FALSE)) | O49: =D49 -> 0 | P49: =O49-N49 -> #VALUE! | Q49: =IF(OR(N49=0,O49=0),0,P49/N49*100) -> 0
B50: 499 | C50: =Text!G366 -> Total Housing | D50: =SUM(D44:D49) -> 0 | E50: =SUM(,E49) -> 0 | G50: =B50 -> 499 | M50: =IF(ISERROR(VLOOKUP("RAG"&"_"&UANumber&"_"&$B50&"_"&1&"_"&M$9,ValData!$AE$4:$AL$13475,8,FALSE)),"",VLOOKUP("RAG"&"_"&UANumber&"_"&$B50&"_"&1&"_"&M$9,ValData!$AE$4:$AL$13475,8,FALSE)) | N50: =IF(ISERROR(VLOOKUP("RAG"&"_"&UANumber&"_"&$B50&"_"&1&"_"&N$9,ValData!$AE$4:$AL$13475,8,FALSE)),"",VLOOKUP("RAG"&"_"&UANumber&"_"&$B50&"_"&1&"_"&N$9,ValData!$AE$4:$AL$13475,8,FALSE)) | O50: =D50 -> 0
B51: =Text!G367 -> Police and Home Office
B52: 512 | C52: =Text!G368 -> Dedicated security posts (police only) | D52: 0 | G52: =B52 -> 512 | M52: =IF(ISERROR(VLOOKUP("RAG"&"_"&UANumber&"_"&$B52&"_"&1&"_"&M$9,ValData!$AE$4:$AL$13475,8,FALSE)),"",VLOOKUP("RAG"&"_"&UANumber&"_"&$B52&"_"&1&"_"&M$9,ValData!$AE$4:$AL$13475,8,FALSE)) | N52: =IF(ISERROR(VLOOKUP("RAG"&"_"&UANumber&"_"&$B52&"_"&1&"_"&N$9,ValData!$AE$4:$AL$13475,8,FALSE)),"",VLOOKUP("RAG"&"_"&UANumber&"_"&$B52&"_"&1&"_"&N$9,ValData!$AE$4:$AL$13475,8,FALSE)) | O52: =D52 -> 0 | P52: =O52-N52 -> #VALUE! | Q52: =IF(OR(N52=0,O52=0),0,P52/N52*100) -> 0
B53: 513 | C53: =Text!G369 -> National police coordination centre (police only) | D53: 0 | G53: =B53 -> 513 | M53: =IF(ISERROR(VLOOKUP("RAG"&"_"&UANumber&"_"&$B53&"_"&1&"_"&M$9,ValData!$AE$4:$AL$13475,8,FALSE)),"",VLOOKUP("RAG"&"_"&UANumber&"_"&$B53&"_"&1&"_"&M$9,ValData!$AE$4:$AL$13475,8,FALSE)) | N53: =IF(ISERROR(VLOOKUP("RAG"&"_"&UANumber&"_"&$B53&"_"&1&"_"&N$9,ValData!$AE$4:$AL$13475,8,FALSE)),"",VLOOKUP("RAG"&"_"&UANumber&"_"&$B53&"_"&1&"_"&N$9,ValData!$AE$4:$AL$13475,8,FALSE)) | O53: =D53 -> 0 | P53: =O53-N53 -> #VALUE! | Q53: =IF(OR(N53=0,O53=0),0,P53/N53*100) -> 0
B54: 516 | C54: =Text!G370 -> Police community support officers grant from the Welsh Government (police only) | D54: 0 | G54: =B54 -> 516 | M54: =IF(ISERROR(VLOOKUP("RAG"&"_"&UANumber&"_"&$B54&"_"&1&"_"&M$9,ValData!$AE$4:$AL$13475,8,FALSE)),"",VLOOKUP("RAG"&"_"&UANumber&"_"&$B54&"_"&1&"_"&M$9,ValData!$AE$4:$AL$13475,8,FALSE)) | N54: =IF(ISERROR(VLOOKUP("RAG"&"_"&UANumber&"_"&$B54&"_"&1&"_"&N$9,ValData!$AE$4:$AL$13475,8,FALSE)),"",VLOOKUP("RAG"&"_"&UANumber&"_"&$B54&"_"&1&"_"&N$9,ValData!$AE$4:$AL$13475,8,FALSE)) | O54: =D54 -> 0 | P54: =O54-N54 -> #VALUE! | Q54: =IF(OR(N54=0,O54=0),0,P54/N54*100) -> 0
B55: 517 | C55: =Text!G371 -> Police innovation fund (police only) | D55: 0 | G55: =B55 -> 517 | M55: =IF(ISERROR(VLOOKUP("RAG"&"_"&UANumber&"_"&$B55&"_"&1&"_"&M$9,ValData!$AE$4:$AL$13475,8,FALSE)),"",VLOOKUP("RAG"&"_"&UANumber&"_"&$B55&"_"&1&"_"&M$9,ValData!$AE$4:$AL$13475,8,FALSE)) | N55: =IF(ISERROR(VLOOKUP("RAG"&"_"&UANumber&"_"&$B55&"_"&1&"_"&N$9,ValData!$AE$4:$AL$13475,8,FALSE)),"",VLOOKUP("RAG"&"_"&UANumber&"_"&$B55&"_"&1&"_"&N$9,ValData!$AE$4:$AL$13475,8,FALSE)) | O55: =D55 -> 0 | P55: =O55-N55 -> #VALUE! | Q55: =IF(OR(N55=0,O55=0),0,P55/N55*100) -> 0
B56: 598 | C56: =Text!G372 -> Other Home Office, Department for Constitutional Affairs and Unified Courts Administration (specify on last page) | D56: =SUMIF(number,$B56,grant) -> 0 | E56: =SUMIF(number,B56,cap_grant) -> 0 | G56: =B56 -> 598 | M56: =IF(ISERROR(VLOOKUP("RAG"&"_"&UANumber&"_"&$B56&"_"&1&"_"&M$9,ValData!$AE$4:$AL$13475,8,FALSE)),"",VLOOKUP("RAG"&"_"&UANumber&"_"&$B56&"_"&1&"_"&M$9,ValData!$AE$4:$AL$13475,8,FALSE)) | N56: =IF(ISERROR(VLOOKUP("RAG"&"_"&UANumber&"_"&$B56&"_"&1&"_"&N$9,ValData!$AE$4:$AL$13475,8,FALSE)),"",VLOOKUP("RAG"&"_"&UANumber&"_"&$B56&"_"&1&"_"&N$9,ValData!$AE$4:$AL$13475,8,FALSE)) | O56: =D56 -> 0 | P56: =O56-N56 -> #VALUE! | Q56: =IF(OR(N56=0,O56=0),0,P56/N56*100) -> 0
B57: 599 | C57: =Text!G373 -> Total Home Office, Department for Constitutional Affairs and Unified Courts Administration | D57: =SUM(D52:D56) -> 0 | E57: =SUM(E56) -> 0 | G57: =B57 -> 599 | M57: =IF(ISERROR(VLOOKUP("RAG"&"_"&UANumber&"_"&$B57&"_"&1&"_"&M$9,ValData!$AE$4:$AL$13475,8,FALSE)),"",VLOOKUP("RAG"&"_"&UANumber&"_"&$B57&"_"&1&"_"&M$9,ValData!$AE$4:$AL$13475,8,FALSE)) | N57: =IF(ISERROR(VLOOKUP("RAG"&"_"&UANumber&"_"&$B57&"_"&1&"_"&N$9,ValData!$AE$4:$AL$13475,8,FALSE)),"",VLOOKUP("RAG"&"_"&UANumber&"_"&$B57&"_"&1&"_"&N$9,ValData!$AE$4:$AL$13475,8,FALSE)) | O57: =D57 -> 0
B58: =Text!G374 -> National Parks
B59: 601 | C59: =Text!G375 -> National Parks' grant (national park authorities only) | D59: 0 | G59: =B59 -> 601 | M59: =IF(ISERROR(VLOOKUP("RAG"&"_"&UANumber&"_"&$B59&"_"&1&"_"&M$9,ValData!$AE$4:$AL$13475,8,FALSE)),"",VLOOKUP("RAG"&"_"&UANumber&"_"&$B59&"_"&1&"_"&M$9,ValData!$AE$4:$AL$13475,8,FALSE)) | N59: =IF(ISERROR(VLOOKUP("RAG"&"_"&UANumber&"_"&$B59&"_"&1&"_"&N$9,ValData!$AE$4:$AL$13475,8,FALSE)),"",VLOOKUP("RAG"&"_"&UANumber&"_"&$B59&"_"&1&"_"&N$9,ValData!$AE$4:$AL$13475,8,FALSE)) | O59: =D59 -> 0 | P59: =O59-N59 -> #VALUE! | Q59: =IF(OR(N59=0,O59=0),0,P59/N59*100) -> 0
B60: =Text!G376 -> Other Local Services
B61: 709 | C61: =Text!G378 -> Culture and Heritage (including CyMAL Innovation and Development Grants) | D61: 0 | G61: =B61 -> 709 | M61: =IF(ISERROR(VLOOKUP("RAG"&"_"&UANumber&"_"&$B61&"_"&1&"_"&M$9,ValData!$AE$4:$AL$13475,8,FALSE)),"",VLOOKUP("RAG"&"_"&UANumber&"_"&$B61&"_"&1&"_"&M$9,ValData!$AE$4:$AL$13475,8,FALSE)) | N61: =IF(ISERROR(VLOOKUP("RAG"&"_"&UANumber&"_"&$B61&"_"&1&"_"&N$9,ValData!$AE$4:$AL$13475,8,FALSE)),"",VLOOKUP("RAG"&"_"&UANumber&"_"&$B61&"_"&1&"_"&N$9,ValData!$AE$4:$AL$13475,8,FALSE)) | O61: =D61 -> 0 | P61: =O61-N61 -> #VALUE! | Q61: =IF(OR(N61=0,O61=0),0,P61/N61*100) -> 0
B62: 710 | C62: =Text!G379 -> Countryside council for Wales | D62: 0 | G62: =B62 -> 710 | M62: =IF(ISERROR(VLOOKUP("RAG"&"_"&UANumber&"_"&$B62&"_"&1&"_"&M$9,ValData!$AE$4:$AL$13475,8,FALSE)),"",VLOOKUP("RAG"&"_"&UANumber&"_"&$B62&"_"&1&"_"&M$9,ValData!$AE$4:$AL$13475,8,FALSE)) | N62: =IF(ISERROR(VLOOKUP("RAG"&"_"&UANumber&"_"&$B62&"_"&1&"_"&N$9,ValData!$AE$4:$AL$13475,8,FALSE)),"",VLOOKUP("RAG"&"_"&UANumber&"_"&$B62&"_"&1&"_"&N$9,ValData!$AE$4:$AL$13475,8,FALSE)) | O62: =D62 -> 0 | P62: =O62-N62 -> #VALUE! | Q62: =IF(OR(N62=0,O62=0),0,P62/N62*100) -> 0
B63: 711 | C63: =Text!G380 -> European community grants for other local services (objective 1, etc.) | D63: 0 | G63: =B63 -> 711 | M63: =IF(ISERROR(VLOOKUP("RAG"&"_"&UANumber&"_"&$B63&"_"&1&"_"&M$9,ValData!$AE$4:$AL$13475,8,FALSE)),"",VLOOKUP("RAG"&"_"&UANumber&"_"&$B63&"_"&1&"_"&M$9,ValData!$AE$4:$AL$13475,8,FALSE)) | N63: =IF(ISERROR(VLOOKUP("RAG"&"_"&UANumber&"_"&$B63&"_"&1&"_"&N$9,ValData!$AE$4:$AL$13475,8,FALSE)),"",VLOOKUP("RAG"&"_"&UANumber&"_"&$B63&"_"&1&"_"&N$9,ValData!$AE$4:$AL$13475,8,FALSE)) | O63: =D63 -> 0 | P63: =O63-N63 -> #VALUE! | Q63: =IF(OR(N63=0,O63=0),0,P63/N63*100) -> 0
B64: 713 | C64: =Text!G381 -> Recreation and sport | D64: 0 | G64: =B64 -> 713 | M64: =IF(ISERROR(VLOOKUP("RAG"&"_"&UANumber&"_"&$B64&"_"&1&"_"&M$9,ValData!$AE$4:$AL$13475,8,FALSE)),"",VLOOKUP("RAG"&"_"&UANumber&"_"&$B64&"_"&1&"_"&M$9,ValData!$AE$4:$AL$13475,8,FALSE)) | N64: =IF(ISERROR(VLOOKUP("RAG"&"_"&UANumber&"_"&$B64&"_"&1&"_"&N$9,ValData!$AE$4:$AL$13475,8,FALSE)),"",VLOOKUP("RAG"&"_"&UANumber&"_"&$B64&"_"&1&"_"&N$9,ValData!$AE$4:$AL$13475,8,FALSE)) | O64: =D64 -> 0 | P64: =O64-N64 -> #VALUE! | Q64: =IF(OR(N64=0,O64=0),0,P64/N64*100) -> 0
B65: 726 | C65: =Text!G385 -> Community fire safety (fire authorities only) | D65: 0 | G65: =B65 -> 726 | M65: =IF(ISERROR(VLOOKUP("RAG"&"_"&UANumber&"_"&$B65&"_"&1&"_"&M$9,ValData!$AE$4:$AL$13475,8,FALSE)),"",VLOOKUP("RAG"&"_"&UANumber&"_"&$B65&"_"&1&"_"&M$9,ValData!$AE$4:$AL$13475,8,FALSE)) | N65: =IF(ISERROR(VLOOKUP("RAG"&"_"&UANumber&"_"&$B65&"_"&1&"_"&N$9,ValData!$AE$4:$AL$13475,8,FALSE)),"",VLOOKUP("RAG"&"_"&UANumber&"_"&$B65&"_"&1&"_"&N$9,ValData!$AE$4:$AL$13475,8,FALSE)) | O65: =D65 -> 0 | P65: =O65-N65 -> #VALUE! | Q65: =IF(OR(N65=0,O65=0),0,P65/N65*100) -> 0
B66: 739 | C66: =Text!G392 -> Children and Communities Grant (formerly Flexible Funding - other) | D66: 0 | G66: =B66 -> 739 | M66: =IF(ISERROR(VLOOKUP("RAG"&"_"&UANumber&"_"&$B66&"_"&1&"_"&M$9,ValData!$AE$4:$AL$13475,8,FALSE)),"",VLOOKUP("RAG"&"_"&UANumber&"_"&$B66&"_"&1&"_"&M$9,ValData!$AE$4:$AL$13475,8,FALSE)) | N66: =IF(ISERROR(VLOOKUP("RAG"&"_"&UANumber&"_"&$B66&"_"&1&"_"&N$9,ValData!$AE$4:$AL$13475,8,FALSE)),"",VLOOKUP("RAG"&"_"&UANumber&"_"&$B66&"_"&1&"_"&N$9,ValData!$AE$4:$AL$13475,8,FALSE)) | O66: =D66 -> 0 | P66: =O66-N66 -> #VALUE! | Q66: =IF(OR(N66=0,O66=0),0,P66/N66*100) -> 0
B67: 743 | C67: =Text!G395 -> Sustainable Waste Management Grant | D67: 0 | G67: =B67 -> 743 | M67: =IF(ISERROR(VLOOKUP("RAG"&"_"&UANumber&"_"&$B67&"_"&1&"_"&M$9,ValData!$AE$4:$AL$13475,8,FALSE)),"",VLOOKUP("RAG"&"_"&UANumber&"_"&$B67&"_"&1&"_"&M$9,ValData!$AE$4:$AL$13475,8,FALSE)) | N67: =IF(ISERROR(VLOOKUP("RAG"&"_"&UANumber&"_"&$B67&"_"&1&"_"&N$9,ValData!$AE$4:$AL$13475,8,FALSE)),"",VLOOKUP("RAG"&"_"&UANumber&"_"&$B67&"_"&1&"_"&N$9,ValData!$AE$4:$AL$13475,8,FALSE)) | O67: =D67 -> 0 | Q67: =IF(OR(N67=0,O67=0),0,P67/N67*100) -> 0
B68: 744 | C68: =Text!G396 -> Retail, leisure and hospitality rates relief scheme | D68: 0 | G68: =B68 -> 744 | M68: =IF(ISERROR(VLOOKUP("RAG"&"_"&UANumber&"_"&$B68&"_"&1&"_"&M$9,ValData!$AE$4:$AL$13475,8,FALSE)),"",VLOOKUP("RAG"&"_"&UANumber&"_"&$B68&"_"&1&"_"&M$9,ValData!$AE$4:$AL$13475,8,FALSE)) | N68: =IF(ISERROR(VLOOKUP("RAG"&"_"&UANumber&"_"&$B68&"_"&1&"_"&N$9,ValData!$AE$4:$AL$13475,8,FALSE)),"",VLOOKUP("RAG"&"_"&UANumber&"_"&$B68&"_"&1&"_"&N$9,ValData!$AE$4:$AL$13475,8,FALSE)) | O68: =D68 -> 0 | Q68: =IF(OR(N68=0,O68=0),0,P68/N68*100) -> 0
B69: 750 | C69: =Text!G402 -> Coastal Risk Management Programme | D69: 0 | G69: =B69 -> 750 | M69: =IF(ISERROR(VLOOKUP("RAG"&"_"&UANumber&"_"&$B69&"_"&1&"_"&M$9,ValData!$AE$4:$AL$13475,8,FALSE)),"",VLOOKUP("RAG"&"_"&UANumber&"_"&$B69&"_"&1&"_"&M$9,ValData!$AE$4:$AL$13475,8,FALSE)) | N69: =IF(ISERROR(VLOOKUP("RAG"&"_"&UANumber&"_"&$B69&"_"&1&"_"&N$9,ValData!$AE$4:$AL$13475,8,FALSE)),"",VLOOKUP("RAG"&"_"&UANumber&"_"&$B69&"_"&1&"_"&N$9,ValData!$AE$4:$AL$13475,8,FALSE)) | O69: =D69 -> 0 | Q69: =IF(OR(N69=0,O69=0),0,P69/N69*100) -> 0
B70: 752 | C70: =Text!G404 -> Communities For Work+ | D70: 0 | G70: =B70 -> 752 | M70: =IF(ISERROR(VLOOKUP("RAG"&"_"&UANumber&"_"&$B70&"_"&1&"_"&M$9,ValData!$AE$4:$AL$13475,8,FALSE)),"",VLOOKUP("RAG"&"_"&UANumber&"_"&$B70&"_"&1&"_"&M$9,ValData!$AE$4:$AL$13475,8,FALSE)) | N70: =IF(ISERROR(VLOOKUP("RAG"&"_"&UANumber&"_"&$B70&"_"&1&"_"&N$9,ValData!$AE$4:$AL$13475,8,FALSE)),"",VLOOKUP("RAG"&"_"&UANumber&"_"&$B70&"_"&1&"_"&N$9,ValData!$AE$4:$AL$13475,8,FALSE)) | O70: =D70 -> 0 | Q70: =IF(OR(N70=0,O70=0),0,P70/N70*100) -> 0
B71: 798 | C71: =Text!G405 -> Other (including emergency financial assistance) (specify in list below line 999) | D71: =SUMIF(number,$B71,grant) -> 0 | E71: =SUMIF(number,B71,cap_grant) -> 0 | G71: =B71 -> 798 | M71: =IF(ISERROR(VLOOKUP("RAG"&"_"&UANumber&"_"&$B71&"_"&1&"_"&M$9,ValData!$AE$4:$AL$13475,8,FALSE)),"",VLOOKUP("RAG"&"_"&UANumber&"_"&$B71&"_"&1&"_"&M$9,ValData!$AE$4:$AL$13475,8,FALSE)) | N71: =IF(ISERROR(VLOOKUP("RAG"&"_"&UANumber&"_"&$B71&"_"&1&"_"&N$9,ValData!$AE$4:$AL$13475,8,FALSE)),"",VLOOKUP("RAG"&"_"&UANumber&"_"&$B71&"_"&1&"_"&N$9,ValData!$AE$4:$AL$13475,8,FALSE)) | O71: =D71 -> 0 | P71: =O71-N71 -> #VALUE! | Q71: =IF(OR(N71=0,O71=0),0,P71/N71*100) -> 0
B72: 799 | C72: =Text!G406 -> Total Other Local Services | D72: =SUM(D61:D71) -> 0 | E72: =SUM(E71) -> 0 | G72: =B72 -> 799 | M72: =IF(ISERROR(VLOOKUP("RAG"&"_"&UANumber&"_"&$B72&"_"&1&"_"&M$9,ValData!$AE$4:$AL$13475,8,FALSE)),"",VLOOKUP("RAG"&"_"&UANumber&"_"&$B72&"_"&1&"_"&M$9,ValData!$AE$4:$AL$13475,8,FALSE)) | N72: =IF(ISERROR(VLOOKUP("RAG"&"_"&UANumber&"_"&$B72&"_"&1&"_"&N$9,ValData!$AE$4:$AL$13475,8,FALSE)),"",VLOOKUP("RAG"&"_"&UANumber&"_"&$B72&"_"&1&"_"&N$9,ValData!$AE$4:$AL$13475,8,FALSE)) | O72: =D72 -> 0
B74: 999 | C74: =Text!G407 -> TOTAL GRANTS | D74: =SUM(D22,D30,D42,D50,D57,D59,D72) -> 0 | E74: =SUM(E22,E30,E42,E50,E57,E72) -> 0 | G74: =B74 -> 999 | M74: =IF(ISERROR(VLOOKUP("RAG"&"_"&UANumber&"_"&$B74&"_"&1&"_"&M$9,ValData!$AE$4:$AL$13475,8,FALSE)),"",VLOOKUP("RAG"&"_"&UANumber&"_"&$B74&"_"&1&"_"&M$9,ValData!$AE$4:$AL$13475,8,FALSE)) | N74: =IF(ISERROR(VLOOKUP("RAG"&"_"&UANumber&"_"&$B74&"_"&1&"_"&N$9,ValData!$AE$4:$AL$13475,8,FALSE)),"",VLOOKUP("RAG"&"_"&UANumber&"_"&$B74&"_"&1&"_"&N$9,ValData!$AE$4:$AL$13475,8,FALSE)) | O74: =D74 -> 0
C76: =Text!G408 -> Specification of other grants (lines 198, 298, 398, 498, 598, and 798) | D76: =Text!G410 -> Revenue Grants | E76: =Text!G281 -> Capital financing grants and capital element of PFI
C77: =Text!G409 -> Enter line reference, grant name and amounts. PFI grants should have the prefix "PFI - "
A78: 1
A79: 2
A80: 3
A81: 4
A82: 5
A83: 6
A84: 7
A85: 8
A86: 9
A87: 10
A88: 11
A89: 12
... A175: 98

Sheet Validations
AH1: Table | AI1: Description
AH2: 1 | AI2: Comparison Checks - PFI and RAG Totals
AH3: 2 | AI3: Comparison Checks - RA/BR1 Totals
AH4: 3 | AI4: Comparison Checks - RA/BR2 Totals
AH5: 4 | AI5: Fire/NPA Checks
B8: =ValData!$AP$51 -> Val No | I8: =ValData!$AP$33 -> auto | J8: =ValData!$AP$34 -> mark | K8: =ValData!$AP$35 -> check | L8: =ValData!$AP$36 -> status | O8: =ValData!$AP$51 -> Val No | V8: =ValData!$AP$33 -> auto | W8: =ValData!$AP$34 -> mark | X8: =ValData!$AP$35 -> check | Y8: =ValData!$AP$36 -> status
D9: =ValData!$AP$52 -> Tolerance Levels | F9: =ValData!$AP$54 -> Validation Key | Q9: =ValData!$AP$52 -> Tolerance Levels | S9: =ValData!$AP$54 -> Validation Key
D10: =ValData!$AP$31 -> value | E10: % | F10: =ValData!$AP$55&" 1" -> Figure 1 | G10: =ValData!$AP$55&" 2" -> Figure 2 | H10: =ValData!$AP$56 -> Result | I10: =ValData!AP33 -> auto | J10: =ValData!AP34 -> mark | Q10: =ValData!$AP$31 -> value | R10: % | S10: =ValData!$AP$55&" 1" -> Figure 1 | T10: =ValData!$AP$55&" 2" -> Figure 2 | U10: =ValData!$AP$56 -> Result | V10: =ValData!BJ33 -> N | W10: =ValData!BJ34 -> N
B12: =ValData!AP99 -> 1. Comparison Checks - PFI and RAG Totals
AC13: CompOut | AU13: CompIn
D15: =Text!$G$415 -> Non Distributed Domestic Rates | Q15: =Text!$G$416 -> Revenue Support Grant | AC15: YearCode | AD15: FormRef | AE15: AuthCode | AF15: Table No | AG15: Val No | AH15: Form1Fig | AI15: Form2Fig | AJ15: Auto | AK15: Mark | AL15: Check | AM15: Status | AN15: Your Comments | AO15: Our Comments | AP15: Initials | AQ15: Date | AR15: Description | AT15: Index | AU15: Table | AV15: Val | AW15: Mark | AX15: Status | AY15: Our Comments | AZ15: Init | BA15: date
F16: RA 160 | G16: LG NDR | S16: RA 159 | T16: LG RSG | AC16: =ValData!B4 -> 202627 | AD16: RA | AE16: =UANumber -> 0 | AF16: 1 | AG16: 1 | AH16: =$F17 -> 0 | AI16: =$G17 -> 0 | AJ16: =$I17 | AK16: =$J17 -> 0 | AL16: =$K17 | AM16: =$L17 -> 0 | AN16: =$F18 -> 0 | AO16: =$F21 -> 0 | AP16: =$K22 -> 0 | AQ16: =$K19 -> 0 | AR16: Non Distributed Domestic Rates | AT16: =AU16&"_"&AV16 -> 1_1 | AU16: 1 | AV16: 1 | AW16: 0 | AX16: C | AZ16: BDA | BA16: 43220
C17: 1 | E17: 0.5 | F17: =Services!D167 -> 0 | G17: =IF(Services!E167="select authority",0,Services!E167) -> 0 | H17: =F17-G17 -> 0 | I17: =IF(ABS(H17)>0.01,1,"") | K17: =IF(L17="C","",IF(J17=1,1,"")) | P17: 2 | R17: 0.5 | S17: =Services!D166 -> 0 | T17: =IF(Services!E166="select authority",0,Services!E166) -> 0 | U17: =S17-T17 -> 0 | V17: =IF(ABS(U17)>0.01,1,"") | X17: =IF(Y17="C","",IF(W17=1,1,"")) | AC17: =ValData!B5 -> 202627 | AD17: RA | AE17: =UANumber -> 0 | AF17: 1 | AG17: 3 | AH17: =$F28 -> 0 | AI17: =$G28 -> 0 | AJ17: =$I28 | AK17: =$J28 -> 0 | AL17: =$K28 | AM17: =$L28 -> 0 | AN17: =$F29 -> 0 | AO17: =$F32 -> 0 | AP17: =$K33 -> 0 | AQ17: =$K30 -> 0 | AR17: Revenue Support Grant | AT17: =AU17&"_"&AV17 -> 1_2 | AU17: 1 | AV17: 2 | AW17: 0 | AX17: C | AZ17: BDA | BA17: 43220
AC18: =ValData!B6 -> 202627 | AD18: RA | AE18: =UANumber -> 0 | AF18: 1 | AG18: 5 | AH18: =$F39 -> 0 | AI18: =$G39 -> 0 | AJ18: =$I39 | AK18: =$J39 -> 0 | AL18: =$K39 | AM18: =$L39 -> 0 | AN18: =$F40 -> 0 | AO18: =$F43 -> 0 | AP18: =$K44 -> 0 | AQ18: =$K41 -> 0 | AR18: Education | AT18: =AU18&"_"&AV18 -> 1_3 | AU18: 1 | AV18: 3 | AW18: 0 | AX18: C | AZ18: BDA | BA18: 43220
AC19: =ValData!B7 -> 202627 | AD19: RA | AE19: =UANumber -> 0 | AF19: 1 | AG19: 7 | AH19: =$F51 -> 0 | AI19: =$G51 -> 0 | AJ19: =$I51 | AK19: =$J51 -> 0 | AL19: =$K51 | AM19: =$L51 -> 0 | AN19: =$F52 -> 0 | AO19: =$F55 -> 0 | AP19: =$K56 -> 0 | AQ19: =$K53 -> 0 | AR19: Social Services | AT19: =AU19&"_"&AV19 -> 1_4 | AU19: 1 | AV19: 4 | AW19: 0 | AX19: C | AZ19: BDA | BA19: 43220
AC20: =ValData!B8 -> 202627 | AD20: RA | AE20: =UANumber -> 0 | AF20: 1 | AG20: 9 | AH20: =$F62 -> 0 | AI20: =$G62 -> 0 | AJ20: =$I62 | AK20: =$J62 -> 0 | AL20: =$K62 | AM20: =$L62 -> 0 | AN20: =$F63 -> 0 | AO20: =$F66 -> 0 | AP20: =$K67 -> 0 | AQ20: =$K64 -> 0 | AR20: Transport | AT20: =AU20&"_"&AV20 -> 1_5 | AU20: 1 | AV20: 5 | AW20: 1 | AX20: S | AY20: BDA-Please amend | AZ20: BDA | BA20: 43220
D21: =ValData!$AP$38 -> Our comments | Q21: =ValData!$AP$38 -> Our comments | AC21: =ValData!B9 -> 202627 | AD21: RA | AE21: =UANumber -> 0 | AF21: 1 | AG21: 11 | AH21: =$F73 -> 0 | AI21: =$G73 -> 0 | AJ21: =$I73 | AK21: =$J73 -> 0 | AL21: =$K73 | AM21: =$L73 -> 0 | AN21: =$F74 -> 0 | AO21: =$F77 -> 0 | AP21: =$K78 -> 0 | AQ21: =$K75 -> 0 | AR21: Housing | AT21: =AU21&"_"&AV21 -> 1_6 | AU21: 1 | AV21: 6 | AW21: 1 | AX21: S | AY21: BDA-Please amend | AZ21: BDA | BA21: 43220
AC22: =ValData!B10 -> 202627 | AD22: RA | AE22: =UANumber -> 0 | AF22: 1 | AG22: 2 | AH22: =$S17 -> 0 | AI22: =$T17 -> 0 | AJ22: =$U17 -> 0 | AK22: =$V17 | AL22: =$W17 -> 0 | AM22: =$X17 | AN22: =$S18 -> 0 | AO22: =$S21 -> 0 | AP22: =$X22 -> 0 | AQ22: =$X19 -> 0 | AR22: Other Local Services | AT22: =AU22&"_"&AV22 -> 1_7 | AU22: 1 | AV22: 7 | AW22: 1 | AX22: S | AY22: BDA-Please amend | AZ22: BDA | BA22: 43220
AT23: =AU23&"_"&AV23 -> 1_8 | AU23: 1 | AV23: 8 | AW23: 0 | AX23: C | AZ23: BDA | BA23: 43220
AC24: =ValData!B12 -> 202627 | AD24: RA | AE24: =UANumber -> 0 | AF24: 1 | AG24: 4 | AH24: =$S28 -> 0 | AI24: =$T28 -> 0 | AJ24: =$U28 -> 0 | AK24: =$V28 | AL24: =$W28 -> 0 | AM24: =$X28 | AN24: =$S29 -> 0 | AO24: =$S32 -> 0 | AP24: =$X33 -> 0 | AQ24: =$X30 -> 0 | AR24: Police Services | AT24: =AU24&"_"&AV24 -> 1_9 | AU24: 1 | AV24: 9 | AW24: 1 | AX24: C | AY24: BDA-Cleared | AZ24: BDA | BA24: 43220
AT25: =AU25&"_"&AV25 -> 1_10 | AU25: 1 | AV25: 10 | AW25: 0 | AX25: C | AZ25: BDA | BA25: 43220
D26: =Text!$G$417 -> Education | Q26: =Text!$G$418 -> Social Services | AC26: =ValData!B14 -> 202627 | AD26: RA | AE26: =UANumber -> 0 | AF26: 1 | AG26: 6 | AH26: =$S39 -> 0 | AI26: =$T39 -> 0 | AJ26: =$U39 -> 0 | AK26: =$V39 | AL26: =$W39 -> 0 | AM26: =$X39 | AN26: =$S40 -> 0 | AO26: =$S43 -> 0 | AP26: =$X44 -> 0 | AQ26: =$X41 -> 0 | AR26: Unallocated Contingencies / Total Service Expenditure | AT26: =AU26&"_"&AV26 -> 1_11 | AU26: 1 | AV26: 11 | AW26: 0 | AX26: C | AZ26: BDA | BA26: 43220
F27: RA Col 7 line 24 | G27: RAG 199 | S27: RA Col 7 38.6 to 46 | T27: RAG 399 | AC27: =ValData!B15 -> 202627 | AD27: RA | AE27: =UANumber -> 0 | AF27: 1 | AG27: 8 | AH27: =$S51 -> 0 | AI27: =$T51 -> 0 | AJ27: =$U51 -> 0 | AK27: =$V51 | AL27: =$W51 -> 0 | AM27: =$X51 | AN27: =$S52 -> 0 | AO27: =$S55 -> 0 | AP27: =$X56 -> 0 | AQ27: =$X53 -> 0 | AR27: Other Services / Total Service Expenditure | AT27: =AU27&"_"&AV27 -> 1_12 | AU27: 1 | AV27: 12 | AW27: 0 | AX27: C | AZ27: BDA | BA27: 43220
C28: 3 | E28: 0.5 | F28: =Services!E16 -> 0 | G28: =Grants!D22 -> 0 | H28: =F28-G28 -> 0 | I28: =IF(ABS(H28)>E28,1,"") | K28: =IF(L28="C","",IF(J28=1,1,"")) | P28: 4 | R28: 0.5 | S28: =SUM(Services!E29:E43) -> 0 | T28: =Grants!D42 -> 0 | U28: =S28-T28 -> 0 | V28: =IF(ABS(U28)>R28,1,"") | X28: =IF(Y28="C","",IF(W28=1,1,"")) | AC28: =ValData!B16 -> 202627 | AD28: RA | AE28: =UANumber -> 0 | AF28: 1 | AG28: 10 | AH28: =$S62 -> 0 | AI28: =$T62 -> 0 | AJ28: =$U62 -> 0 | AK28: =$V62 | AL28: =$W62 -> 0 | AM28: =$X62 | AN28: =$S63 -> 0 | AO28: =$S66 -> 0 | AP28: =$Y67 -> 0 | AQ28: =$X64 -> 0 | AR28: Non Distributable Costs / Total Service Expenditure | AT28: =AU28&"_"&AV28 -> _
AC29: =ValData!B17 -> 202627 | AD29: RA | AE29: =UANumber -> 0 | AF29: 1 | AG29: 12 | AH29: =$S73 -> 0 | AI29: =$T73 -> 0 | AJ29: =$U73 -> 0 | AK29: =$V73 -> 0 | AL29: =$W73 -> 0 | AM29: =$X73 -> 0 | AN29: =$S74 -> 0 | AO29: =$S77 -> 0 | AP29: =$X78 -> 0 | AQ29: =$X75 -> 0 | AR29: Capital financing element within Private Finance Initiative (PFI) schemes | AT29: =AU29&"_"&AV29 -> _
AT30: =AU30&"_"&AV30 -> _
AT31: =AU31&"_"&AV31 -> _
D32: =ValData!$AP$38 -> Our comments | Q32: =ValData!$AP$38 -> Our comments | AT32: =AU32&"_"&AV32 -> _
D37: =Text!$G$419 -> Transport | Q37: =Text!$G$420 -> Housing
F38: RA Col 7 25 to 37 | G38: RAG 299 | S38: RA Col 7 74 to 85 | T38: RAG 499
C39: 5 | E39: 0.5 | F39: =SUM(Services!E18:E27) -> 0 | G39: =Grants!D30 -> 0 | H39: =F39-G39 -> 0 | I39: =IF(ABS(H39)>E39,1,"") | K39: =IF(L39="C","",IF(J39=1,1,"")) | P39: 6 | R39: 0.5 | S39: =SUM(Services!E80:E93) -> 0 | T39: =Grants!D50 -> 0 | U39: =S39-T39 -> 0 | V39: =IF(ABS(U39)>R39,1,"") | X39: =IF(Y39="C","",IF(W39=1,1,""))
D43: =ValData!$AP$38 -> Our comments | Q43: =ValData!$AP$38 -> Our comments
D49: =Text!$G$421 -> Other Local Services | Q49: =Text!$G$422 -> Police Services
D50: RA 47 to 70, 89 to 92.3, 107.1 to 107.8, 114 to 118, 118.1 to 118.4 | G50: RAG 799 | S50: RA Col 7 102.11 | T50: RAG 599
C51: 7 | E51: 0.5 | F51: =SUM(Services!E45:E74)+SUM(Services!E95:E101)+SUM(Services!E108:E115)+SUM(Services!E117:E124)+Services!E75 -> 0 | G51: =Grants!D72 -> 0 | H51: =F51-G51 -> 0 | I51: =IF(ABS(H51)>E51,1,"") | K51: =IF(L51="C","",IF(J51=1,1,"")) | P51: 8 | R51: 0.5 | S51: =Services!E103 -> 0 | T51: =Grants!D57 -> 0 | U51: =S51-T51 -> 0 | V51: =IF(ABS(U51)>R51,1,"") | X51: =IF(Y51="C","",IF(W51=1,1,""))
D55: =ValData!$AP$38 -> Our comments | Q55: =ValData!$AP$38 -> Our comments
D60: =Text!$G$424 -> Unallocated Contingencies / Total Service Expenditure | Q60: =Text!$G$425 -> Other Services / Total Service Expenditure
F61: RA 118 column 4 | G61: RA 119 column 4 | S61: RA 114 column 4 | T61: RA 119 column 4
C62: 9 | E62: 0.01 | F62: =Services!D124 -> 0 | G62: =Services!D125 -> 0 | H62: =IF(OR(F62=0,G62=0),0,F62/G62) -> 0 | I62: =IF(ABS(H62)>E62,1,"") | K62: =IF(L62="C","",IF(J62=1,1,"")) | P62: 10 | R62: 0.01 | S62: =Services!D117 -> 0 | T62: =Services!D125 -> 0 | U62: =IF(OR(S62=0,T62=0),0,S62/T62) -> 0 | V62: =IF(ABS(U62)>R62,1,"") | X62: =IF(Y62="C","",IF(W62=1,1,""))
D66: =ValData!$AP$38 -> Our comments | Q66: =ValData!$AP$38 -> Our comments
D71: =Text!$G$426 -> Non Distributable Costs / Total Service Expenditure
F72: RA 117 column 4 | G72: RA 119 column 4
C73: 11 | E73: 0.05 | F73: =Services!D122 -> 0 | G73: =Services!D125 -> 0 | H73: =IF(OR(F73=0,G73=0),0,F73/G73) -> 0 | I73: =IF(ABS(H73)>E73,1,"") | K73: =IF(L73="C","",IF(J73=1,1,""))
D77: =ValData!$AP$38 -> Our comments

Sheet Survey Response Burden
C2: =Details!D1 -> Please select your authority | K2: RA
C5: =Text!G428 -> Survey Response Burden
C6: =Text!G429 -> The Welsh Government are monitoring the burden of completing this data collection form.
C7: =Text!G430 -> Please enter the time it has taken you (and any colleagues) to prepare and send the return.
C8: =Text!G431 -> Please only include time spent on activities to prepare and send this return, such as:
C9: =" ● "&Text!G432 -> ● collection, analysis and aggregation of records and data required;
C10: =" ● "&Text!G433 -> ● completing, checking, amending and approving the form.
C12: =Text!G434 -> Hours taken
C14: =Text!G435 -> Please feel free to add any comments

Sheet Comments
C2: ='Survey Response Burden'!C2 -> Please select your authority | J2: RA
C5: =Text!G440 -> Form Design
C15: =Text!G441 -> Validation
C25: =Text!G442 -> Documentation
C35: =Text!G443 -> General comments

Sheet Transfer
A1: Version | B1: Yearcode | C1: FormRef | D1: RowRef | E1: ColumnRef | F1: AuthCode | G1: Data | I1: Col | N1: Yearcode | O1: 202627 | AG1: From SQL Server (currentRA) | AI1: AuthCode | AJ1: (All)
A2: =FrontPage!N2 -> 1 | B2: =Year -> 202627 | C2: RA | D2: 24 | E2: 4.00 | F2: =UANumber -> 0 | G2: =IF(VLOOKUP(D2,INDIRECT(H2),MATCH(E2,INDIRECT(H2&$I$1),0),FALSE)="",0,VLOOKUP(D2,INDIRECT(H2),MATCH(E2,INDIRECT(H2&$I$1),0),FALSE)) -> 0 | H2: ="_"&C2 -> _RA | L2: Transfer Check Pivot
A3: =A2 -> 1 | B3: =Year -> 202627 | C3: RA | D3: 24 | E3: 7.00 | F3: =UANumber -> 0 | G3: =IF(VLOOKUP(D3,INDIRECT(H3),MATCH(E3,INDIRECT(H3&$I$1),0),FALSE)="",0,VLOOKUP(D3,INDIRECT(H3),MATCH(E3,INDIRECT(H3&$I$1),0),FALSE)) -> 0 | H3: ="_"&C3 -> _RA | N3: Sum of Data2 | O3: FormRef | P3: ColumnRef | AI3: Sum of Data2 | BE3: =SUM(BE6:BE235) -> 0 | BF3: =SUM(BF6:BF235) -> 0 | BG3: =SUM(BG6:BG235) -> 0 | BH3: =SUM(BH6:BH235) -> 0 | BI3: =SUM(BI6:BI235) -> 0 | BJ3: =SUM(BJ6:BJ235) -> 0 | BK3: =SUM(BK6:BK235) -> 0 | BL3: =SUM(BL6:BL235) -> 0 | ... BW3: =SUM(BW6:BW235) -> 0
A4: =A3 -> 1 | B4: =Year -> 202627 | C4: RA | D4: 25 | E4: 4.00 | F4: =UANumber -> 0 | G4: =IF(VLOOKUP(D4,INDIRECT(H4),MATCH(E4,INDIRECT(H4&$I$1),0),FALSE)="",0,VLOOKUP(D4,INDIRECT(H4),MATCH(E4,INDIRECT(H4&$I$1),0),FALSE)) -> 0 | H4: ="_"&C4 -> _RA | O4: RA | Q4: RAG | S4: RAS52 | BE4: =AJ4 -> 0 | BG4: =AL4 -> 0 | BI4: =AN4 -> 0 | BK4: =AP4 -> 0
A5: =A4 -> 1 | B5: =Year -> 202627 | C5: RA | D5: 25 | E5: 7.00 | F5: =UANumber -> 0 | G5: =IF(VLOOKUP(D5,INDIRECT(H5),MATCH(E5,INDIRECT(H5&$I$1),0),FALSE)="",0,VLOOKUP(D5,INDIRECT(H5),MATCH(E5,INDIRECT(H5&$I$1),0),FALSE)) -> 0 | H5: ="_"&C5 -> _RA | N5: RowRef | O5: 4.00 | P5: 7.00 | Q5: 1.00 | R5: 2.00 | S5: 0.10 | T5: 1.00 | U5: 2.00 | V5: 3.00 | W5: 3.50 | X5: 4.00 | Y5: 6.10 | Z5: 6.20 | AA5: 6.30 | AB5: 6.40 | AC5: 6.50 | AD5: 7.00 | BE5: =AJ5 -> 0 | BF5: =AK5 -> 0 | BG5: =AL5 -> 0 | BH5: =AM5 -> 0 | BI5: =AN5 -> 0 | BJ5: =AO5 -> 0 | BK5: =AP5 -> 0 | BL5: =AQ5 -> 0 | ... BV5: =BA5 -> 0 | BW5: Sum of row
A6: =A5 -> 1 | B6: =Year -> 202627 | C6: RA | D6: 26 | E6: 4.00 | F6: =UANumber -> 0 | G6: =IF(VLOOKUP(D6,INDIRECT(H6),MATCH(E6,INDIRECT(H6&$I$1),0),FALSE)="",0,VLOOKUP(D6,INDIRECT(H6),MATCH(E6,INDIRECT(H6&$I$1),0),FALSE)) -> 0 | H6: ="_"&C6 -> _RA | N6: 1 | S6: 0 | T6: 0 | U6: 0 | V6: 0 | W6: 0 | X6: 0 | Y6: 0 | Z6: 0 | AA6: 0 | AB6: 0 | AC6: 0 | AD6: 0 | BD6: =AI6 -> 0 | BE6: =AJ6-O6 -> 0 | BF6: =AK6-P6 -> 0 | BG6: =AL6-Q6 -> 0 | BH6: =AM6-R6 -> 0 | BI6: =AN6-S6 -> 0 | BJ6: =AO6-T6 -> 0 | BK6: =AP6-U6 -> 0 | BL6: =AQ6-V6 -> 0 | ... BV6: =BA6-AF6 -> 0 | BW6: =SUM(BE6:BV6) -> 0
A7: =A6 -> 1 | B7: =Year -> 202627 | C7: RA | D7: 26 | E7: 7.00 | F7: =UANumber -> 0 | G7: =IF(VLOOKUP(D7,INDIRECT(H7),MATCH(E7,INDIRECT(H7&$I$1),0),FALSE)="",0,VLOOKUP(D7,INDIRECT(H7),MATCH(E7,INDIRECT(H7&$I$1),0),FALSE)) -> 0 | H7: ="_"&C7 -> _RA | N7: 4 | S7: 0 | T7: 0 | U7: 0 | V7: 0 | W7: 0 | X7: 0 | Y7: 0 | Z7: 0 | AA7: 0 | AB7: 0 | AC7: 0 | AD7: 0 | BD7: =AI7 -> 0 | BE7: =AJ7-O7 -> 0 | BF7: =AK7-P7 -> 0 | BG7: =AL7-Q7 -> 0 | BH7: =AM7-R7 -> 0 | BI7: =AN7-S7 -> 0 | BJ7: =AO7-T7 -> 0 | BK7: =AP7-U7 -> 0 | BL7: =AQ7-V7 -> 0 | ... BV7: =BA7-AF7 -> 0 | BW7: =SUM(BE7:BV7) -> 0
A8: =A7 -> 1 | B8: =Year -> 202627 | C8: RA | D8: 27 | E8: 4.00 | F8: =UANumber -> 0 | G8: =IF(VLOOKUP(D8,INDIRECT(H8),MATCH(E8,INDIRECT(H8&$I$1),0),FALSE)="",0,VLOOKUP(D8,INDIRECT(H8),MATCH(E8,INDIRECT(H8&$I$1),0),FALSE)) -> 0 | H8: ="_"&C8 -> _RA | N8: 4.1 | S8: 0 | T8: 0 | U8: 0 | V8: 0 | W8: 0 | X8: 0 | Y8: 0 | Z8: 0 | AA8: 0 | AB8: 0 | AC8: 0 | AD8: 0 | BD8: =AI8 -> 0 | BE8: =AJ8-O8 -> 0 | BF8: =AK8-P8 -> 0 | BG8: =AL8-Q8 -> 0 | BH8: =AM8-R8 -> 0 | BI8: =AN8-S8 -> 0 | BJ8: =AO8-T8 -> 0 | BK8: =AP8-U8 -> 0 | BL8: =AQ8-V8 -> 0 | ... BV8: =BA8-AF8 -> 0 | BW8: =SUM(BE8:BV8) -> 0
A9: =A8 -> 1 | B9: =Year -> 202627 | C9: RA | D9: 27 | E9: 7.00 | F9: =UANumber -> 0 | G9: =IF(VLOOKUP(D9,INDIRECT(H9),MATCH(E9,INDIRECT(H9&$I$1),0),FALSE)="",0,VLOOKUP(D9,INDIRECT(H9),MATCH(E9,INDIRECT(H9&$I$1),0),FALSE)) -> 0 | H9: ="_"&C9 -> _RA | N9: 5 | S9: 0 | T9: 0 | U9: 0 | V9: 0 | W9: 0 | X9: 0 | Y9: 0 | Z9: 0 | AA9: 0 | AB9: 0 | AC9: 0 | AD9: 0 | BD9: =AI9 -> 0 | BE9: =AJ9-O9 -> 0 | BF9: =AK9-P9 -> 0 | BG9: =AL9-Q9 -> 0 | BH9: =AM9-R9 -> 0 | BI9: =AN9-S9 -> 0 | BJ9: =AO9-T9 -> 0 | BK9: =AP9-U9 -> 0 | BL9: =AQ9-V9 -> 0 | ... BV9: =BA9-AF9 -> 0 | BW9: =SUM(BE9:BV9) -> 0
A10: =A9 -> 1 | B10: =Year -> 202627 | C10: RA | D10: 28 | E10: 4.00 | F10: =UANumber -> 0 | G10: =IF(VLOOKUP(D10,INDIRECT(H10),MATCH(E10,INDIRECT(H10&$I$1),0),FALSE)="",0,VLOOKUP(D10,INDIRECT(H10),MATCH(E10,INDIRECT(H10&$I$1),0),FALSE)) -> 0 | H10: ="_"&C10 -> _RA | N10: 6 | S10: 0 | T10: 0 | U10: 0 | V10: 0 | W10: 0 | X10: 0 | Y10: 0 | Z10: 0 | AA10: 0 | AB10: 0 | AC10: 0 | AD10: 0 | BD10: =AI10 -> 0 | BE10: =AJ10-O10 -> 0 | BF10: =AK10-P10 -> 0 | BG10: =AL10-Q10 -> 0 | BH10: =AM10-R10 -> 0 | BI10: =AN10-S10 -> 0 | BJ10: =AO10-T10 -> 0 | BK10: =AP10-U10 -> 0 | BL10: =AQ10-V10 -> 0 | ... BV10: =BA10-AF10 -> 0 | BW10: =SUM(BE10:BV10) -> 0
A11: =A10 -> 1 | B11: =Year -> 202627 | C11: RA | D11: 28 | E11: 7.00 | F11: =UANumber -> 0 | G11: =IF(VLOOKUP(D11,INDIRECT(H11),MATCH(E11,INDIRECT(H11&$I$1),0),FALSE)="",0,VLOOKUP(D11,INDIRECT(H11),MATCH(E11,INDIRECT(H11&$I$1),0),FALSE)) -> 0 | H11: ="_"&C11 -> _RA | N11: 6.1 | S11: 0 | T11: 0 | U11: 0 | V11: 0 | W11: 0 | X11: 0 | Y11: 0 | Z11: 0 | AA11: 0 | AB11: 0 | AC11: 0 | AD11: 0 | BD11: =AI11 -> 0 | BE11: =AJ11-O11 -> 0 | BF11: =AK11-P11 -> 0 | BG11: =AL11-Q11 -> 0 | BH11: =AM11-R11 -> 0 | BI11: =AN11-S11 -> 0 | BJ11: =AO11-T11 -> 0 | BK11: =AP11-U11 -> 0 | BL11: =AQ11-V11 -> 0 | ... BV11: =BA11-AF11 -> 0 | BW11: =SUM(BE11:BV11) -> 0
A12: =A11 -> 1 | B12: =Year -> 202627 | C12: RA | D12: 29.1 | E12: 4.00 | F12: =UANumber -> 0 | G12: =IF(VLOOKUP(D12,INDIRECT(H12),MATCH(E12,INDIRECT(H12&$I$1),0),FALSE)="",0,VLOOKUP(D12,INDIRECT(H12),MATCH(E12,INDIRECT(H12&$I$1),0),FALSE)) -> 0 | H12: ="_"&C12 -> _RA | N12: 7 | S12: 0 | T12: 0 | U12: 0 | V12: 0 | W12: 0 | X12: 0 | Y12: 0 | Z12: 0 | AA12: 0 | AB12: 0 | AC12: 0 | AD12: 0 | BD12: =AI12 -> 0 | BE12: =AJ12-O12 -> 0 | BF12: =AK12-P12 -> 0 | BG12: =AL12-Q12 -> 0 | BH12: =AM12-R12 -> 0 | BI12: =AN12-S12 -> 0 | BJ12: =AO12-T12 -> 0 | BK12: =AP12-U12 -> 0 | BL12: =AQ12-V12 -> 0 | ... BV12: =BA12-AF12 -> 0 | BW12: =SUM(BE12:BV12) -> 0
A13: =A12 -> 1 | B13: =Year -> 202627 | C13: RA | D13: 29.1 | E13: 7.00 | F13: =UANumber -> 0 | G13: =IF(VLOOKUP(D13,INDIRECT(H13),MATCH(E13,INDIRECT(H13&$I$1),0),FALSE)="",0,VLOOKUP(D13,INDIRECT(H13),MATCH(E13,INDIRECT(H13&$I$1),0),FALSE)) -> 0 | H13: ="_"&C13 -> _RA | N13: 8 | X13: 0 | AD13: 0 | BD13: =AI13 -> 0 | BE13: =AJ13-O13 -> 0 | BF13: =AK13-P13 -> 0 | BG13: =AL13-Q13 -> 0 | BH13: =AM13-R13 -> 0 | BI13: =AN13-S13 -> 0 | BJ13: =AO13-T13 -> 0 | BK13: =AP13-U13 -> 0 | BL13: =AQ13-V13 -> 0 | ... BV13: =BA13-AF13 -> 0 | BW13: =SUM(BE13:BV13) -> 0
A14: =A13 -> 1 | B14: =Year -> 202627 | C14: RA | D14: 29.2 | E14: 4.00 | F14: =UANumber -> 0 | G14: =IF(VLOOKUP(D14,INDIRECT(H14),MATCH(E14,INDIRECT(H14&$I$1),0),FALSE)="",0,VLOOKUP(D14,INDIRECT(H14),MATCH(E14,INDIRECT(H14&$I$1),0),FALSE)) -> 0 | H14: ="_"&C14 -> _RA | N14: 9 | X14: 0 | AD14: 0 | BD14: =AI14 -> 0 | BE14: =AJ14-O14 -> 0 | BF14: =AK14-P14 -> 0 | BG14: =AL14-Q14 -> 0 | BH14: =AM14-R14 -> 0 | BI14: =AN14-S14 -> 0 | BJ14: =AO14-T14 -> 0 | BK14: =AP14-U14 -> 0 | BL14: =AQ14-V14 -> 0 | ... BV14: =BA14-AF14 -> 0 | BW14: =SUM(BE14:BV14) -> 0
A15: =A14 -> 1 | B15: =Year -> 202627 | C15: RA | D15: 29.2 | E15: 7.00 | F15: =UANumber -> 0 | G15: =IF(VLOOKUP(D15,INDIRECT(H15),MATCH(E15,INDIRECT(H15&$I$1),0),FALSE)="",0,VLOOKUP(D15,INDIRECT(H15),MATCH(E15,INDIRECT(H15&$I$1),0),FALSE)) -> 0 | H15: ="_"&C15 -> _RA | N15: 10.1 | X15: 0 | AD15: 0 | BD15: =AI15 -> 0 | BE15: =AJ15-O15 -> 0 | BF15: =AK15-P15 -> 0 | BG15: =AL15-Q15 -> 0 | BH15: =AM15-R15 -> 0 | BI15: =AN15-S15 -> 0 | BJ15: =AO15-T15 -> 0 | BK15: =AP15-U15 -> 0 | BL15: =AQ15-V15 -> 0 | ... BV15: =BA15-AF15 -> 0 | BW15: =SUM(BE15:BV15) -> 0
A16: =A15 -> 1 | B16: =Year -> 202627 | C16: RA | D16: 30 | E16: 4.00 | F16: =UANumber -> 0 | G16: =IF(VLOOKUP(D16,INDIRECT(H16),MATCH(E16,INDIRECT(H16&$I$1),0),FALSE)="",0,VLOOKUP(D16,INDIRECT(H16),MATCH(E16,INDIRECT(H16&$I$1),0),FALSE)) -> 0 | H16: ="_"&C16 -> _RA | N16: 10.2 | X16: 0 | AD16: 0 | BD16: =AI16 -> 0 | BE16: =AJ16-O16 -> 0 | BF16: =AK16-P16 -> 0 | BG16: =AL16-Q16 -> 0 | BH16: =AM16-R16 -> 0 | BI16: =AN16-S16 -> 0 | BJ16: =AO16-T16 -> 0 | BK16: =AP16-U16 -> 0 | BL16: =AQ16-V16 -> 0 | ... BV16: =BA16-AF16 -> 0 | BW16: =SUM(BE16:BV16) -> 0
A17: =A16 -> 1 | B17: =Year -> 202627 | C17: RA | D17: 30 | E17: 7.00 | F17: =UANumber -> 0 | G17: =IF(VLOOKUP(D17,INDIRECT(H17),MATCH(E17,INDIRECT(H17&$I$1),0),FALSE)="",0,VLOOKUP(D17,INDIRECT(H17),MATCH(E17,INDIRECT(H17&$I$1),0),FALSE)) -> 0 | H17: ="_"&C17 -> _RA | N17: 11 | X17: 0 | AD17: 0 | BD17: =AI17 -> 0 | BE17: =AJ17-O17 -> 0 | BF17: =AK17-P17 -> 0 | BG17: =AL17-Q17 -> 0 | BH17: =AM17-R17 -> 0 | BI17: =AN17-S17 -> 0 | BJ17: =AO17-T17 -> 0 | BK17: =AP17-U17 -> 0 | BL17: =AQ17-V17 -> 0 | ... BV17: =BA17-AF17 -> 0 | BW17: =SUM(BE17:BV17) -> 0
A18: =A17 -> 1 | B18: =Year -> 202627 | C18: RA | D18: 32 | E18: 4.00 | F18: =UANumber -> 0 | G18: =IF(VLOOKUP(D18,INDIRECT(H18),MATCH(E18,INDIRECT(H18&$I$1),0),FALSE)="",0,VLOOKUP(D18,INDIRECT(H18),MATCH(E18,INDIRECT(H18&$I$1),0),FALSE)) -> 0 | H18: ="_"&C18 -> _RA | N18: 12 | X18: 0 | AD18: 0 | BD18: =AI18 -> 0 | BE18: =AJ18-O18 -> 0 | BF18: =AK18-P18 -> 0 | BG18: =AL18-Q18 -> 0 | BH18: =AM18-R18 -> 0 | BI18: =AN18-S18 -> 0 | BJ18: =AO18-T18 -> 0 | BK18: =AP18-U18 -> 0 | BL18: =AQ18-V18 -> 0 | ... BV18: =BA18-AF18 -> 0 | BW18: =SUM(BE18:BV18) -> 0
A19: =A18 -> 1 | B19: =Year -> 202627 | C19: RA | D19: 32 | E19: 7.00 | F19: =UANumber -> 0 | G19: =IF(VLOOKUP(D19,INDIRECT(H19),MATCH(E19,INDIRECT(H19&$I$1),0),FALSE)="",0,VLOOKUP(D19,INDIRECT(H19),MATCH(E19,INDIRECT(H19&$I$1),0),FALSE)) -> 0 | H19: ="_"&C19 -> _RA | N19: 13.1 | X19: 0 | AD19: 0 | BD19: =AI19 -> 0 | BE19: =AJ19-O19 -> 0 | BF19: =AK19-P19 -> 0 | BG19: =AL19-Q19 -> 0 | BH19: =AM19-R19 -> 0 | BI19: =AN19-S19 -> 0 | BJ19: =AO19-T19 -> 0 | BK19: =AP19-U19 -> 0 | BL19: =AQ19-V19 -> 0 | ... BV19: =BA19-AF19 -> 0 | BW19: =SUM(BE19:BV19) -> 0
A20: =A19 -> 1 | B20: =Year -> 202627 | C20: RA | D20: 36.1 | E20: 4.00 | F20: =UANumber -> 0 | G20: =IF(VLOOKUP(D20,INDIRECT(H20),MATCH(E20,INDIRECT(H20&$I$1),0),FALSE)="",0,VLOOKUP(D20,INDIRECT(H20),MATCH(E20,INDIRECT(H20&$I$1),0),FALSE)) -> 0 | H20: ="_"&C20 -> _RA | N20: 13.2 | X20: 0 | AD20: 0 | BD20: =AI20 -> 0 | BE20: =AJ20-O20 -> 0 | BF20: =AK20-P20 -> 0 | BG20: =AL20-Q20 -> 0 | BH20: =AM20-R20 -> 0 | BI20: =AN20-S20 -> 0 | BJ20: =AO20-T20 -> 0 | BK20: =AP20-U20 -> 0 | BL20: =AQ20-V20 -> 0 | ... BV20: =BA20-AF20 -> 0 | BW20: =SUM(BE20:BV20) -> 0
A21: =A20 -> 1 | B21: =Year -> 202627 | C21: RA | D21: 36.1 | E21: 7.00 | F21: =UANumber -> 0 | G21: =IF(VLOOKUP(D21,INDIRECT(H21),MATCH(E21,INDIRECT(H21&$I$1),0),FALSE)="",0,VLOOKUP(D21,INDIRECT(H21),MATCH(E21,INDIRECT(H21&$I$1),0),FALSE)) -> 0 | H21: ="_"&C21 -> _RA | N21: 14.1 | X21: 0 | AD21: 0 | BD21: =AI21 -> 0 | BE21: =AJ21-O21 -> 0 | BF21: =AK21-P21 -> 0 | BG21: =AL21-Q21 -> 0 | BH21: =AM21-R21 -> 0 | BI21: =AN21-S21 -> 0 | BJ21: =AO21-T21 -> 0 | BK21: =AP21-U21 -> 0 | BL21: =AQ21-V21 -> 0 | ... BV21: =BA21-AF21 -> 0 | BW21: =SUM(BE21:BV21) -> 0
A22: =A21 -> 1 | B22: =Year -> 202627 | C22: RA | D22: 37 | E22: 4.00 | F22: =UANumber -> 0 | G22: =IF(VLOOKUP(D22,INDIRECT(H22),MATCH(E22,INDIRECT(H22&$I$1),0),FALSE)="",0,VLOOKUP(D22,INDIRECT(H22),MATCH(E22,INDIRECT(H22&$I$1),0),FALSE)) -> 0 | H22: ="_"&C22 -> _RA | N22: 14.2 | X22: 0 | AD22: 0 | BD22: =AI22 -> 0 | BE22: =AJ22-O22 -> 0 | BF22: =AK22-P22 -> 0 | BG22: =AL22-Q22 -> 0 | BH22: =AM22-R22 -> 0 | BI22: =AN22-S22 -> 0 | BJ22: =AO22-T22 -> 0 | BK22: =AP22-U22 -> 0 | BL22: =AQ22-V22 -> 0 | ... BV22: =BA22-AF22 -> 0 | BW22: =SUM(BE22:BV22) -> 0
A23: =A22 -> 1 | B23: =Year -> 202627 | C23: RA | D23: 37 | E23: 7.00 | F23: =UANumber -> 0 | G23: =IF(VLOOKUP(D23,INDIRECT(H23),MATCH(E23,INDIRECT(H23&$I$1),0),FALSE)="",0,VLOOKUP(D23,INDIRECT(H23),MATCH(E23,INDIRECT(H23&$I$1),0),FALSE)) -> 0 | H23: ="_"&C23 -> _RA | N23: 15.1 | X23: 0 | AD23: 0 | BD23: =AI23 -> 0 | BE23: =AJ23-O23 -> 0 | BF23: =AK23-P23 -> 0 | BG23: =AL23-Q23 -> 0 | BH23: =AM23-R23 -> 0 | BI23: =AN23-S23 -> 0 | BJ23: =AO23-T23 -> 0 | BK23: =AP23-U23 -> 0 | BL23: =AQ23-V23 -> 0 | ... BV23: =BA23-AF23 -> 0 | BW23: =SUM(BE23:BV23) -> 0
A24: =A23 -> 1 | B24: =Year -> 202627 | C24: RA | D24: 38.6 | E24: 4.00 | F24: =UANumber -> 0 | G24: =IF(VLOOKUP(D24,INDIRECT(H24),MATCH(E24,INDIRECT(H24&$I$1),0),FALSE)="",0,VLOOKUP(D24,INDIRECT(H24),MATCH(E24,INDIRECT(H24&$I$1),0),FALSE)) -> 0 | H24: ="_"&C24 -> _RA | N24: 15.2 | X24: 0 | AD24: 0 | BD24: =AI24 -> 0 | BE24: =AJ24-O24 -> 0 | BF24: =AK24-P24 -> 0 | BG24: =AL24-Q24 -> 0 | BH24: =AM24-R24 -> 0 | BI24: =AN24-S24 -> 0 | BJ24: =AO24-T24 -> 0 | BK24: =AP24-U24 -> 0 | BL24: =AQ24-V24 -> 0 | ... BV24: =BA24-AF24 -> 0 | BW24: =SUM(BE24:BV24) -> 0
A25: =A24 -> 1 | B25: =Year -> 202627 | C25: RA | D25: 38.6 | E25: 7.00 | F25: =UANumber -> 0 | G25: =IF(VLOOKUP(D25,INDIRECT(H25),MATCH(E25,INDIRECT(H25&$I$1),0),FALSE)="",0,VLOOKUP(D25,INDIRECT(H25),MATCH(E25,INDIRECT(H25&$I$1),0),FALSE)) -> 0 | H25: ="_"&C25 -> _RA | N25: 16 | X25: 0 | AD25: 0 | BD25: =AI25 -> 0 | BE25: =AJ25-O25 -> 0 | BF25: =AK25-P25 -> 0 | BG25: =AL25-Q25 -> 0 | BH25: =AM25-R25 -> 0 | BI25: =AN25-S25 -> 0 | BJ25: =AO25-T25 -> 0 | BK25: =AP25-U25 -> 0 | BL25: =AQ25-V25 -> 0 | ... BV25: =BA25-AF25 -> 0 | BW25: =SUM(BE25:BV25) -> 0
A26: =A25 -> 1 | B26: =Year -> 202627 | C26: RA | D26: 39.2 | E26: 4.00 | F26: =UANumber -> 0 | G26: =IF(VLOOKUP(D26,INDIRECT(H26),MATCH(E26,INDIRECT(H26&$I$1),0),FALSE)="",0,VLOOKUP(D26,INDIRECT(H26),MATCH(E26,INDIRECT(H26&$I$1),0),FALSE)) -> 0 | H26: ="_"&C26 -> _RA | N26: 23 | S26: 0 | T26: 0 | U26: 0 | V26: 0 | W26: 0 | X26: 0 | Y26: 0 | Z26: 0 | AA26: 0 | AB26: 0 | AC26: 0 | AD26: 0 | BD26: =AI26 -> 0 | BE26: =AJ26-O26 -> 0 | BF26: =AK26-P26 -> 0 | BG26: =AL26-Q26 -> 0 | BH26: =AM26-R26 -> 0 | BI26: =AN26-S26 -> 0 | BJ26: =AO26-T26 -> 0 | BK26: =AP26-U26 -> 0 | BL26: =AQ26-V26 -> 0 | ... BV26: =BA26-AF26 -> 0 | BW26: =SUM(BE26:BV26) -> 0
A27: =A26 -> 1 | B27: =Year -> 202627 | C27: RA | D27: 39.2 | E27: 7.00 | F27: =UANumber -> 0 | G27: =IF(VLOOKUP(D27,INDIRECT(H27),MATCH(E27,INDIRECT(H27&$I$1),0),FALSE)="",0,VLOOKUP(D27,INDIRECT(H27),MATCH(E27,INDIRECT(H27&$I$1),0),FALSE)) -> 0 | H27: ="_"&C27 -> _RA | N27: 24 | O27: 0 | P27: 0 | BD27: =AI27 -> 0 | BE27: =AJ27-O27 -> 0 | BF27: =AK27-P27 -> 0 | BG27: =AL27-Q27 -> 0 | BH27: =AM27-R27 -> 0 | BI27: =AN27-S27 -> 0 | BJ27: =AO27-T27 -> 0 | BK27: =AP27-U27 -> 0 | BL27: =AQ27-V27 -> 0 | ... BV27: =BA27-AF27 -> 0 | BW27: =SUM(BE27:BV27) -> 0
A28: =A27 -> 1 | B28: =Year -> 202627 | C28: RA | D28: 39.3 | E28: 4.00 | F28: =UANumber -> 0 | G28: =IF(VLOOKUP(D28,INDIRECT(H28),MATCH(E28,INDIRECT(H28&$I$1),0),FALSE)="",0,VLOOKUP(D28,INDIRECT(H28),MATCH(E28,INDIRECT(H28&$I$1),0),FALSE)) -> 0 | H28: ="_"&C28 -> _RA | N28: 25 | O28: 0 | P28: 0 | BD28: =AI28 -> 0 | BE28: =AJ28-O28 -> 0 | BF28: =AK28-P28 -> 0 | BG28: =AL28-Q28 -> 0 | BH28: =AM28-R28 -> 0 | BI28: =AN28-S28 -> 0 | BJ28: =AO28-T28 -> 0 | BK28: =AP28-U28 -> 0 | BL28: =AQ28-V28 -> 0 | ... BV28: =BA28-AF28 -> 0 | BW28: =SUM(BE28:BV28) -> 0
A29: =A28 -> 1 | B29: =Year -> 202627 | C29: RA | D29: 39.3 | E29: 7.00 | F29: =UANumber -> 0 | G29: =IF(VLOOKUP(D29,INDIRECT(H29),MATCH(E29,INDIRECT(H29&$I$1),0),FALSE)="",0,VLOOKUP(D29,INDIRECT(H29),MATCH(E29,INDIRECT(H29&$I$1),0),FALSE)) -> 0 | H29: ="_"&C29 -> _RA | N29: 26 | O29: 0 | P29: 0 | BD29: =AI29 -> 0 | BE29: =AJ29-O29 -> 0 | BF29: =AK29-P29 -> 0 | BG29: =AL29-Q29 -> 0 | BH29: =AM29-R29 -> 0 | BI29: =AN29-S29 -> 0 | BJ29: =AO29-T29 -> 0 | BK29: =AP29-U29 -> 0 | BL29: =AQ29-V29 -> 0 | ... BV29: =BA29-AF29 -> 0 | BW29: =SUM(BE29:BV29) -> 0
A30: =A29 -> 1 | B30: =Year -> 202627 | C30: RA | D30: 39.4 | E30: 4.00 | F30: =UANumber -> 0 | G30: =IF(VLOOKUP(D30,INDIRECT(H30),MATCH(E30,INDIRECT(H30&$I$1),0),FALSE)="",0,VLOOKUP(D30,INDIRECT(H30),MATCH(E30,INDIRECT(H30&$I$1),0),FALSE)) -> 0 | H30: ="_"&C30 -> _RA | N30: 27 | O30: 0 | P30: 0 | BD30: =AI30 -> 0 | BE30: =AJ30-O30 -> 0 | BF30: =AK30-P30 -> 0 | BG30: =AL30-Q30 -> 0 | BH30: =AM30-R30 -> 0 | BI30: =AN30-S30 -> 0 | BJ30: =AO30-T30 -> 0 | BK30: =AP30-U30 -> 0 | BL30: =AQ30-V30 -> 0 | ... BV30: =BA30-AF30 -> 0 | BW30: =SUM(BE30:BV30) -> 0
A31: =A30 -> 1 | B31: =Year -> 202627 | C31: RA | D31: 39.4 | E31: 7.00 | F31: =UANumber -> 0 | G31: =IF(VLOOKUP(D31,INDIRECT(H31),MATCH(E31,INDIRECT(H31&$I$1),0),FALSE)="",0,VLOOKUP(D31,INDIRECT(H31),MATCH(E31,INDIRECT(H31&$I$1),0),FALSE)) -> 0 | H31: ="_"&C31 -> _RA | N31: 28 | O31: 0 | P31: 0 | BD31: =AI31 -> 0 | BE31: =AJ31-O31 -> 0 | BF31: =AK31-P31 -> 0 | BG31: =AL31-Q31 -> 0 | BH31: =AM31-R31 -> 0 | BI31: =AN31-S31 -> 0 | BJ31: =AO31-T31 -> 0 | BK31: =AP31-U31 -> 0 | BL31: =AQ31-V31 -> 0 | ... BV31: =BA31-AF31 -> 0 | BW31: =SUM(BE31:BV31) -> 0
A32: =A31 -> 1 | B32: =Year -> 202627 | C32: RA | D32: 39.44 | E32: 4.00 | F32: =UANumber -> 0 | G32: =IF(VLOOKUP(D32,INDIRECT(H32),MATCH(E32,INDIRECT(H32&$I$1),0),FALSE)="",0,VLOOKUP(D32,INDIRECT(H32),MATCH(E32,INDIRECT(H32&$I$1),0),FALSE)) -> 0 | H32: ="_"&C32 -> _RA | N32: 29.1 | O32: 0 | P32: 0 | BD32: =AI32 -> 0 | BE32: =AJ32-O32 -> 0 | BF32: =AK32-P32 -> 0 | BG32: =AL32-Q32 -> 0 | BH32: =AM32-R32 -> 0 | BI32: =AN32-S32 -> 0 | BJ32: =AO32-T32 -> 0 | BK32: =AP32-U32 -> 0 | BL32: =AQ32-V32 -> 0 | ... BV32: =BA32-AF32 -> 0 | BW32: =SUM(BE32:BV32) -> 0
A33: =A32 -> 1 | B33: =Year -> 202627 | C33: RA | D33: 39.44 | E33: 7.00 | F33: =UANumber -> 0 | G33: =IF(VLOOKUP(D33,INDIRECT(H33),MATCH(E33,INDIRECT(H33&$I$1),0),FALSE)="",0,VLOOKUP(D33,INDIRECT(H33),MATCH(E33,INDIRECT(H33&$I$1),0),FALSE)) -> 0 | H33: ="_"&C33 -> _RA | N33: 29.2 | O33: 0 | P33: 0 | BD33: =AI33 -> 0 | BE33: =AJ33-O33 -> 0 | BF33: =AK33-P33 -> 0 | BG33: =AL33-Q33 -> 0 | BH33: =AM33-R33 -> 0 | BI33: =AN33-S33 -> 0 | BJ33: =AO33-T33 -> 0 | BK33: =AP33-U33 -> 0 | BL33: =AQ33-V33 -> 0 | ... BV33: =BA33-AF33 -> 0 | BW33: =SUM(BE33:BV33) -> 0
A34: =A33 -> 1 | B34: =Year -> 202627 | C34: RA | D34: 39.45 | E34: 4.00 | F34: =UANumber -> 0 | G34: =IF(VLOOKUP(D34,INDIRECT(H34),MATCH(E34,INDIRECT(H34&$I$1),0),FALSE)="",0,VLOOKUP(D34,INDIRECT(H34),MATCH(E34,INDIRECT(H34&$I$1),0),FALSE)) -> 0 | H34: ="_"&C34 -> _RA | N34: 30 | O34: 0 | P34: 0 | BD34: =AI34 -> 0 | BE34: =AJ34-O34 -> 0 | BF34: =AK34-P34 -> 0 | BG34: =AL34-Q34 -> 0 | BH34: =AM34-R34 -> 0 | BI34: =AN34-S34 -> 0 | BJ34: =AO34-T34 -> 0 | BK34: =AP34-U34 -> 0 | BL34: =AQ34-V34 -> 0 | ... BV34: =BA34-AF34 -> 0 | BW34: =SUM(BE34:BV34) -> 0
A35: =A34 -> 1 | B35: =Year -> 202627 | C35: RA | D35: 39.45 | E35: 7.00 | F35: =UANumber -> 0 | G35: =IF(VLOOKUP(D35,INDIRECT(H35),MATCH(E35,INDIRECT(H35&$I$1),0),FALSE)="",0,VLOOKUP(D35,INDIRECT(H35),MATCH(E35,INDIRECT(H35&$I$1),0),FALSE)) -> 0 | H35: ="_"&C35 -> _RA | N35: 32 | O35: 0 | P35: 0 | BD35: =AI35 -> 0 | BE35: =AJ35-O35 -> 0 | BF35: =AK35-P35 -> 0 | BG35: =AL35-Q35 -> 0 | BH35: =AM35-R35 -> 0 | BI35: =AN35-S35 -> 0 | BJ35: =AO35-T35 -> 0 | BK35: =AP35-U35 -> 0 | BL35: =AQ35-V35 -> 0 | ... BV35: =BA35-AF35 -> 0 | BW35: =SUM(BE35:BV35) -> 0
A36: =A35 -> 1 | B36: =Year -> 202627 | C36: RA | D36: 39.47 | E36: 4.00 | F36: =UANumber -> 0 | G36: =IF(VLOOKUP(D36,INDIRECT(H36),MATCH(E36,INDIRECT(H36&$I$1),0),FALSE)="",0,VLOOKUP(D36,INDIRECT(H36),MATCH(E36,INDIRECT(H36&$I$1),0),FALSE)) -> 0 | H36: ="_"&C36 -> _RA | N36: 36.1 | O36: 0 | P36: 0 | BD36: =AI36 -> 0 | BE36: =AJ36-O36 -> 0 | BF36: =AK36-P36 -> 0 | BG36: =AL36-Q36 -> 0 | BH36: =AM36-R36 -> 0 | BI36: =AN36-S36 -> 0 | BJ36: =AO36-T36 -> 0 | BK36: =AP36-U36 -> 0 | BL36: =AQ36-V36 -> 0 | ... BV36: =BA36-AF36 -> 0 | BW36: =SUM(BE36:BV36) -> 0
A37: =A36 -> 1 | B37: =Year -> 202627 | C37: RA | D37: 39.47 | E37: 7.00 | F37: =UANumber -> 0 | G37: =IF(VLOOKUP(D37,INDIRECT(H37),MATCH(E37,INDIRECT(H37&$I$1),0),FALSE)="",0,VLOOKUP(D37,INDIRECT(H37),MATCH(E37,INDIRECT(H37&$I$1),0),FALSE)) -> 0 | H37: ="_"&C37 -> _RA | N37: 37 | O37: 0 | P37: 0 | BD37: =AI37 -> 0 | BE37: =AJ37-O37 -> 0 | BF37: =AK37-P37 -> 0 | BG37: =AL37-Q37 -> 0 | BH37: =AM37-R37 -> 0 | BI37: =AN37-S37 -> 0 | BJ37: =AO37-T37 -> 0 | BK37: =AP37-U37 -> 0 | BL37: =AQ37-V37 -> 0 | ... BV37: =BA37-AF37 -> 0 | BW37: =SUM(BE37:BV37) -> 0
A38: =A37 -> 1 | B38: =Year -> 202627 | C38: RA | D38: 39.5 | E38: 4.00 | F38: =UANumber -> 0 | G38: =IF(VLOOKUP(D38,INDIRECT(H38),MATCH(E38,INDIRECT(H38&$I$1),0),FALSE)="",0,VLOOKUP(D38,INDIRECT(H38),MATCH(E38,INDIRECT(H38&$I$1),0),FALSE)) -> 0 | H38: ="_"&C38 -> _RA | N38: 38.6 | O38: 0 | P38: 0 | BD38: =AI38 -> 0 | BE38: =AJ38-O38 -> 0 | BF38: =AK38-P38 -> 0 | BG38: =AL38-Q38 -> 0 | BH38: =AM38-R38 -> 0 | BI38: =AN38-S38 -> 0 | BJ38: =AO38-T38 -> 0 | BK38: =AP38-U38 -> 0 | BL38: =AQ38-V38 -> 0 | ... BV38: =BA38-AF38 -> 0 | BW38: =SUM(BE38:BV38) -> 0
... A118: =A117 -> 1 | B118: =Year -> 202627 | C118: RA | D118: 75.1 | E118: 4.00 | F118: =UANumber -> 0 | G118: =IF(VLOOKUP(D118,INDIRECT(H118),MATCH(E118,INDIRECT(H118&$I$1),0),FALSE)="",0,VLOOKUP(D118,INDIRECT(H118),MATCH(E118,INDIRECT(H118&$I$1),0),FALSE)) -> 0 | H118: ="_"&C118 -> _RA | N118: 119 | O118: 0 | P118: 0 | BD118: =AI118 -> 0 | BE118: =AJ118-O118 -> 0 | BF118: =AK118-P118 -> 0 | BG118: =AL118-Q118 -> 0 | BH118: =AM118-R118 -> 0 | BI118: =AN118-S118 -> 0 | BJ118: =AO118-T118 -> 0 | BK118: =AP118-U118 -> 0 | BL118: =AQ118-V118 -> 0 | ... BV118: =BA118-AF118 -> 0 | BW118: =SUM(BE118:BV118) -> 0
A119: =A118 -> 1 | B119: =Year -> 202627 | C119: RA | D119: 75.1 | E119: 7.00 | F119: =UANumber -> 0 | G119: =IF(VLOOKUP(D119,INDIRECT(H119),MATCH(E119,INDIRECT(H119&$I$1),0),FALSE)="",0,VLOOKUP(D119,INDIRECT(H119),MATCH(E119,INDIRECT(H119&$I$1),0),FALSE)) -> 0 | H119: ="_"&C119 -> _RA | N119: 120 | O119: 0 | BD119: =AI119 -> 0 | BE119: =AJ119-O119 -> 0 | BF119: =AK119-P119 -> 0 | BG119: =AL119-Q119 -> 0 | BH119: =AM119-R119 -> 0 | BI119: =AN119-S119 -> 0 | BJ119: =AO119-T119 -> 0 | BK119: =AP119-U119 -> 0 | BL119: =AQ119-V119 -> 0 | ... BV119: =BA119-AF119 -> 0 | BW119: =SUM(BE119:BV119) -> 0
A120: =A119 -> 1 | B120: =Year -> 202627 | C120: RA | D120: 75.2 | E120: 4.00 | F120: =UANumber -> 0 | G120: =IF(VLOOKUP(D120,INDIRECT(H120),MATCH(E120,INDIRECT(H120&$I$1),0),FALSE)="",0,VLOOKUP(D120,INDIRECT(H120),MATCH(E120,INDIRECT(H120&$I$1),0),FALSE)) -> 0 | H120: ="_"&C120 -> _RA | N120: 121 | O120: 0 | BD120: =AI120 -> 0 | BE120: =AJ120-O120 -> 0 | BF120: =AK120-P120 -> 0 | BG120: =AL120-Q120 -> 0 | BH120: =AM120-R120 -> 0 | BI120: =AN120-S120 -> 0 | BJ120: =AO120-T120 -> 0 | BK120: =AP120-U120 -> 0 | BL120: =AQ120-V120 -> 0 | ... BV120: =BA120-AF120 -> 0 | BW120: =SUM(BE120:BV120) -> 0
A121: =A120 -> 1 | B121: =Year -> 202627 | C121: RA | D121: 75.2 | E121: 7.00 | F121: =UANumber -> 0 | G121: =IF(VLOOKUP(D121,INDIRECT(H121),MATCH(E121,INDIRECT(H121&$I$1),0),FALSE)="",0,VLOOKUP(D121,INDIRECT(H121),MATCH(E121,INDIRECT(H121&$I$1),0),FALSE)) -> 0 | H121: ="_"&C121 -> _RA | N121: 122 | O121: 0 | BD121: =AI121 -> 0 | BE121: =AJ121-O121 -> 0 | BF121: =AK121-P121 -> 0 | BG121: =AL121-Q121 -> 0 | BH121: =AM121-R121 -> 0 | BI121: =AN121-S121 -> 0 | BJ121: =AO121-T121 -> 0 | BK121: =AP121-U121 -> 0 | BL121: =AQ121-V121 -> 0 | ... BV121: =BA121-AF121 -> 0 | BW121: =SUM(BE121:BV121) -> 0
A122: =A121 -> 1 | B122: =Year -> 202627 | C122: RA | D122: 75.3 | E122: 4.00 | F122: =UANumber -> 0 | G122: =IF(VLOOKUP(D122,INDIRECT(H122),MATCH(E122,INDIRECT(H122&$I$1),0),FALSE)="",0,VLOOKUP(D122,INDIRECT(H122),MATCH(E122,INDIRECT(H122&$I$1),0),FALSE)) -> 0 | H122: ="_"&C122 -> _RA | N122: 123 | O122: 0 | BD122: =AI122 -> 0 | BE122: =AJ122-O122 -> 0 | BF122: =AK122-P122 -> 0 | BG122: =AL122-Q122 -> 0 | BH122: =AM122-R122 -> 0 | BI122: =AN122-S122 -> 0 | BJ122: =AO122-T122 -> 0 | BK122: =AP122-U122 -> 0 | BL122: =AQ122-V122 -> 0 | ... BV122: =BA122-AF122 -> 0 | BW122: =SUM(BE122:BV122) -> 0
A123: =A122 -> 1 | B123: =Year -> 202627 | C123: RA | D123: 75.3 | E123: 7.00 | F123: =UANumber -> 0 | G123: =IF(VLOOKUP(D123,INDIRECT(H123),MATCH(E123,INDIRECT(H123&$I$1),0),FALSE)="",0,VLOOKUP(D123,INDIRECT(H123),MATCH(E123,INDIRECT(H123&$I$1),0),FALSE)) -> 0 | H123: ="_"&C123 -> _RA | N123: 124 | O123: 0 | BD123: =AI123 -> 0 | BE123: =AJ123-O123 -> 0 | BF123: =AK123-P123 -> 0 | BG123: =AL123-Q123 -> 0 | BH123: =AM123-R123 -> 0 | BI123: =AN123-S123 -> 0 | BJ123: =AO123-T123 -> 0 | BK123: =AP123-U123 -> 0 | BL123: =AQ123-V123 -> 0 | ... BV123: =BA123-AF123 -> 0 | BW123: =SUM(BE123:BV123) -> 0
A124: =A123 -> 1 | B124: =Year -> 202627 | C124: RA | D124: 76 | E124: 4.00 | F124: =UANumber -> 0 | G124: =IF(VLOOKUP(D124,INDIRECT(H124),MATCH(E124,INDIRECT(H124&$I$1),0),FALSE)="",0,VLOOKUP(D124,INDIRECT(H124),MATCH(E124,INDIRECT(H124&$I$1),0),FALSE)) -> 0 | H124: ="_"&C124 -> _RA | N124: 125 | O124: 0 | BD124: =AI124 -> 0 | BE124: =AJ124-O124 -> 0 | BF124: =AK124-P124 -> 0 | BG124: =AL124-Q124 -> 0 | BH124: =AM124-R124 -> 0 | BI124: =AN124-S124 -> 0 | BJ124: =AO124-T124 -> 0 | BK124: =AP124-U124 -> 0 | BL124: =AQ124-V124 -> 0 | ... BV124: =BA124-AF124 -> 0 | BW124: =SUM(BE124:BV124) -> 0
A125: =A124 -> 1 | B125: =Year -> 202627 | C125: RA | D125: 76 | E125: 7.00 | F125: =UANumber -> 0 | G125: =IF(VLOOKUP(D125,INDIRECT(H125),MATCH(E125,INDIRECT(H125&$I$1),0),FALSE)="",0,VLOOKUP(D125,INDIRECT(H125),MATCH(E125,INDIRECT(H125&$I$1),0),FALSE)) -> 0 | H125: ="_"&C125 -> _RA | N125: 127 | O125: 0 | BD125: =AI125 -> 0 | BE125: =AJ125-O125 -> 0 | BF125: =AK125-P125 -> 0 | BG125: =AL125-Q125 -> 0 | BH125: =AM125-R125 -> 0 | BI125: =AN125-S125 -> 0 | BJ125: =AO125-T125 -> 0 | BK125: =AP125-U125 -> 0 | BL125: =AQ125-V125 -> 0 | ... BV125: =BA125-AF125 -> 0 | BW125: =SUM(BE125:BV125) -> 0
A126: =A125 -> 1 | B126: =Year -> 202627 | C126: RA | D126: 77 | E126: 4.00 | F126: =UANumber -> 0 | G126: =IF(VLOOKUP(D126,INDIRECT(H126),MATCH(E126,INDIRECT(H126&$I$1),0),FALSE)="",0,VLOOKUP(D126,INDIRECT(H126),MATCH(E126,INDIRECT(H126&$I$1),0),FALSE)) -> 0 | H126: ="_"&C126 -> _RA | N126: 128 | O126: 0 | BD126: =AI126 -> 0 | BE126: =AJ126-O126 -> 0 | BF126: =AK126-P126 -> 0 | BG126: =AL126-Q126 -> 0 | BH126: =AM126-R126 -> 0 | BI126: =AN126-S126 -> 0 | BJ126: =AO126-T126 -> 0 | BK126: =AP126-U126 -> 0 | BL126: =AQ126-V126 -> 0 | ... BV126: =BA126-AF126 -> 0 | BW126: =SUM(BE126:BV126) -> 0
A127: =A126 -> 1 | B127: =Year -> 202627 | C127: RA | D127: 77 | E127: 7.00 | F127: =UANumber -> 0 | G127: =IF(VLOOKUP(D127,INDIRECT(H127),MATCH(E127,INDIRECT(H127&$I$1),0),FALSE)="",0,VLOOKUP(D127,INDIRECT(H127),MATCH(E127,INDIRECT(H127&$I$1),0),FALSE)) -> 0 | H127: ="_"&C127 -> _RA | N127: 129 | O127: 0 | BD127: =AI127 -> 0 | BE127: =AJ127-O127 -> 0 | BF127: =AK127-P127 -> 0 | BG127: =AL127-Q127 -> 0 | BH127: =AM127-R127 -> 0 | BI127: =AN127-S127 -> 0 | BJ127: =AO127-T127 -> 0 | BK127: =AP127-U127 -> 0 | BL127: =AQ127-V127 -> 0 | ... BV127: =BA127-AF127 -> 0 | BW127: =SUM(BE127:BV127) -> 0
A128: =A127 -> 1 | B128: =Year -> 202627 | C128: RA | D128: 78 | E128: 4.00 | F128: =UANumber -> 0 | G128: =IF(VLOOKUP(D128,INDIRECT(H128),MATCH(E128,INDIRECT(H128&$I$1),0),FALSE)="",0,VLOOKUP(D128,INDIRECT(H128),MATCH(E128,INDIRECT(H128&$I$1),0),FALSE)) -> 0 | H128: ="_"&C128 -> _RA | N128: 130 | O128: 0 | BD128: =AI128 -> 0 | BE128: =AJ128-O128 -> 0 | BF128: =AK128-P128 -> 0 | BG128: =AL128-Q128 -> 0 | BH128: =AM128-R128 -> 0 | BI128: =AN128-S128 -> 0 | BJ128: =AO128-T128 -> 0 | BK128: =AP128-U128 -> 0 | BL128: =AQ128-V128 -> 0 | ... BV128: =BA128-AF128 -> 0 | BW128: =SUM(BE128:BV128) -> 0
A129: =A128 -> 1 | B129: =Year -> 202627 | C129: RA | D129: 78 | E129: 7.00 | F129: =UANumber -> 0 | G129: =IF(VLOOKUP(D129,INDIRECT(H129),MATCH(E129,INDIRECT(H129&$I$1),0),FALSE)="",0,VLOOKUP(D129,INDIRECT(H129),MATCH(E129,INDIRECT(H129&$I$1),0),FALSE)) -> 0 | H129: ="_"&C129 -> _RA | N129: 131 | O129: 0 | BD129: =AI129 -> 0 | BE129: =AJ129-O129 -> 0 | BF129: =AK129-P129 -> 0 | BG129: =AL129-Q129 -> 0 | BH129: =AM129-R129 -> 0 | BI129: =AN129-S129 -> 0 | BJ129: =AO129-T129 -> 0 | BK129: =AP129-U129 -> 0 | BL129: =AQ129-V129 -> 0 | ... BV129: =BA129-AF129 -> 0 | BW129: =SUM(BE129:BV129) -> 0
A130: =A129 -> 1 | B130: =Year -> 202627 | C130: RA | D130: 79 | E130: 4.00 | F130: =UANumber -> 0 | G130: =IF(VLOOKUP(D130,INDIRECT(H130),MATCH(E130,INDIRECT(H130&$I$1),0),FALSE)="",0,VLOOKUP(D130,INDIRECT(H130),MATCH(E130,INDIRECT(H130&$I$1),0),FALSE)) -> 0 | H130: ="_"&C130 -> _RA | N130: 132 | O130: 0 | BD130: =AI130 -> 0 | BE130: =AJ130-O130 -> 0 | BF130: =AK130-P130 -> 0 | BG130: =AL130-Q130 -> 0 | BH130: =AM130-R130 -> 0 | BI130: =AN130-S130 -> 0 | BJ130: =AO130-T130 -> 0 | BK130: =AP130-U130 -> 0 | BL130: =AQ130-V130 -> 0 | ... BV130: =BA130-AF130 -> 0 | BW130: =SUM(BE130:BV130) -> 0
... A149: =A148 -> 1 | B149: =Year -> 202627 | C149: RA | D149: 91 | E149: 7.00 | F149: =UANumber -> 0 | G149: =IF(VLOOKUP(D149,INDIRECT(H149),MATCH(E149,INDIRECT(H149&$I$1),0),FALSE)="",0,VLOOKUP(D149,INDIRECT(H149),MATCH(E149,INDIRECT(H149&$I$1),0),FALSE)) -> 0 | H149: ="_"&C149 -> _RA | N149: 153 | O149: 0 | BD149: =AI149 -> 0 | BE149: =AJ149-O149 -> 0 | BF149: =AK149-P149 -> 0 | BG149: =AL149-Q149 -> 0 | BH149: =AM149-R149 -> 0 | BI149: =AN149-S149 -> 0 | BJ149: =AO149-T149 -> 0 | BK149: =AP149-U149 -> 0 | BL149: =AQ149-V149 -> 0 | ... BV149: =BA149-AF149 -> 0 | BW149: =SUM(BE149:BV149) -> 0
A150: =A149 -> 1 | B150: =Year -> 202627 | C150: RA | D150: 92.1 | E150: 4.00 | F150: =UANumber -> 0 | G150: =IF(VLOOKUP(D150,INDIRECT(H150),MATCH(E150,INDIRECT(H150&$I$1),0),FALSE)="",0,VLOOKUP(D150,INDIRECT(H150),MATCH(E150,INDIRECT(H150&$I$1),0),FALSE)) -> 0 | H150: ="_"&C150 -> _RA | N150: 154 | O150: 0 | Q150: 0 | BD150: =AI150 -> 0 | BE150: =AJ150-O150 -> 0 | BF150: =AK150-P150 -> 0 | BG150: =AL150-Q150 -> 0 | BH150: =AM150-R150 -> 0 | BI150: =AN150-S150 -> 0 | BJ150: =AO150-T150 -> 0 | BK150: =AP150-U150 -> 0 | BL150: =AQ150-V150 -> 0 | ... BV150: =BA150-AF150 -> 0 | BW150: =SUM(BE150:BV150) -> 0
A151: =A150 -> 1 | B151: =Year -> 202627 | C151: RA | D151: 92.1 | E151: 7.00 | F151: =UANumber -> 0 | G151: =IF(VLOOKUP(D151,INDIRECT(H151),MATCH(E151,INDIRECT(H151&$I$1),0),FALSE)="",0,VLOOKUP(D151,INDIRECT(H151),MATCH(E151,INDIRECT(H151&$I$1),0),FALSE)) -> 0 | H151: ="_"&C151 -> _RA | N151: 155 | O151: 0 | BD151: =AI151 -> 0 | BE151: =AJ151-O151 -> 0 | BF151: =AK151-P151 -> 0 | BG151: =AL151-Q151 -> 0 | BH151: =AM151-R151 -> 0 | BI151: =AN151-S151 -> 0 | BJ151: =AO151-T151 -> 0 | BK151: =AP151-U151 -> 0 | BL151: =AQ151-V151 -> 0 | ... BV151: =BA151-AF151 -> 0 | BW151: =SUM(BE151:BV151) -> 0
A152: =A151 -> 1 | B152: =Year -> 202627 | C152: RA | D152: 92.2 | E152: 4.00 | F152: =UANumber -> 0 | G152: =IF(VLOOKUP(D152,INDIRECT(H152),MATCH(E152,INDIRECT(H152&$I$1),0),FALSE)="",0,VLOOKUP(D152,INDIRECT(H152),MATCH(E152,INDIRECT(H152&$I$1),0),FALSE)) -> 0 | H152: ="_"&C152 -> _RA | N152: 156 | O152: 0 | BD152: =AI152 -> 0 | BE152: =AJ152-O152 -> 0 | BF152: =AK152-P152 -> 0 | BG152: =AL152-Q152 -> 0 | BH152: =AM152-R152 -> 0 | BI152: =AN152-S152 -> 0 | BJ152: =AO152-T152 -> 0 | BK152: =AP152-U152 -> 0 | BL152: =AQ152-V152 -> 0 | ... BV152: =BA152-AF152 -> 0 | BW152: =SUM(BE152:BV152) -> 0
A153: =A152 -> 1 | B153: =Year -> 202627 | C153: RA | D153: 92.2 | E153: 7.00 | F153: =UANumber -> 0 | G153: =IF(VLOOKUP(D153,INDIRECT(H153),MATCH(E153,INDIRECT(H153&$I$1),0),FALSE)="",0,VLOOKUP(D153,INDIRECT(H153),MATCH(E153,INDIRECT(H153&$I$1),0),FALSE)) -> 0 | H153: ="_"&C153 -> _RA | N153: 157 | O153: 0 | BD153: =AI153 -> 0 | BE153: =AJ153-O153 -> 0 | BF153: =AK153-P153 -> 0 | BG153: =AL153-Q153 -> 0 | BH153: =AM153-R153 -> 0 | BI153: =AN153-S153 -> 0 | BJ153: =AO153-T153 -> 0 | BK153: =AP153-U153 -> 0 | BL153: =AQ153-V153 -> 0 | ... BV153: =BA153-AF153 -> 0 | BW153: =SUM(BE153:BV153) -> 0
